Workbook
Name millon: #REF!
Name millon: #REF!

Sheet CONTRATOS 2016
B1: A CARGO | C1: EXPEDIENTE | D1: No PROCESO | E1: FECHA PUBLICACION PROCESO | F1: MODALIDAD | G1: CAUSAL | H1: AREA DE LA NECESIDAD | I1: OBJETO | J1: CONSECUTIVO PLAN | K1: CODIGO UNSCSP | L1: NOMBRE DE CODIGO | M1: VALOR PROCESO | N1: CDP | O1: RUBRO | P1: ETAPA | Q1: ESTADO | R1: FECHA LIQUIDACION | S1: SIRECI | T1: NOMBRE | U1: No. CONTRATO | V1: Fecha de Firma | W1: fecha de publicacion CONTRATO | X1: extemporaneidad | Y1: TIPO DE CONTRATO | Z1: TIPO DE CONTRATO | AA1: LUGAR EJECUCION DEPARTAMENTO | AB1: LUGAR EJECUCION MUNICIPIO | AC1: CONTRATISTA | AD1: IDENTIFICACION | AE1: DV | AF1: NUMERO RP | AG1: FECHA RP | AH1: VALOR HONORARIOS MENSUAL Y/O CANON | AI1: VALOR CONTRATO 2016 | AJ1: VALOR VF 2017 | AK1: VALOR VF 2018 | AL1: TOTAL CONTRATO | AM1: AMPARO | AN1: % | AO1: VIGENCIA | AP1: ASEGURADORA | AQ1: APROBACION | AR1: FECHA INICIO | AS1: FECHA DE TERMINACION | AT1: DIAS | AU1: FECHA DE TERMINACION GARANTIA | AV1: NOMBRE SUPERVISOR
B2: ALEJANDRA | D2: 45 | E2: 42569 | F2: MÍNIMA CUANTÍA | G2: MÍNIMA CUANTÍA | H2: SUBDIRECCION ADMINISTRATIVA Y FINANCIERA | I2: Contratar el mantenimiento preventivo y correctivo con suministro de repuestos originales para los vehículos multimarca que conforman el parque automotor de la unidad administrativa especial migración colombia de la regional occidente. El suministro de repuestos comprende originales u homologados nuevos, e incluye los servicios de lavado y despinche, y el servicio de expedición de tecno mecánicas, para los vehículos multimarcas, así como los vehículos marca: NISSAN, CHEVROLET, SUZUKI y TOYOTA que, por su modelo o ubicación, quedaron excluidos de los contratos monomarca. | J2: 184 | K2: 781815 | L2: Servicios de mantenimento y reparación | M2: 5750000 | N2: 37316 | O2: A-2-0-4-2-2 | P2: CELEBRADO | Q2: EJECUCIÓN | U2: 41 | V2: 42599 | W2: 42600 | X2: 0 | Y2: COMPRAVENTA | Z2: DESTRUCTORAS DE PAPEL | AA2: BOGOTÁ D.C. | AB2: REGIONAL ANDINA | AC2: LA CAMPIÑA LIMITADA | AD2: 890331560 | AE2: 2 | AF2: 154416 | AI2: 10000000 | AL2: =+AI2+AJ2 -> 10000000 | AM2: NO REQUIERE | AN2: NA | AO2: NA | AP2: NA | AS2: 42735 | AT2: 1 MES | AV2: CARLOS ALBERTO ARCHILA CABRERA
B3: ALEJANDRA | C3: 2016623140500176E | D3: 107 | E3: 42577 | F3: DIRECTA | G3: PRESTACIÓN SERVICIOS PROFESIONALES | H3: SUBDIRECCION DE TALENTO HUMANO | I3: Contratar la prestación de servicios profesioanels de acompañamiento y asesoría para la elaboración de un programa académinico de especialización en los procesos misones de Migración Colombia. | J3: 251 | K3: 861615 | L3: Servicios de apoyo gerencial | M3: 50000000 | N3: 43016 | O3: C-510-1002-1 | P3: CELEBRADO | Q3: EJECUCIÓN | U3: 124 | V3: 42628 | W3: 42629 | X3: =V3-W3 -> -1 | Y3: PRESTACIÓN DE SERVCIOS | Z3: PRESTACIÓN DE SERVICIOS PROFESIONALES Y DE APOYO A LA GESTIÓN | AA3: BOGOTÁ D.C. | AB3: BOGOTÁ D.C. | AC3: UNIVERSIDAD SERGIO ARBOLEDA | AD3: 860351894 | AE3: 3 | AF3: 173616 | AH3: 25000000 | AI3: 50000000 | AL3: =AI3+AJ3 -> 50000000 | AM3: NO REQUIERE | AN3: NA | AO3: NA | AP3: NA | AQ3: NA | AR3: 42628 | AS3: 42735 | AT3: =AS3-AR3 -> 107 | AV3: PATRICIA IDARRAGA
B4: SEBASTIAN | C4: 2016623141100017E | D4: 49 | E4: 42573 | F4: MÍNIMA CUANTÍA | G4: MÍNIMA CUANTÍA | H4: SUBDIRECCION ADMINISTRATIVA Y FINANCIERA | I4: Contratar el suministro de elementos para archivo, tintas y toner no incluido en el acuerdo marco de precios. | J4: 204 | K4: 441031 | L4: Suministros para impresora, fax y fotocopiadora | M4: 31000000 | N4: 18416 | O4: A-2-0-4-4-15 | P4: CELEBRADO | Q4: EJECUCIÓN | U4: 42 | W4: 42605 | X4: 0 | Y4: SUMINISTRO | Z4: TINTAS Y TONER | AA4: NACIONAL | AB4: NACIONAL | AC4: SERVIEQUIPOS Y SUMINISTROS S.A.S. | AD4: 830136314 | AE4: 3 | AF4: 156316 | AI4: 31000000 | AL4: =+AI4+AJ4 -> 31000000 | AM4: NO REQUIERE | AN4: NA | AO4: NA | AP4: NA | AQ4: NA | AR4: 42606 | AS4: 42735 | AT4: =AS4-AR4 -> 129 | AV4: NATHALIA CORTES MAYA
B5: CAMILA | C5: 2016623140300031E | D5: 50 | E5: 42580 | F5: MÍNIMA CUANTÍA | G5: MÍNIMA CUANTÍA | H5: SUBDIRECCION ADMINISTRATIVA Y FINANCIERA | I5: Contratar la adquisición de mobiliario para dotación de las áreas administrativas de Paraguachón y Leticia. | J5: 275 | K5: 56101708 56101504 | L5: Archivadores Asiento | M5: 10000000 | N5: 43416 | O5: A-2-0-4-2-2 | P5: CELEBRADO | Q5: EJECUCIÓN | U5: 40 | V5: 42600 | W5: 42600 | X5: 0 | Y5: COMPRAVENTA | Z5: ARCHIVADORES | AA5: BOGOTÁ D.C. | AB5: BOGOTÁ D.C. | AC5: ARCHIVO TOTAL LTDA. | AD5: 800158705 | AE5: 5 | AF5: 155216 | AI5: 7500560 | AL5: =+AI5+AJ5 -> 7500560 | AM5: NO REQUIERE | AN5: NA | AO5: NA | AP5: NA | AQ5: NA | AR5: 42600 | AS5: 42630 | AT5: =AS5-AR5 -> 30 | AV5: FRANK DANIEL RAMOS CHAPARRO
B6: SEBASTIAN | C6: 2016623140400004E | D6: 3 | E6: 42579 | F6: SELECCIÓN ABREVIADA | G6: MENOR CUANTIA | H6: SUBDIRECCION ADMINISTRATIVA Y FINANCIERA | I6: Contratar las obras tendientes al reforzamiento estructural de la sede de la Regional San Andres. | J6: 133 | K6: 721015 721540 721529 721527 | L6: Servicios de apoyo para la construcción Servicios de edificios especializados Servicios de montaje de acero especializado Servicios de instalación y repración de concreto | M6: 199914339 | N6: 43616 | O6: C-113-1002-1 | P6: CELEBRADO | Q6: EJECUCIÓN | U6: 126 | V6: 42635 | W6: 42635 | X6: 0 | Y6: OBRA | Z6: OBRA | AA6: SAN ANDRES | AB6: SAN ANDRES | AC6: ING ARANGO CIA SAS SAI | AD6: 900051227 | AE6: 8 | AF6: 187816 | AI6: 195170950 | AL6: =+AI6+AJ6 -> 195170950 | AM6: CUMPLIMIENTO; SALARIOS; ESTABILIDAD Y CALIDAD DE LA OBRA; RES EXTRACONTRACTUAL | AN6: 20%; 10%; 20%; 20 SMMLV | AO6: NA | AP6: NA | AQ6: NA | AR6: 42636 | AS6: 42726 | AT6: =AS6-AR6 -> 90 | AV6: FRANK DANIEL RAMOS CHAPARRO
B7: CAROLINA | C7: 2016623140300029E | D7: 18 | E7: 42578 | F7: SELECCIÓN ABREVIADA | G7: SUBASTA | H7: TECNOLOGIAS DE LA INFORMACION | I7: Adquirir equipos de conectividad switches y herramienta de administración, de acuerdo con las especificaciones técnicas requeridas por la Unidad Administrativa Especial Migración Colombia. | J7: 35 | K7: 432225 432226 811118 432217 432218 | L7: Equipo de seguridad de red Equipo de servicio de red Servicios de sistemas y administración de componentes y sistemas Equipo fijo de red y componentes Dispositivos de red ótica | M7: 289978812 | N7: 43916 | O7: C-223-1002-1 | P7: CELEBRADO | Q7: EJECUCIÓN | U7: 123 | V7: 42626 | W7: 42627 | X7: 0 | Y7: COMPRAVENTA | Z7: EQUIPOS DE COMUNICACIÓN | AA7: BOGOTÁ D.C. | AB7: BOGOTÁ D.C. | AC7: BOYRA S.A | AD7: 830100010 | AE7: 4 | AF7: 171216 | AH7: 0 | AI7: 288978813 | AL7: =+AI7+AJ7 -> 288978813 | AM7: CUMPLIMIENTO; SALARIOS; CALID SERVICIO; | AN7: 20%; 10%; 20%; | AT7: 3 MESES | AV7: CARLOS FREDDY CRUZ
B8: CLAUDIA A. | C8: 2016623140100016E | D8: 109 | E8: 42608 | F8: DIRECTA | G8: ARRENDAMIENTO | H8: SUBDIRECCION ADMINISTRATIVA Y FINANCIERA | I8: Contratar el arrendamiento de un inmueble en el Municipio de Puerto Santander (Norte de Santander) ubicado en la Cra. 4 # 5-63 Barrio La Punta, con matrícula inmobiliaria Nº 260-164025 y código catastral 010000160011000 de la Oficina de Registro de Instrumentos Públicos de Cúcuta, cuyos linderos y características se encuentran descritos en la Escritura Pública Nº 2.922 del 19 de Septiembre de 1996 según documentos expedidos por la Notaria 6 de la Ciudad de Cúcuta. | J8: 278 | K8: 801315 | L8: Alquiler o arrendamiento de propiedades o edificaciones | M8: 1876959 | N8: 48916 | O8: A-2-0-2-10-2 | P8: CELEBRADO | Q8: EJECUCIÓN | U8: 122 | V8: 42615 | W8: 42620 | X8: =V8-W8 -> -5 | Y8: ARRENDAMIENTO | Z8: ARRENDAMIENTO | AA8: NORTE DE SANTANDER | AB8: CUCUTA | AC8: EVA MARIA GARCIA GARCIA | AD8: 60357697 | AF8: 166516 | AI8: 1668408 | AL8: =AI8+AJ8 -> 1668408 | AM8: NO REQUIERE | AN8: NA | AO8: NA | AP8: NA | AQ8: NA | AR8: 42615 | AS8: 42735 | AT8: =AS8-AR8 -> 120 | AV8: SERGIO ANDRES BLANCO
B9: ALEJANDRA | C9: 2016623140500180E | D9: 110 | E9: 42612 | F9: DIRECTA | G9: PRESTACIÓN SERVICIOS PROFESIONALES | H9: SUBDIRECCION DE VERIFICACIONES | I9: Contratar la prestación de servicios profesionales para apoyar la construcción de una política pública para la subdirección de verificaciones, de acuerdo con las condiciones señaladas y especificaciones técnicas descritas en los Estudios Previos y la propuesta presentada por EL CONTRATISTA. | J9: 240 | K9: 801015 | L9: Servicios de consultoría de negocios y administración corporativa | M9: 40000000 | N9: 49216 | O9: C-520-1002-1 | P9: SOLICITUD PROPUESTA | Q9: SOLICITUD PROPUESTA | U9: 127 | V9: 42641 | W9: 42641 | X9: =V9-W9 -> 0 | Y9: PRESTACIÓN DE SERVICIOS | Z9: PRESTACIÓN DE SERVICIOS | AA9: BOGOTÁ D.C. | AB9: BOGOTÁ D.C. | AC9: CLEMENCIA RAMÍREZ HERRERA | AD9: 21070040 | AF9: 194116 | AH9: 10000000 | AI9: 40000000 | AL9: =AI9+AJ9 -> 40000000 | AM9: NO REQUIERE | AN9: NA | AO9: NA | AP9: NA | AQ9: NA | AR9: 42641 | AS9: 42735 | AT9: =AS9-AR9 -> 94 | AV9: JOSE GABRIEL JIMÉNEZ RINCON
B10: SEBASTIAN | C10: 2016623140500185E | D10: 112 | E10: 42626 | F10: DIRECTA | G10: PRESTACIÓN SERVICIOS PROFESIONALES | H10: SUBDIRECCIÓN DE CONTROL MIGRATORIO | I10: Contratar la prestación de servicios profesionales para apoyar a la Subdirección de Control Migratorio, en el desarrollo de procesos liderados por esta dependencia, de acuerdo con las condiciones señaladas y especificaciones técnicas descritas en los Estudios Previos y la Propuesta presentada por el contratista | J10: 282 | K10: 801116 | L10: Servicios de personal temporal | M10: 5000000 | N10: 51516 | O10: A-1-0-2-14 | P10: CELEBRADO | Q10: EJECUCIÓN | U10: 125 | V10: 42628 | W10: 42632 | X10: =V10-W10 -> -4 | Y10: PRESTACIÓN DE SERVICIOS | Z10: PRESTACIÓN DE SERVICIOS | AA10: BOGOTÁ D.C. | AB10: BOGOTÁ D.C. | AC10: ROBINSON VALENCIA GIRALDO | AD10: 75035031 | AF10: 173716 | AH10: 2500000 | AI10: 5000000 | AL10: =AI10+AJ10 -> 5000000 | AM10: NO REQUIERE | AN10: NA | AO10: NA | AP10: NA | AQ10: NA | AR10: 42629 | AS10: 42689 | AT10: =AS10-AR10 -> 60 | AV10: HUBERTO VELASQUEZ ARDILA
B11: CAMILA | C11: 2016623140500181E | D11: 20 | E11: 42611 | F11: SELECCIÓN ABREVIADA | G11: SUBASTA | H11: TECNOLOGIAS DE LA INFORMACION | I11: Contratar la renovación, actualización, licenciamiento y soporte técnico de la solución de firewall, de conformidad con las especificaciones de la Unidad Administrativa Migración Colombia. | J11: 39 | K11: 432225 | L11: Equipo de seguridad de red | M11: 149994926 | N11: 49116 | O11: C-223-1002-1 | P11: CONVOCADO | Q11: PROYECTO DE PLIEGO | X11: 0 | Y11: COMPRAVENTA | Z11: RENOVACIÓN LICENCIAMIENTO | AA11: BOGOTÁ D.C. | AB11: BOGOTÁ D.C. | AH11: 0 | AL11: =+AI11+AJ11 -> 0 | AM11: CUMPLIMIENTO; SALARIOS; CALIDAD SERVICIOS | AN11: 20%; 10%; 20%; | AT11: 30 DÍAS
B12: CAMILA | C12: 2016623140400007E | D12: 5 | E12: 42642 | F12: SELECCIÓN ABREVIADA | G12: MENOR CUANTIA | H12: TECNOLOGIAS DE LA INFORMACION | I12: Contratar obras para la adecuación de la infraestructura física del puesto de control migratorio marítimo – PCMM localizado en el municipio de Tumaco - Nariño. | J12: 104 | K12: 721015 721211 721515 721519 | L12: Servicios de apoyo a la contrucción. Servicios de construcción de edificios generales y de oficina. Servicios de sistemas eléctricos Servicios de albañilería y mampostería. | M12: 209993378 | N12: 54516 | O12: C-113-1002-1 | P12: CONVOCADO | Q12: PROYECTO DE PLIEGO | X12: 0 | Y12: OBRA | Z12: OBRRA | AA12: TUMACO | AB12: NARIÑO | AH12: 0 | AL12: =+AI12+AJ12 -> 0 | AM12: CUMPLIMIENTO; SALARIOS; ESTALIBILIDAD OBRA; RESPONSABILIDAD CIVIL EXTRACONTRACTUAL | AN12: 20%; 10%; 20%; 200 SMMLV | AS12: 42733 | AT12: =AS12-AR12 -> 42733
B13: CAROLINA | C13: 2016623140300037E | D13: 51 | E13: 42640 | F13: MÍNIMA CUANTÍA | G13: MÍNIMA CUANTÍA | H13: TECNOLOGIAS DE LA INFORMACION | I13: Adquirir la suscripción de licenciamiento del Software Adobe Creative Cloud, incluido soporte, de conformidad con las especificaciones técnicas de la Unidad Administrativa Especial Migración Colombia | J13: 287 | K13: 432321 | L13: Software de edición y creación de contenidos | M13: 15000000 | N13: 54216 | O13: C-223-1002-1 | P13: CONVOCADO | Q13: INVITACIÓN PÚBLICA | X13: 0 | Y13: COMPRAVENTA | Z13: LICENCIA Y SOPORTE | AA13: BOGOTÁ D.C. | AB13: BOGOTÁ D.C. | AL13: =+AI13+AJ13 -> 0 | AM13: NO REQUIERE | AN13: NA | AO13: NA | AP13: NA | AQ13: NA | AT13: =AS13-AR13 -> 0
B14: DANIELA | C14: 2016623140500186E | D14: 113 | E14: 42627 | F14: DIRECTA | G14: PRESTACIÓN SERVICIOS PROFESIONALES | H14: OFICINA DE COMUNICACIONES | I14: Contratar la suscripción al periódico La República, con destino a diferentes dependencias de la Unidad Administrativa Especial Migración Colombia. | J14: 169 | K14: 821119 | L14: Servicios de noticias y publicidad | M14: 280000 | N14: 51416 | O14: A-2-0-4-7-5 | P14: CELEBRADO | Q14: EJECUCIÓN | U14: 130 | V14: 42646 | W14: 42646 | X14: =V14-W14 -> 0 | Y14: PRESTACIÓN DE SERVICIOS | Z14: SUSCRIPCIÓN PERIODICO | AA14: BOGOTÁ D.C. | AB14: BOGOTÁ D.C. | AC14: EIDTORIAL EL GLOBO S.A. | AD14: 860009759 | AE14: 2 | AF14: 197016 | AI14: 280000 | AL14: =AI14+AJ14 -> 280000 | AM14: NO REQUIERE | AN14: NA | AO14: NA | AP14: NA | AQ14: NA | AR14: 42646 | AS14: 43010 | AT14: =AS14-AR14 -> 364 | AV14: JUAN MANUEL CAICEDO CARDONA
B15: ALEJANDRA | C15: 2016623140500184E | D15: 114 | E15: 42628 | F15: DIRECTA | G15: PRESTACIÓN SERVICIOS PROFESIONALES | H15: SUBDIRECCIÓN DE EXTRANJERÍA | I15: Prestación de servicios profesionales a la Subdirección de Extranjería consistentes en la definición, formulación e implementación de controles relacionados con la seguridad de la información de Migración Colombia, de acuerdo a las condiciones y especificaciones técnicas descritas en los Estudios Previos y a la Propuesta presentada por EL CONTRATISTA. | J15: 169 | K15: 801116 | L15: Servicios de personal temporal | M15: 18000000 | N15: 46716 | O15: C-520-1002-1 | P15: CELEBRADO | Q15: EJECUCIÓN | U15: 129 | V15: 42646 | W15: 42646 | X15: =V15-W15 -> 0 | Y15: PRESTACIÓN DE SERVICIOS PROFESIONALES | Z15: PRESTACIÓN DE SERVICIOS PROFESIONALES | AA15: BOGOTÁ D.C. | AB15: BOGOTÁ D.C. | AC15: JOSÉ MANUEL PIRATOBA LEMUS | AD15: 79051776 | AF15: 196916 | AH15: 4250000 | AI15: 18000000 | AL15: =AI15+AJ15 -> 18000000 | AM15: NO REQUIERE | AN15: NA | AO15: NA | AP15: NA | AQ15: NA | AR15: 42646 | AS15: 42735 | AT15: =AS15-AR15 -> 89 | AV15: GLORIA ELSA LEON PERDOMO
B16: DANIELA | C16: 2016623140300036E | D16: 115 | E16: 42639 | F16: DIRECTA | G16: EXCLUSIVIDAD | H16: TECNOLOGIAS DE LA INFORMACION | I16: Contratar la extensión de la garantía para las lectoras 3M Modelo AT9000 y actualización del software AssureID, que contempla mantenimiento preventivo, correctivo, suministro de repuestos y soporte, de conformidad con el cuadro de cantidades y especificaciones de la Unidad Administrativa Especial Migración Colombia. | J16: 41 | K16: 432117 | L16: Dispositivos informáticos de entrada de datos | M16: 18000000 | N16: 46716 | O16: C-520-1002-1 | P16: CONVOCADO | Q16: SOLICITUD DE PROPUESTA | X16: =V16-W16 -> 0 | Y16: COMPRAVENTA | Z16: COMPRAVENTA EQUIPOS | AA16: BOGOTÁ D.C. | AB16: BOGOTÁ D.C. | AC16: 3M COLOMBIA S.A. | AL16: =AI16+AJ16 -> 0 | AM16: CUMPLIMIENTO 20%; SALARIOS 10%; CALIDA SERVICIO 20% | AN16: NA | AO16: NA | AP16: NA | AQ16: NA | AT16: 30 DÍAS CALENDARIO | AV16: ALEX FERNEY HINCAPIE NUÑEZ

Sheet Hoja3
B5: TOTAL PROCESOS PROGRAMADOS PLAN DE ADQUISICIONES: | H5: 268 | I5: VERSIÓN 12 DEL 1-6-2016 | M5: =SUM([1]pabs!$I$6:$I$273) -> 3.5470691e+10
B7: ACUERDOS MARCO DE PRECIO+AGREGACIÓN X DEMANDA Y GRANDES SUPERFICIES | K7: 40 | L7: 5852496184 | N7: 100 | P7: =L17/L7 -> 0.55865794
B8: SELECCIÓN ABREVIADA (BOLSA MERCANTIL+MENOR CUANTÍA+SUBASTA INVERSA) | K8: 30 | L8: 6149340866 | N8: 100 | P8: =L18/L8 -> 0.46180095
B9: CONCURSO DE MÉRITOS | K9: 1 | L9: 108546000 | N9: 100 | P9: =L19/L9 -> 0
B10: CONTRATACIÓN DIRECTA | K10: 115 | L10: 8192415658 | N10: 100 | P10: =L20/L10 -> 0.71139047
B11: LICITACIÓN | K11: 5 | L11: 14872357424 | N11: 100 | P11: =L21/L11 -> #REF!
B12: MÍNIMA CUANTÍA | K12: 51 | L12: 565329645 | N12: 100 | P12: =L22/L12 -> 0.56394346
B13: RETIRADO | K13: 29 | L13: 0 | M13: =SUM(L7:L13) -> 35740485777 | N13: 100
B14: SUSPENDIDOS | K14: 2 | L14: 0
K15: =SUM(K7:K14) -> 273 | M15: =M13*50% -> 1.7870243e+10 | P15: =L24/M13 -> #REF!
B17: ACUERDOS MARCO DE PRECIO+AGREGACIÓN X DEMANDA Y GRANDES SUPERFICIES | K17: 21 | L17: 3269543449 | M17: =((L17*N7)/L7) -> 55.865794 | N17: =K7-K17 -> 19 | O17: =L7-L17 -> 2582952735 | P17: =((O17*N7)/L7) -> 44.134206
B18: SELECCIÓN ABREVIADA (BOLSA MERCANTIL+MENOR CUANTÍA+SUBASTA INVERSA) | K18: 15 | L18: 2839771449 | M18: =((L18*N8)/L8) -> 46.180095 | N18: =K8-K18 -> 15 | O18: =L8-L18 -> 3309569417 | P18: =((O18*N8)/L8) -> 53.819905
B19: CONCURSO DE MÉRITOS | K19: 0 | L19: 0 | M19: =((L19*N9)/L9) -> 0 | N19: =K9-K19 -> 1 | O19: =L9-L19 -> 108546000 | P19: =((O19*N9)/L9) -> 100
B20: CONTRATACIÓN DIRECTA | K20: 86 | L20: 5828006451 | M20: =((L20*N10)/L10) -> 71.139047 | N20: =K10-K20 -> 29 | O20: =L10-L20 -> 2364409207 | P20: =((O20*N10)/L10) -> 28.860953
B21: LICITACIÓN | K21: 3 | L21: =1069118500+'CONTRATOS 2016'!#REF! -> #REF! | M21: =((L21*N11)/L11) -> #REF! | N21: =K11-K21 -> 2 | O21: =L11-L21 -> #REF! | P21: =((O21*N11)/L11) -> #REF!
B22: MÍNIMA CUANTÍA | K22: 36 | L22: 3.1881396e+08 | M22: =((L22*N12)/L12) -> 56.394346 | N22: =K12-K22 -> 15 | O22: =L12-L22 -> 2.4651569e+08 | P22: =((O22*N12)/L12) -> 43.605654
B23: DESIERTOS | K23: 10 | L23: 0
I24: 2.2825547e+10 | K24: =SUM(K17:K23) -> 171 | L24: =SUM(L17:L23) -> #REF! | N24: =SUM(N17:N22) -> 81 | O24: =SUM(O17:O22) -> #REF!
I25: =1069118500 -> 1069118500 | M25: =((L24*N13)/M13) -> #REF!
I26: =I24-L24 -> #REF! | L26: =L24/M13 -> #REF! | O26: =L24+O24 -> #REF!
M27: =M15-L24 -> #REF!
M28: 4700974086
B29: TOTAL CONTRATOS: | H29: 100 | I29: CON LA ORDEN DE SERVICIO DE ELECTRICARIBE
B30: CONTRATACIÓN DIRECTA | H30: 83
B31: CONTRATO DE ELECTRICARIBE | H31: 1
B32: LICITACIÓN PÚBLICA | H32: 2
B33: SELECCIÓN ABREVIADA | H33: 14
B34: ORDENES DE COMPRA | H34: 20
H35: =SUM(H30:H34) -> 120
B37: ACEPTACIONES DE OFERTA
B39: MÍNIMA CUANTÍA: | H39: 26

Sheet SUPERVISIONES 2015
A1: SUPERVISIONES | D1: CONTRATOS
A2: NOMBRE | B2: CEDULA | D2: No | E2: VALOR
A3: ABELARDO ALFREDO GOMEZ MENDEZ | B3: 76316134 | C3: PUESTO DE CONTROL MIGRATORIO MARÍTIMO BUENAVENTURA | D3: =COUNTIFS('CONTRATOS 2016'!AV:AV,A3,'CONTRATOS 2016'!$AI:AI,">=1") -> 0 | E3: =SUMIFS('CONTRATOS 2016'!$AI:AI,'CONTRATOS 2016'!$AV:AV,A3) -> 0
A4: ADIELA DEL CARMEN BENITEZ CHARRIA | B4: 51574674 | C4: OFICINA DE TECNOLOGÍA DE LA INFORMACIÓN | D4: =COUNTIFS('CONTRATOS 2016'!AV:AV,A4,'CONTRATOS 2016'!$AI:AI,">=1") -> 0 | E4: =SUMIFS('CONTRATOS 2016'!$AI:AI,'CONTRATOS 2016'!$AV:AV,A4) -> 0
A5: ADOLFO DE JESUS VEGA GOMEZ | B5: 74320636 | C5: GRUPO FINANCIERO | D5: =COUNTIFS('CONTRATOS 2016'!AV:AV,A5,'CONTRATOS 2016'!$AI:AI,">=1") -> 0 | E5: =SUMIFS('CONTRATOS 2016'!$AI:AI,'CONTRATOS 2016'!$AV:AV,A5) -> 0
A6: ADOLFO GONZALEZ VILLAR | B6: 79340365 | C6: GRUPO DE VERIFICACIONES MIGRATORIAS REGIONAL ANDINA | D6: =COUNTIFS('CONTRATOS 2016'!AV:AV,A6,'CONTRATOS 2016'!$AI:AI,">=1") -> 0 | E6: =SUMIFS('CONTRATOS 2016'!$AI:AI,'CONTRATOS 2016'!$AV:AV,A6) -> 0
A7: ADONIO DAZA VELANDIA | B7: 79705370 | C7: GRUPO DE EXTRANJERÍA REGIONAL ANDINA | D7: =COUNTIFS('CONTRATOS 2016'!AV:AV,A7,'CONTRATOS 2016'!$AI:AI,">=1") -> 0 | E7: =SUMIFS('CONTRATOS 2016'!$AI:AI,'CONTRATOS 2016'!$AV:AV,A7) -> 0
A8: ADRIANA ISABEL MONCADA CARVAJAL | B8: 1024495295 | C8: PUESTO DE CONTROL MIGRATORIO AÉREO EL DORADO | D8: =COUNTIFS('CONTRATOS 2016'!AV:AV,A8,'CONTRATOS 2016'!$AI:AI,">=1") -> 0 | E8: =SUMIFS('CONTRATOS 2016'!$AI:AI,'CONTRATOS 2016'!$AV:AV,A8) -> 0
A9: ADRIANA MARCELA HINOJOSA CASTAÑEDA | B9: 68296543 | C9: PUESTO DE CONTROL MIGRATORIO TERRESTRE ARAUCA | D9: =COUNTIFS('CONTRATOS 2016'!AV:AV,A9,'CONTRATOS 2016'!$AI:AI,">=1") -> 0 | E9: =SUMIFS('CONTRATOS 2016'!$AI:AI,'CONTRATOS 2016'!$AV:AV,A9) -> 0
A10: ADRIANA MERCEDES RODRIGUEZ VILLATE | B10: 52993820 | C10: OFICINA ASESORA JURÍDICA | D10: =COUNTIFS('CONTRATOS 2016'!AV:AV,A10,'CONTRATOS 2016'!$AI:AI,">=1") -> 0 | E10: =SUMIFS('CONTRATOS 2016'!$AI:AI,'CONTRATOS 2016'!$AV:AV,A10) -> 0
A11: ADRIANA PAOLA CUERVO PULIDO | B11: 52934097 | C11: PUESTO DE CONTROL MIGRATORIO AÉREO EL DORADO | D11: =COUNTIFS('CONTRATOS 2016'!AV:AV,A11,'CONTRATOS 2016'!$AI:AI,">=1") -> 0 | E11: =SUMIFS('CONTRATOS 2016'!$AI:AI,'CONTRATOS 2016'!$AV:AV,A11) -> 0
A12: AIDA LORENA TELLO LOPEZ | B12: 27082113 | C12: GRUPO DE EXTRANJERÍA REGIONAL OCCIDENTE | D12: =COUNTIFS('CONTRATOS 2016'!AV:AV,A12,'CONTRATOS 2016'!$AI:AI,">=1") -> 0 | E12: =SUMIFS('CONTRATOS 2016'!$AI:AI,'CONTRATOS 2016'!$AV:AV,A12) -> 0
A13: AIDA MILENA PEREZ AROSEMENA | B13: 31164881 | C13: GRUPO DE VERIFICACIONES MIGRATORIAS REGIONAL OCCIDENTE | D13: =COUNTIFS('CONTRATOS 2016'!AV:AV,A13,'CONTRATOS 2016'!$AI:AI,">=1") -> 0 | E13: =SUMIFS('CONTRATOS 2016'!$AI:AI,'CONTRATOS 2016'!$AV:AV,A13) -> 0
A14: ALBA LUCIA CRUZ RODRIGUEZ | B14: 35492456 | C14: GRUPO ADMINISTRATIVO | D14: =COUNTIFS('CONTRATOS 2016'!AV:AV,A14,'CONTRATOS 2016'!$AI:AI,">=1") -> 0 | E14: =SUMIFS('CONTRATOS 2016'!$AI:AI,'CONTRATOS 2016'!$AV:AV,A14) -> 0
... A200: CRISTIAN FIGUEROA BARRERA | B200: 73191311 | C200: CENTRO FACILITADOR DE SERVICIOS MIGRATORIOS VALLEDUPAR | D200: =COUNTIFS('CONTRATOS 2016'!AV:AV,A200,'CONTRATOS 2016'!$AI:AI,">=1") -> 0 | E200: =SUMIFS('CONTRATOS 2016'!$AI:AI,'CONTRATOS 2016'!$AV:AV,A200) -> 0
A201: CRISTIAN YESID TORRES GUERRERO | B201: 80829521 | C201: GRUPO DE ADMINISTRACIÓN DE PERSONAL, SELECCIÓN E INCORPORACIÓN | D201: 46 | E201: =SUMIFS('CONTRATOS 2016'!$AI:AI,'CONTRATOS 2016'!$AV:AV,A201) -> 0 | AU201: TAMARA CABEZA PACHECO
A202: CRISTIAN YESID TORRES GUERRERO | B202: DANIELA | C202: GRUPO DE ADMINISTRACIÓN DE PERSONAL, SELECCIÓN E INCORPORACIÓN | D202: 47 | E202: =SUMIFS('CONTRATOS 2016'!$AI:AI,'CONTRATOS 2016'!$AV:AV,A202) -> 0 | AU202: TAMARA CABEZA PACHECO
A203: CYNTHIA PAOLA ATENCIO GUERRERO | B203: 1140834533 | C203: PUESTO DE CONTROL MIGRATORIO TERRESTRE PARAGUACHON | D203: =COUNTIFS('CONTRATOS 2016'!AV:AV,A203,'CONTRATOS 2016'!$AI:AI,">=1") -> 0 | E203: =SUMIFS('CONTRATOS 2016'!$AI:AI,'CONTRATOS 2016'!$AV:AV,A203) -> 0
A204: DAGOBERTO BELTRAN VARGAS | B204: 12206151 | C204: SECRETARIA GENERAL | D204: =COUNTIFS('CONTRATOS 2016'!AV:AV,A204,'CONTRATOS 2016'!$AI:AI,">=1") -> 0 | E204: =SUMIFS('CONTRATOS 2016'!$AI:AI,'CONTRATOS 2016'!$AV:AV,A204) -> 0
A205: DALGEN CONSTANZA GOMEZ RUBIO | B205: 20904306 | C205: DESPACHO DIRECTOR REGIONAL ORINOQUIA | D205: =COUNTIFS('CONTRATOS 2016'!AV:AV,A205,'CONTRATOS 2016'!$AI:AI,">=1") -> 0 | E205: =SUMIFS('CONTRATOS 2016'!$AI:AI,'CONTRATOS 2016'!$AV:AV,A205) -> 0
A206: DANIEL ALEJANDRO CARO VALERO | B206: 1032361758 | C206: PUESTO DE CONTROL MIGRATORIO AÉREO EL DORADO | D206: =COUNTIFS('CONTRATOS 2016'!AV:AV,A206,'CONTRATOS 2016'!$AI:AI,">=1") -> 0 | E206: =SUMIFS('CONTRATOS 2016'!$AI:AI,'CONTRATOS 2016'!$AV:AV,A206) -> 0
A207: DANIEL ALEJANDRO MENDOZA JIMENEZ | B207: 1013623463 | C207: PUESTO DE CONTROL MIGRATORIO AÉREO EL DORADO | D207: =COUNTIFS('CONTRATOS 2016'!AV:AV,A207,'CONTRATOS 2016'!$AI:AI,">=1") -> 0 | E207: =SUMIFS('CONTRATOS 2016'!$AI:AI,'CONTRATOS 2016'!$AV:AV,A207) -> 0
A208: DANIEL ALEXANDER PIRIZ TORRES | B208: 88227029 | C208: CENTRO FACILITADOR DE SERVICIOS MIGRATORIOS RIOHACHA | D208: =COUNTIFS('CONTRATOS 2016'!AV:AV,A208,'CONTRATOS 2016'!$AI:AI,">=1") -> 0 | E208: =SUMIFS('CONTRATOS 2016'!$AI:AI,'CONTRATOS 2016'!$AV:AV,A208) -> 0
A209: DANIEL ALONSO CHACON PRADO | B209: 79910575 | C209: GRUPO DE VERIFICACIONES MIGRATORIAS REGIONAL ANDINA | D209: =COUNTIFS('CONTRATOS 2016'!AV:AV,A209,'CONTRATOS 2016'!$AI:AI,">=1") -> 0 | E209: =SUMIFS('CONTRATOS 2016'!$AI:AI,'CONTRATOS 2016'!$AV:AV,A209) -> 0
A210: DANIEL DAVID DE LOS RIOS SUAREZ | B210: 1112461656 | C210: PUESTO DE CONTROL MIGRATORIO AÉREO RAFAEL NUÑEZ | D210: =COUNTIFS('CONTRATOS 2016'!AV:AV,A210,'CONTRATOS 2016'!$AI:AI,">=1") -> 0 | E210: =SUMIFS('CONTRATOS 2016'!$AI:AI,'CONTRATOS 2016'!$AV:AV,A210) -> 0
A211: DANIEL DE JESUS CARDOSO ESCORCIA | B211: 1042427003 | C211: PUESTO DE CONTROL MIGRATORIO TERRESTRE PARAGUACHON | D211: =COUNTIFS('CONTRATOS 2016'!AV:AV,A211,'CONTRATOS 2016'!$AI:AI,">=1") -> 0 | E211: =SUMIFS('CONTRATOS 2016'!$AI:AI,'CONTRATOS 2016'!$AV:AV,A211) -> 0
A212: DANIEL EMILIO CABALLERO BERNAL | B212: 7186433 | C212: GRUPO DE VERIFICACIÓN Y SUSTANCIACIÓN DE ACTUACIONES ADMINISTRATIVAS | D212: =COUNTIFS('CONTRATOS 2016'!AV:AV,A212,'CONTRATOS 2016'!$AI:AI,">=1") -> 0 | E212: =SUMIFS('CONTRATOS 2016'!$AI:AI,'CONTRATOS 2016'!$AV:AV,A212) -> 0
A213: DANIEL FELIPE OLIVOS MATEUS | B213: 1010203640 | C213: PUESTO DE CONTROL MIGRATORIO AÉREO EL DORADO | D213: =COUNTIFS('CONTRATOS 2016'!AV:AV,A213,'CONTRATOS 2016'!$AI:AI,">=1") -> 0 | E213: =SUMIFS('CONTRATOS 2016'!$AI:AI,'CONTRATOS 2016'!$AV:AV,A213) -> 0
A214: DANIEL FERNANDO SUIKAN BUSTAMANTE | B214: 1123621369 | C214: PUESTO DE CONTROL MIGRATORIO TERRESTRE PARAGUACHON | D214: =COUNTIFS('CONTRATOS 2016'!AV:AV,A214,'CONTRATOS 2016'!$AI:AI,">=1") -> 0 | E214: =SUMIFS('CONTRATOS 2016'!$AI:AI,'CONTRATOS 2016'!$AV:AV,A214) -> 0
... A227: DERIAM ANDRES CORTES OQUENDO | B227: 71224985 | C227: PUESTO DE CONTROL MIGRATORIO AÉREO DE JOSE MARIA CORDOBA | D227: =COUNTIFS('CONTRATOS 2016'!AV:AV,A227,'CONTRATOS 2016'!$AI:AI,">=1") -> 0 | E227: =SUMIFS('CONTRATOS 2016'!$AI:AI,'CONTRATOS 2016'!$AV:AV,A227) -> 0
A228: DESIERTA | B228: DESIERTA | D228: =COUNTIFS('CONTRATOS 2016'!AV:AV,A228,'CONTRATOS 2016'!$AI:AI,">=1") -> 0 | E228: =SUMIFS('CONTRATOS 2016'!$AI:AI,'CONTRATOS 2016'!$AV:AV,A228) -> 0
A229: DEYMER ANDRES PEREZ AZUERO | B229: 1014198058 | C229: PUESTO DE CONTROL MIGRATORIO AÉREO EL DORADO | D229: =COUNTIFS('CONTRATOS 2016'!AV:AV,A229,'CONTRATOS 2016'!$AI:AI,">=1") -> 0 | E229: =SUMIFS('CONTRATOS 2016'!$AI:AI,'CONTRATOS 2016'!$AV:AV,A229) -> 0
A230: DIANA ASTRID GONZALEZ RODRIGUEZ | B230: 1000468012 | C230: PUESTO DE CONTROL MIGRATORIO AÉREO EL DORADO | D230: =COUNTIFS('CONTRATOS 2016'!AV:AV,A230,'CONTRATOS 2016'!$AI:AI,">=1") -> 0 | E230: =SUMIFS('CONTRATOS 2016'!$AI:AI,'CONTRATOS 2016'!$AV:AV,A230) -> 0
A231: DIANA ASTRID GUERRERO MENDOZA | B231: 52020564 | C231: GRUPO ASUNTOS INTERNACIONALES | D231: =COUNTIFS('CONTRATOS 2016'!AV:AV,A231,'CONTRATOS 2016'!$AI:AI,">=1") -> 0 | E231: =SUMIFS('CONTRATOS 2016'!$AI:AI,'CONTRATOS 2016'!$AV:AV,A231) -> 0
A232: DIANA CAROLINA CUERVO MARTINEZ | B232: 1016004159 | C232: GRUPO DE ESTUDIOS INSTITUCIONALES SOBRE MIGRACION - GDEIM | D232: =COUNTIFS('CONTRATOS 2016'!AV:AV,A232,'CONTRATOS 2016'!$AI:AI,">=1") -> 0 | E232: =SUMIFS('CONTRATOS 2016'!$AI:AI,'CONTRATOS 2016'!$AV:AV,A232) -> 0
A233: DIANA CAROLINA GIL GUTIERREZ | B233: 53075620 | C233: SUBDIRECCIÓN DE EXTRANJERÍA | D233: =COUNTIFS('CONTRATOS 2016'!AV:AV,A233,'CONTRATOS 2016'!$AI:AI,">=1") -> 0 | E233: =SUMIFS('CONTRATOS 2016'!$AI:AI,'CONTRATOS 2016'!$AV:AV,A233) -> 0
A234: DIANA CAROLINA GUARNIZO HERNANDEZ | B234: 53063673 | C234: PUESTO DE CONTROL MIGRATORIO AÉREO EL DORADO | D234: =COUNTIFS('CONTRATOS 2016'!AV:AV,A234,'CONTRATOS 2016'!$AI:AI,">=1") -> 0 | E234: =SUMIFS('CONTRATOS 2016'!$AI:AI,'CONTRATOS 2016'!$AV:AV,A234) -> 0
A235: DIANA CAROLINA LARA GARNICA | B235: 1072420929 | C235: PUESTO DE CONTROL MIGRATORIO AÉREO EL DORADO | D235: =COUNTIFS('CONTRATOS 2016'!AV:AV,A235,'CONTRATOS 2016'!$AI:AI,">=1") -> 0 | E235: =SUMIFS('CONTRATOS 2016'!$AI:AI,'CONTRATOS 2016'!$AV:AV,A235) -> 0
A236: DIANA CAROLINA MARTINEZ REYES | B236: 37547423 | C236: GRUPO DE ATENCIÓN AL CIUDADANO | D236: =COUNTIFS('CONTRATOS 2016'!AV:AV,A236,'CONTRATOS 2016'!$AI:AI,">=1") -> 0 | E236: =SUMIFS('CONTRATOS 2016'!$AI:AI,'CONTRATOS 2016'!$AV:AV,A236) -> 0
A237: DIANA CATHERINE ROMERO MORA | B237: 1032382777 | C237: PUESTO DE CONTROL MIGRATORIO AÉREO EL DORADO | D237: =COUNTIFS('CONTRATOS 2016'!AV:AV,A237,'CONTRATOS 2016'!$AI:AI,">=1") -> 0 | E237: =SUMIFS('CONTRATOS 2016'!$AI:AI,'CONTRATOS 2016'!$AV:AV,A237) -> 0
A238: DIANA ESPERANZA DURAN GARCIA | B238: 52533478 | C238: GRUPO DE VERIFICACIONES MIGRATORIAS REGIONAL ANDINA | D238: =COUNTIFS('CONTRATOS 2016'!AV:AV,A238,'CONTRATOS 2016'!$AI:AI,">=1") -> 0 | E238: =SUMIFS('CONTRATOS 2016'!$AI:AI,'CONTRATOS 2016'!$AV:AV,A238) -> 0
A239: DIANA FABIOLA ROJAS BERNAL | B239: 35199875 | C239: GRUPO DE INVESTIGACIÓN ANTITRATA Y ANTITRAFICO GIATT | D239: =COUNTIFS('CONTRATOS 2016'!AV:AV,A239,'CONTRATOS 2016'!$AI:AI,">=1") -> 0 | E239: =SUMIFS('CONTRATOS 2016'!$AI:AI,'CONTRATOS 2016'!$AV:AV,A239) -> 0
A240: DIANA GALLEGO ROZO | B240: 38553585 | C240: PUESTO DE CONTROL MIGRATORIO AÉREO ALFONSO BONILLA ARAGÓN | D240: =COUNTIFS('CONTRATOS 2016'!AV:AV,A240,'CONTRATOS 2016'!$AI:AI,">=1") -> 0 | E240: =SUMIFS('CONTRATOS 2016'!$AI:AI,'CONTRATOS 2016'!$AV:AV,A240) -> 0
... A536: JAIRO PINILLA PEDRAZA | B536: 80882702 | C536: PUESTO DE CONTROL MIGRATORIO AÉREO EL DORADO | D536: =COUNTIFS('CONTRATOS 2016'!AV:AV,A536,'CONTRATOS 2016'!$AI:AI,">=1") -> 0 | E536: =SUMIFS('CONTRATOS 2016'!$AI:AI,'CONTRATOS 2016'!$AV:AV,A536) -> 0
A537: JAIRO ROJAS PEREZ | B537: 80882702 | D537: =COUNTIFS('CONTRATOS 2016'!AV:AV,A537,'CONTRATOS 2016'!$AI:AI,">=1") -> 0 | E537: =SUMIFS('CONTRATOS 2016'!$AI:AI,'CONTRATOS 2016'!$AV:AV,A537) -> 0
A538: JAMELIA TORRES GOMEZ | B538: 51609782 | C538: GRUPO DE FORMACIÓN Y CAPACITACIÓN | D538: =COUNTIFS('CONTRATOS 2016'!AV:AV,A538,'CONTRATOS 2016'!$AI:AI,">=1") -> 0 | E538: =SUMIFS('CONTRATOS 2016'!$AI:AI,'CONTRATOS 2016'!$AV:AV,A538) -> 0
A539: JAQUELINE BOGOTA CANTOR | B539: 39664288 | C539: GRUPO DE NOMINA | D539: =COUNTIFS('CONTRATOS 2016'!AV:AV,A539,'CONTRATOS 2016'!$AI:AI,">=1") -> 0 | E539: =SUMIFS('CONTRATOS 2016'!$AI:AI,'CONTRATOS 2016'!$AV:AV,A539) -> 0
A540: JASBLEIDER GOMEZ GORDILLO | B540: 53089113 | C540: PUESTO DE CONTROL MIGRATORIO AÉREO EL DORADO | D540: =COUNTIFS('CONTRATOS 2016'!AV:AV,A540,'CONTRATOS 2016'!$AI:AI,">=1") -> 0 | E540: =SUMIFS('CONTRATOS 2016'!$AI:AI,'CONTRATOS 2016'!$AV:AV,A540) -> 0
A541: JASON EMILIO CORDOBA MENA | B541: 12022654 | C541: PUESTO DE CONTROL MIGRATORIO MARÍTIMO TURBO | D541: =COUNTIFS('CONTRATOS 2016'!AV:AV,A541,'CONTRATOS 2016'!$AI:AI,">=1") -> 0 | E541: =SUMIFS('CONTRATOS 2016'!$AI:AI,'CONTRATOS 2016'!$AV:AV,A541) -> 0
A542: JAVIER ALBERTO SOTO OJEDA | B542: 80831986 | C542: GRUPO DE VERIFICACIONES MIGRATORIAS REGIONAL ANDINA | D542: =COUNTIFS('CONTRATOS 2016'!AV:AV,A542,'CONTRATOS 2016'!$AI:AI,">=1") -> 0 | E542: =SUMIFS('CONTRATOS 2016'!$AI:AI,'CONTRATOS 2016'!$AV:AV,A542) -> 0
A543: JAVIER ALEXANDER MARROQUIN ESPITIA | B543: 79749284 | C543: PUESTO DE CONTROL MIGRATORIO AÉREO EL DORADO | D543: =COUNTIFS('CONTRATOS 2016'!AV:AV,A543,'CONTRATOS 2016'!$AI:AI,">=1") -> 0 | E543: =SUMIFS('CONTRATOS 2016'!$AI:AI,'CONTRATOS 2016'!$AV:AV,A543) -> 0
A544: JAVIER ALEXANDER RODRIGUEZ MENDOZA | B544: 88002154 | C544: GRUPO DE VERIFICACIONES MIGRATORIAS REGIONAL ORIENTE | D544: =COUNTIFS('CONTRATOS 2016'!AV:AV,A544,'CONTRATOS 2016'!$AI:AI,">=1") -> 0 | E544: =SUMIFS('CONTRATOS 2016'!$AI:AI,'CONTRATOS 2016'!$AV:AV,A544) -> 0
A545: JAVIER ALVAREZ LADINO | B545: 17420350 | C545: CENTRO FACILITADOR DE SERVICIOS MIGRATORIOS YOPAL | D545: =COUNTIFS('CONTRATOS 2016'!AV:AV,A545,'CONTRATOS 2016'!$AI:AI,">=1") -> 0 | E545: =SUMIFS('CONTRATOS 2016'!$AI:AI,'CONTRATOS 2016'!$AV:AV,A545) -> 0
A546: JAVIER ANTONIO OLGUIN SERNA | B546: 11805322 | C546: PUESTO DE CONTROL MIGRATORIO MARÍTIMO CARTAGENA | D546: =COUNTIFS('CONTRATOS 2016'!AV:AV,A546,'CONTRATOS 2016'!$AI:AI,">=1") -> 0 | E546: =SUMIFS('CONTRATOS 2016'!$AI:AI,'CONTRATOS 2016'!$AV:AV,A546) -> 0
A547: JAVIER AZAEL BENAVIDES UNDA | B547: 17583727 | C547: PUESTO DE CONTROL MIGRATORIO TERRESTRE ARAUCA | D547: =COUNTIFS('CONTRATOS 2016'!AV:AV,A547,'CONTRATOS 2016'!$AI:AI,">=1") -> 0 | E547: =SUMIFS('CONTRATOS 2016'!$AI:AI,'CONTRATOS 2016'!$AV:AV,A547) -> 0
A548: JAVIER DARIO CARDENAS GONZALEZ | B548: 79169328 | C548: PUESTO DE CONTROL MIGRATORIO AÉREO EL DORADO | D548: =COUNTIFS('CONTRATOS 2016'!AV:AV,A548,'CONTRATOS 2016'!$AI:AI,">=1") -> 0 | E548: =SUMIFS('CONTRATOS 2016'!$AI:AI,'CONTRATOS 2016'!$AV:AV,A548) -> 0
A549: JAVIER EDUARDO RUIZ CUESTA | B549: 5822855 | C549: GRUPO DE INVESTIGACIÓN ANTITRATA Y ANTITRAFICO GIATT | D549: =COUNTIFS('CONTRATOS 2016'!AV:AV,A549,'CONTRATOS 2016'!$AI:AI,">=1") -> 0 | E549: =SUMIFS('CONTRATOS 2016'!$AI:AI,'CONTRATOS 2016'!$AV:AV,A549) -> 0
... A1186: VALENTINA DICARLO DE VELASQUEZ | B1186: 52548197 | C1186: DIRECCIÓN DE MIGRACIÓN COLOMBIA | D1186: =COUNTIFS('CONTRATOS 2016'!AV:AV,A1186,'CONTRATOS 2016'!$AI:AI,">=1") -> 0 | E1186: =SUMIFS('CONTRATOS 2016'!$AI:AI,'CONTRATOS 2016'!$AV:AV,A1186) -> 0
A1187: VANNESSA ESTRADA CARRANZA | B1187: 1047376095 | D1187: =COUNTIFS('CONTRATOS 2016'!AV:AV,A1187,'CONTRATOS 2016'!$AI:AI,">=1") -> 0 | E1187: =SUMIFS('CONTRATOS 2016'!$AI:AI,'CONTRATOS 2016'!$AV:AV,A1187) -> 0
A1188: VANESSA FRAY AGUILAR | B1188: 38644470 | C1188: GRUPO INTERDISCIPLINARIO MISIONAL REGIONAL ORINOQUIA | D1188: =COUNTIFS('CONTRATOS 2016'!AV:AV,A1188,'CONTRATOS 2016'!$AI:AI,">=1") -> 0 | E1188: =SUMIFS('CONTRATOS 2016'!$AI:AI,'CONTRATOS 2016'!$AV:AV,A1188) -> 0
A1189: VANESSA HERNANDEZ CUESTA | B1189: 1047376095 | C1189: PUESTO DE CONTROL MIGRATORIO AÉREO RAFAEL NUÑEZ | D1189: =COUNTIFS('CONTRATOS 2016'!AV:AV,A1189,'CONTRATOS 2016'!$AI:AI,">=1") -> 0 | E1189: =SUMIFS('CONTRATOS 2016'!$AI:AI,'CONTRATOS 2016'!$AV:AV,A1189) -> 0
A1190: VIANOR ANTONIO ATENCIO CANOLES | B1190: 8854611 | C1190: PUESTO DE CONTROL MIGRATORIO AÉREO DE JOSE MARIA CORDOBA | D1190: =COUNTIFS('CONTRATOS 2016'!AV:AV,A1190,'CONTRATOS 2016'!$AI:AI,">=1") -> 0 | E1190: =SUMIFS('CONTRATOS 2016'!$AI:AI,'CONTRATOS 2016'!$AV:AV,A1190) -> 0
A1191: VICKY LORENA MONTAÑO LOPEZ | B1191: 1030547964 | C1191: PUESTO DE CONTROL MIGRATORIO AÉREO EL DORADO | D1191: =COUNTIFS('CONTRATOS 2016'!AV:AV,A1191,'CONTRATOS 2016'!$AI:AI,">=1") -> 0 | E1191: =SUMIFS('CONTRATOS 2016'!$AI:AI,'CONTRATOS 2016'!$AV:AV,A1191) -> 0
A1192: VICTOR DARIO AYALA MARIN | B1192: 71272630 | C1192: GRUPO DE ENLACES | D1192: =COUNTIFS('CONTRATOS 2016'!AV:AV,A1192,'CONTRATOS 2016'!$AI:AI,">=1") -> 0 | E1192: =SUMIFS('CONTRATOS 2016'!$AI:AI,'CONTRATOS 2016'!$AV:AV,A1192) -> 0
A1193: VICTOR GERMAN SANTOS | B1193: 1016020693 | C1193: PUESTO DE CONTROL MIGRATORIO AÉREO EL DORADO | D1193: =COUNTIFS('CONTRATOS 2016'!AV:AV,A1193,'CONTRATOS 2016'!$AI:AI,">=1") -> 0 | E1193: =SUMIFS('CONTRATOS 2016'!$AI:AI,'CONTRATOS 2016'!$AV:AV,A1193) -> 0
A1194: VICTOR HUGO BOLIVAR BOLIVAR | B1194: 1042421199 | C1194: PUESTO DE CONTROL MIGRATORIO AÉREO RAFAEL NUÑEZ | D1194: =COUNTIFS('CONTRATOS 2016'!AV:AV,A1194,'CONTRATOS 2016'!$AI:AI,">=1") -> 0 | E1194: =SUMIFS('CONTRATOS 2016'!$AI:AI,'CONTRATOS 2016'!$AV:AV,A1194) -> 0
A1195: VICTOR HUGO GOMEZ SEGURA | B1195: 10775000 | C1195: CENTRO FACILITADOR DE SERVICIOS MIGRATORIOS MONTERÍA | D1195: =COUNTIFS('CONTRATOS 2016'!AV:AV,A1195,'CONTRATOS 2016'!$AI:AI,">=1") -> 0 | E1195: =SUMIFS('CONTRATOS 2016'!$AI:AI,'CONTRATOS 2016'!$AV:AV,A1195) -> 0
A1196: VICTOR HUGO TIRADO URBANO | B1196: 76328104 | C1196: PUESTO DE CONTROL MIGRATORIO TERRESTRE CENAF RUMICHACA | D1196: =COUNTIFS('CONTRATOS 2016'!AV:AV,A1196,'CONTRATOS 2016'!$AI:AI,">=1") -> 0 | E1196: =SUMIFS('CONTRATOS 2016'!$AI:AI,'CONTRATOS 2016'!$AV:AV,A1196) -> 0
A1197: VICTOR JULIO CARRILLO ROMERO | B1197: 4113796 | C1197: CENTRO FACILITADOR DE SERVICIOS MIGRATORIOS TUNJA | D1197: =COUNTIFS('CONTRATOS 2016'!AV:AV,A1197,'CONTRATOS 2016'!$AI:AI,">=1") -> 0 | E1197: =SUMIFS('CONTRATOS 2016'!$AI:AI,'CONTRATOS 2016'!$AV:AV,A1197) -> 0
A1198: VICTOR MANUEL PRADA GOMEZ | B1198: 80218865 | C1198: GRUPO DE VERIFICACIONES MIGRATORIAS REGIONAL ANDINA | D1198: =COUNTIFS('CONTRATOS 2016'!AV:AV,A1198,'CONTRATOS 2016'!$AI:AI,">=1") -> 0 | E1198: =SUMIFS('CONTRATOS 2016'!$AI:AI,'CONTRATOS 2016'!$AV:AV,A1198) -> 0
A1199: VICTOR RAFAEL DE JESUS DIAZ GRANADOS DURAN | B1199: 12615009 | C1199: CENTRO FACILITADOR DE SERVICIOS MIGRATORIOS SANTA MARTA | D1199: =COUNTIFS('CONTRATOS 2016'!AV:AV,A1199,'CONTRATOS 2016'!$AI:AI,">=1") -> 0 | E1199: =SUMIFS('CONTRATOS 2016'!$AI:AI,'CONTRATOS 2016'!$AV:AV,A1199) -> 0
... A1279: ZULIMA AYDEE RAMIREZ ZUÑIGA | B1279: 1014186141 | C1279: GRUPO DE VERIFICACIÓN Y SUSTANCIACIÓN DE ACTUACIONES ADMINISTRATIVAS | D1279: =COUNTIFS('CONTRATOS 2016'!AV:AV,A1279,'CONTRATOS 2016'!$AI:AI,">=1") -> 0 | E1279: =SUMIFS('CONTRATOS 2016'!$AI:AI,'CONTRATOS 2016'!$AV:AV,A1279) -> 0
D1280: =SUBTOTAL(9,D3:D1279) -> 96
D1281: =233-D1280 -> 137

Sheet LINK PROCESOS
C1: LICITACIÓN | E1: DIRECTA | G1: MÍNIMA | I1: SIP | L1: BOLSA DE PRODUCTOS | O1: MENOR CUANTÍA
B2: 1 | C2: https://www.secop.gov.co/CO1BusinessLine/Tendering/BuyerWorkArea/Index?DocUniqueIdentifier=CO1.BDOS.50804 | D2: 1 | E2: https://www.contratos.gov.co/consultas/detalleProceso.do?numConstancia=16-12-4556844 | F2: 1 | G2: https://www.contratos.gov.co/consultas/detalleProceso.do?numConstancia=16-13-4604543 | H2: 1 | I2: https://www.contratos.gov.co/consultas/detalleProceso.do?numConstancia=16-9-411999 | K2: 1 | L2: https://www.contratos.gov.co/consultas/detalleProceso.do?numConstancia=16-4-4857664 | N2: 1
B3: 2 | C3: https://www.contratos.gov.co/consultas/detalleProceso.do?numConstancia=16-1-156755 | D3: 2 | E3: https://www.contratos.gov.co/consultas/detalleProceso.do?numConstancia=16-12-4561909 | F3: 2 | G3: https://www.contratos.gov.co/consultas/detalleProceso.do?numConstancia=16-13-4612333 | H3: 2 | I3: https://www.contratos.gov.co/consultas/detalleProceso.do?numConstancia=16-9-412001 | N3: 2 | O3: http://www.contratos.gov.co/consultas/detalleProceso.do?numConstancia=16-17-4808736
D4: 3 | E4: https://www.contratos.gov.co/consultas/detalleProceso.do?numConstancia=16-12-4569848 | F4: 3 | G4: https://www.contratos.gov.co/consultas/detalleProceso.do?numConstancia=16-13-4635237 | H4: 3 | I4: http://www.contratos.gov.co/consultas/detalleProceso.do?numConstancia=16-9-412024
D5: 4 | E5: http://www.contratos.gov.co/consultas/detalleProceso.do?numConstancia=16-12-4570017 | F5: 4 | G5: https://www.contratos.gov.co/consultas/detalleProceso.do?numConstancia=16-13-4640201 | H5: 4 | I5: http://www.contratos.gov.co/consultas/detalleProceso.do?numConstancia=16-9-412031
D6: 5 | E6: http://www.contratos.gov.co/consultas/detalleProceso.do?numConstancia=16-12-4570037 | F6: 5 | G6: https://www.contratos.gov.co/consultas/detalleProceso.do?numConstancia=16-13-4639886 | H6: 5 | I6: http://www.contratos.gov.co/consultas/detalleProceso.do?numConstancia=16-9-412453
D7: 6 | E7: http://www.contratos.gov.co/consultas/detalleProceso.do?numConstancia=16-12-4570091 | F7: 6 | G7: https://www.contratos.gov.co/consultas/detalleProceso.do?numConstancia=16-13-4646948 | H7: 6 | I7: https://www.contratos.gov.co/consultas/detalleProceso.do?numConstancia=16-9-412647
D8: 7 | E8: https://www.contratos.gov.co/consultas/detalleProceso.do?numConstancia=16-12-4572101 | F8: 7 | G8: https://www.contratos.gov.co/consultas/detalleProceso.do?numConstancia=16-13-4647213 | H8: 7 | I8: http://www.contratos.gov.co/consultas/detalleProceso.do?numConstancia=16-9-412763
D9: 8 | E9: http://www.contratos.gov.co/consultas/detalleProceso.do?numConstancia=16-12-4573954 | F9: 8 | G9: https://www.contratos.gov.co/consultas/detalleProceso.do?numConstancia=16-13-4700091 | H9: 8 | I9: https://www.contratos.gov.co/consultas/detalleProceso.do?numConstancia=16-9-413233
D10: 9 | F10: 9 | G10: https://www.contratos.gov.co/consultas/detalleProceso.do?numConstancia=16-13-4699548 | H10: 9 | I10: http://www.contratos.gov.co/consultas/detalleProceso.do?numConstancia=16-9-413507
D11: 10 | E11: https://www.contratos.gov.co/consultas/detalleProceso.do?numConstancia=16-12-4575129 | F11: 10 | G11: https://www.contratos.gov.co/consultas/detalleProceso.do?numConstancia=16-13-4727695 | H11: 10 | I11: https://www.contratos.gov.co/consultas/detalleProceso.do?numConstancia=16-9-413522
D12: =D11+1 -> 11 | E12: http://www.contratos.gov.co/consultas/detalleProceso.do?numConstancia=16-12-4575374 | F12: 11 | G12: https://www.contratos.gov.co/consultas/detalleProceso.do?numConstancia=16-13-4726397 | H12: 11 | I12: http://www.contratos.gov.co/consultas/detalleProceso.do?numConstancia=16-9-413519
D13: =D12+1 -> 12 | E13: http://www.contratos.gov.co/consultas/detalleProceso.do?numConstancia=16-12-4578384 | F13: 12 | G13: https://www.contratos.gov.co/consultas/detalleProceso.do?numConstancia=16-13-4785197 | H13: 12
D14: =D13+1 -> 13 | E14: http://www.contratos.gov.co/consultas/detalleProceso.do?numConstancia=16-12-4577537 | F14: 13 | G14: https://www.contratos.gov.co/consultas/detalleProceso.do?numConstancia=16-13-4791787 | H14: 13
D15: =D14+1 -> 14 | E15: http://www.contratos.gov.co/consultas/detalleProceso.do?numConstancia=16-12-4577877 | F15: 14 | G15: https://www.contratos.gov.co/consultas/detalleProceso.do?numConstancia=16-13-4903354 | H15: 14
D16: =D15+1 -> 15 | E16: https://www.contratos.gov.co/consultas/detalleProceso.do?numConstancia=16-12-4577988 | F16: 15 | G16: NO HAY PROCESOS CON ESTE NÚMERO | H16: 15
D17: =D16+1 -> 16 | E17: https://www.contratos.gov.co/consultas/detalleProceso.do?numConstancia=16-12-4578726 | F17: 16 | G17: https://www.contratos.gov.co/consultas/detalleProceso.do?numConstancia=16-13-4922173 | H17: 16
D18: =D17+1 -> 17 | E18: https://www.contratos.gov.co/consultas/detalleProceso.do?numConstancia=16-12-4578726 | F18: 17 | G18: https://www.contratos.gov.co/consultas/detalleProceso.do?numConstancia=16-13-4922212 | H18: 17
D19: =D18+1 -> 18 | E19: http://www.contratos.gov.co/consultas/detalleProceso.do?numConstancia=16-12-4580401 | F19: 18 | G19: https://www.contratos.gov.co/consultas/detalleProceso.do?numConstancia=16-13-4946713 | H19: 18
D20: =D19+1 -> 19 | E20: http://www.contratos.gov.co/consultas/detalleProceso.do?numConstancia=16-12-4580029
D21: =D20+1 -> 20 | E21: http://www.contratos.gov.co/consultas/detalleProceso.do?numConstancia=16-12-4580184
D22: =D21+1 -> 21 | E22: https://www.contratos.gov.co/consultas/detalleProceso.do?numConstancia=16-12-4584366
D23: =D22+1 -> 22 | E23: http://www.contratos.gov.co/consultas/detalleProceso.do?numConstancia=16-12-4585611
D24: =D23+1 -> 23 | E24: http://www.contratos.gov.co/consultas/detalleProceso.do?numConstancia=16-12-4589207
D25: =D24+1 -> 24 | E25: https://www.contratos.gov.co/consultas/detalleProceso.do?numConstancia=16-12-4593136
D26: =D25+1 -> 25 | E26: http://www.contratos.gov.co/consultas/detalleProceso.do?numConstancia=16-12-4593279
D27: =D26+1 -> 26 | E27: http://www.contratos.gov.co/consultas/detalleProceso.do?numConstancia=16-12-4593616
D28: =D27+1 -> 27 | E28: http://www.contratos.gov.co/consultas/detalleProceso.do?numConstancia=16-12-4593894
D29: =D28+1 -> 28 | E29: http://www.contratos.gov.co/consultas/detalleProceso.do?numConstancia=16-12-4595669
D30: =D29+1 -> 29 | E30: http://www.contratos.gov.co/consultas/detalleProceso.do?numConstancia=16-12-4597032
D31: =D30+1 -> 30 | E31: http://www.contratos.gov.co/consultas/detalleProceso.do?numConstancia=16-12-4606540
... D76: =D75+1 -> 75 | E76: http://www.contratos.gov.co/consultas/detalleProceso.do?numConstancia=16-12-5025332
D77: =D76+1 -> 76
D78: =D77+1 -> 77
D79: =D78+1 -> 78
D80: =D79+1 -> 79
D81: =D80+1 -> 80
D82: =D81+1 -> 81

Sheet Hoja1
B2: Orden de Compra | C2: Entidad Estatal | D2: Fecha de la orden | E2: Estado | F2: Instrumento | G2: Total
B3: 8004 | C3: UNIDAD ADMINISTRATIVA ESPECIAL MIGRACION COLOMBIA | D3: 2016-04-25T16:57:16-05:00 | E3: Pedido | F3: Servicios Oracle | G3: $713,650,040
B4: 7883 | C4: UNIDAD ADMINISTRATIVA ESPECIAL MIGRACION COLOMBIA | D4: 2016-04-19T11:51:32-05:00 | E4: Pedido | F4: Nube Pública | G4: $17,687,097
B5: 7854 | C5: UNIDAD ADMINISTRATIVA ESPECIAL MIGRACION COLOMBIA | D5: 2016-04-18T08:40:23-05:00 | E5: Pedido | F5: Dotación de vestuario | G5: $2,690,588
B6: 7781 | C6: UNIDAD ADMINISTRATIVA ESPECIAL MIGRACION COLOMBIA | D6: 2016-04-12T08:19:54-05:00 | E6: Pedido | F6: Servicios Oracle | G6: $514,702,791
B7: 7643 | C7: UNIDAD ADMINISTRATIVA ESPECIAL MIGRACION COLOMBIA | D7: 2016-04-04T09:31:27-05:00 | E7: Pedido | F7: Grandes Superficies | G7: $4,084,800
B8: 7602 | C8: UNIDAD ADMINISTRATIVA ESPECIAL MIGRACION COLOMBIA | D8: 2016-04-01T08:22:05-05:00 | E8: Pedido | F8: Grandes Superficies | G8: $10,049,900
B9: 7278 | C9: UNIDAD ADMINISTRATIVA ESPECIAL MIGRACION COLOMBIA | D9: 2016-03-11T16:21:00-05:00 | E9: Pedido | F9: Dotación de vestuario | G9: $3,572,800
B10: 7268 | C10: UNIDAD ADMINISTRATIVA ESPECIAL MIGRACION COLOMBIA | D10: 2016-03-11T14:22:22-05:00 | E10: Pedido | F10: Dotación de vestuario | G10: $2,565,920
B11: 7267 | C11: UNIDAD ADMINISTRATIVA ESPECIAL MIGRACION COLOMBIA | D11: 2016-03-11T14:22:15-05:00 | E11: Pedido | F11: Dotación de vestuario | G11: $2,232,903
B12: 7266 | C12: UNIDAD ADMINISTRATIVA ESPECIAL MIGRACION COLOMBIA | D12: 2016-03-11T14:22:08-05:00 | E12: Pedido | F12: Dotación de vestuario | G12: $1,448,701
B13: 7265 | C13: UNIDAD ADMINISTRATIVA ESPECIAL MIGRACION COLOMBIA | D13: 2016-03-11T14:22:03-05:00 | E13: Pedido | F13: Dotación de vestuario | G13: 556.8
B14: 7264 | C14: UNIDAD ADMINISTRATIVA ESPECIAL MIGRACION COLOMBIA | D14: 2016-03-11T14:21:55-05:00 | E14: Pedido | F14: Dotación de vestuario | G14: 730.8
B15: 7263 | C15: UNIDAD ADMINISTRATIVA ESPECIAL MIGRACION COLOMBIA | D15: 2016-03-11T14:21:36-05:00 | E15: Pedido | F15: Dotación de vestuario | G15: $4,485,922
B16: 6905 | C16: UNIDAD ADMINISTRATIVA ESPECIAL MIGRACION COLOMBIA | D16: 2016-02-24T16:40:23-05:00 | E16: Pedido | F16: Microsoft | G16: $27,106,823
B17: 6824 | C17: UNIDAD ADMINISTRATIVA ESPECIAL MIGRACION COLOMBIA | D17: 2016-02-19T16:09:03-05:00 | E17: Pedido | F17: Servicios Financieros | G17: 0
B18: 6787 | C18: UNIDAD ADMINISTRATIVA ESPECIAL MIGRACION COLOMBIA | D18: 2016-02-19T09:22:30-05:00 | E18: Pedido | F18: Microsoft | G18: $23,867,319
B19: 6659 | C19: UNIDAD ADMINISTRATIVA ESPECIAL MIGRACION COLOMBIA | D19: 2016-02-12T16:37:01-05:00 | E19: Pedido | F19: Tiquetes Aéreos | G19: $1,203,000,000
B20: 6571 | C20: UNIDAD ADMINISTRATIVA ESPECIAL MIGRACION COLOMBIA | D20: 2016-02-08T11:09:04-05:00 | E20: Pedido | F20: SOAT | G20: $41,748,343
B21: 6460 | C21: UNIDAD ADMINISTRATIVA ESPECIAL MIGRACION COLOMBIA | D21: 2016-01-29T16:05:54-05:00 | E21: Pedido | F21: Grandes Superficies | G21: $6,237,600

Sheet CONTRATOS 2016 (2)
B1: A CARGO | C1: EXPEDIENTE | D1: No PROCESO | E1: FECHA PUBLICACION PROCESO | F1: MODALIDAD | G1: CAUSAL | H1: REGIONAL/ DEPENDCIA NIVEL CENTRAL | I1: AREA DE LA NECESISDAD | J1: OBJETO | K1: CONSECUTIVO PLAN | L1: CODIGO UNSCSP | M1: NOMBRE DE CODIGO | N1: VALOR PROCESO | O1: CDP | P1: RUBRO | Q1: ETAPA | R1: ESTADO | S1: FECHA LIQUIDACION | T1: SIRECI | U1: NOMBRE | V1: No. CONTRATO | W1: Fecha de Firma | X1: fecha de publicacion CONTRATO | Y1: extemporaneidad | Z1: TIPO DE CONTRATO | AA1: TIPO DE CONTRATO | AB1: LUGAR EJECUCION DEPARTAMENTO | AC1: LUGAR EJECUCION MUNICIPIO | AD1: CONTRATISTA | AE1: IDENTIFICACION | AF1: DV | AG1: NUMERO RP | AH1: FECHA RP | AI1: TIPO DE CUENTA | AJ1: NUMERO DE CUENTA | AK1: NOMBRE DE BANCO | AL1: VALOR HONORARIOS MENSIAL | AM1: VALOR CONTRATO 2016 | AN1: VALOR VF | AO1: TOTAL CONTRATO | AP1: AMPARO | AQ1: % | AR1: VIGENCIA | AS1: ASEGURADORA | AT1: APROBACION | AU1: FECHA INICIO | AV1: FECHA DE TERMINACION | AW1: DIAS | AX1: FECHA DE TERMINACION GARANTIA | AY1: NOMBRE SUPERVISOR | AZ1: CEDULA SUPERVISOR | BA1: FORMA DE PAGO | BB1: ADICION REGISTRO | BC1: FECHA REGISTRO | BD1: VALOR | BE1: SIRECI | BF1: fecha de publicacion CONTRATO | BG1: extemporaneidad | BH1: ADICION REGISTRO | BI1: FECHA REGISTRO | BJ1: VALOR | BK1: SIRECI | BL1: fecha de publicacion CONTRATO | BM1: extemporaneidad | BN1: ADICION REGISTRO | BO1: FECHA REGISTRO | BP1: VALOR | BQ1: SIRECI | BR1: fecha de publicacion CONTRATO | BS1: extemporaneidad | BT1: VIGENCIA FUTURA | BU1: TOTAL ADICIONES | BV1: VALOR TOTAL DEL CONTRATO | BW1: PRORROGA FECHA | BX1: TIEMPO | BY1: SIRECI | BZ1: fecha de publicacion CONTRATO | CA1: extemporaneidad | CB1: PRORROGA FECHA | CC1: TIEMPO | CD1: SIRECI | CE1: fecha de publicacion CONTRATO | CF1: extemporaneidad | CG1: PRORROGA FECHA | CH1: TIEMPO | CI1: SIRECI | CJ1: fecha de publicacion CONTRATO | CK1: extemporaneidad | CL1: OTRO | CM1: FECHA DE TERMINACION | CO1: CUENTAS POR PAGAR | CP1: SALDO A LIBERAR | CQ1: PAGOS | CS1: %EJECUCION | CU1: ESTADO | CW1: INICIO | CX1: TERMINACION | CY1: No de dias DEL CONTRATO | CZ1: No de dias HASTA EL TRIMESTRE | DA1: AVANCE FISICO PROGRAMADO | DB1: 42277 | DC1: AVANCE PRESUPUESTAL PROGRAMADO | DD1: AVANCE PRESUPUESTAL REAL
A2: =V2 -> 1 | B2: RISDEL | C2: 2016623140500001E | D2: 001 | E2: 42374 | F2: DIRECTA | G2: PRESTACIÓN SERVICIOS PROFESIONALES | H2: BOGOTA D.C. | I2: GRUPO DE CONTRATOS | J2: Prestar los servicios profesionales en el Grupo de Contratos adscrito a la Subdirección Administrativa y Financiera, en el desarrollo de procesos precontractuales y post contractuales liderados por esta dependencia, de acuerdo con las condiciones señaladas en las condiciones y especificaciones técnicas descritas en los Estudios Previos y la Propuesta presentada por EL CONTRATISTA. | K2: 212 | L2: 801116 | M2: Servicios de personal temporal | N2: 44000000 | O2: 4916 | P2: A-1-0-2-14 | Q2: CELEBRADO | R2: EJECUCIÓN | V2: 1 | W2: 42375 | X2: 42375 | Y2: =W2-X2 -> 0 | Z2: PRESTACIÓN DE SERVCIOS | AA2: PROFESIONALES | AB2: BOGOTÁ D.C. | AC2: BOGOTÁ D.C. | AD2: CAROLINA PALMA ORTIZ | AE2: 39567488 | AG2: 6816 | AH2: 42522 | AI2: AHORROS | AJ2: 230550763635 | AK2: BANCO POPULAR | AL2: 4000000 | AM2: 44000000 | AO2: =+AM2+AN2 -> 44000000 | AP2: NO REQUIERE | AQ2: NA | AR2: NA | AS2: NA | AT2: NA | AU2: 42375 | AV2: 42709 | AW2: =AV2-AU2 -> 334 | AX2: 0 | AY2: LUZ MIRIAM BOTERO SERNA | AZ2: =LOOKUP(AY2,'SUPERVISIONES 2015'!$A$3:$B$1279,'SUPERVISIONES 2015'!$B$3:$B$1279) -> 24433491 | BA2: La Unidad Administrativa Especial Migración Colombia pagará al contratista el valor del contrato en mensualidades vencidas a razón de CUATRO MILLONES DE PESOS M/CTE ($4.000.000), incluido los impuestos a que haya lugar. | BT2: =+AN2 -> 0 | BU2: =+BD2+BJ2+BP2+BT2 -> 0 | BV2: =+AO2+BU2 -> 44000000 | CM2: =+IF(BX2>AV2,IF(CC2>BX2,IF(CH2>CC2,CH2,CC2),BX2),AV2) -> 42709 | CQ2: =+SUMIFS(#REF!,#REF!,AG2) -> #REF! | CR2: =+SUMIFS(#REF!,#REF!,BB2)+SUMIFS(#REF!,#REF!,BH2)+SUMIFS(#REF!,#REF!,BN2) -> #REF! | CS2: =+(CQ2+CR2)/BV2 -> #REF! | CU2: =+R2 -> EJECUCIÓN | CW2: =+AU2 -> 42375 | CX2: =+CM2 -> 42709 | CY2: =+CX2-CW2 -> 334 | CZ2: =+$DB$1-CW2 -> -98 | DA2: =+IF(CZ2>=CY2,100,(CZ2/CY2)*100) -> -29.341317 | DB2: FECHA DE PRESENTACION DEL SIRECI | DC2: =+DA2 -> -29.341317 | DD2: =+CS2 -> #REF!
A3: =V3 -> 2 | B3: RISDEL | C3: 2016623140100001E | D3: 002 | E3: 42375 | F3: DIRECTA | G3: ARRENDAMIENTO | H3: SANTA MARTA | I3: ADMINISTRATIVA | J3: Contratar el arrendamiento de un local comercial de propiedad del ARRENDADOR, ubicado en el departamento del Magdalena, en la ciudad de Santa Marta en la nomenclatura calle 22 Nº13 A – 88 barrio Los Alcázares, matrícula inmobiliaria Nº 080-11689 y código catastral 47001010500040001000 de la Oficina de Registro de Instrumentos Públicos de Santa Marta, cuyos linderos y características se encuentran descritos en la Escritura Pública Nº 1330 del 20 de julio de 1995 según certificado expedido por la Oficina de Registro de Instrumentos Públicos de Santa Marta. | K3: 232 | L3: 801315 | M3: Alquiler o arrendamiento de propiedades o edificaciones | N3: 111259817 | O3: 1616 | P3: A-2-0-4-10-2 | Q3: CELEBRADO | R3: EJECUCIÓN | V3: 2 | W3: 42377 | X3: 42382 | Y3: =X3-W3 -> 5 | Z3: ARRENDAMIENTO | AA3: ARRENDAMIENTO | AB3: MAGDALENA | AC3: SANTA MARTA | AD3: JULIO RAMON PIZARRO PEREZ | AE3: 4973586 | AG3: 9416 | AH3: 42377 | AI3: AHORROS | AJ3: 51616991195 | AK3: BANCOLOMBIA S.A. | AL3: 9271651 | AM3: 111259817 | AO3: =+AM3+AN3 -> 111259817 | AP3: NO REQUIERE | AQ3: NA | AR3: NA | AS3: NA | AT3: NA | AU3: 42377 | AV3: 42742 | AW3: =AV3-AU3 -> 365 | AY3: SANDRO EDUARDO MURCIA ALFONSO | AZ3: =LOOKUP(AY3,'SUPERVISIONES 2015'!$A$3:$B$1279,'SUPERVISIONES 2015'!$B$3:$B$1279) -> 7314404 | BA3: El canon de arrendamiento se pagara mes anticipado, por la suma de: NUEVE MILLONES DOSCIENTOS SETENTA Y UN MIL SEISCIENTOS CINTUENTA Y UN PESOS MCTE ($9.271.651) incluido el IVA y demás impuestos a que haya lugar. El pago se realizará en la cuenta bancaria que para tal efecto indique el arrendador. El valor final del contrato corresponderá a la prestación efectiva y real del servicio. En caso de terminación anticipada, cesión o suspensión del contrato, sólo habrá lugar al pago proporcional de los servicios efectivamente prestados. | BT3: =+AN3 -> 0 | BU3: =+BD3+BJ3+BP3+BT3 -> 0 | BV3: =+AO3+BU3 -> 111259817 | CM3: =+IF(BX3>AV3,IF(CC3>BX3,IF(CH3>CC3,CH3,CC3),BX3),AV3) -> 42742 | CQ3: =+SUMIFS(#REF!,#REF!,AG3) -> #REF! | CR3: =+SUMIFS(#REF!,#REF!,BB3)+SUMIFS(#REF!,#REF!,BH3)+SUMIFS(#REF!,#REF!,BN3) -> #REF! | CS3: =+(CQ3+CR3)/BV3 -> #REF! | CU3: =+R3 -> EJECUCIÓN | CW3: =+AU3 -> 42377 | CX3: =+CM3 -> 42742 | CY3: =+CX3-CW3 -> 365 | CZ3: =+$DB$1-CW3 -> -100 | DA3: =+IF(CZ3>=CY3,100,(CZ3/CY3)*100) -> -27.39726 | DC3: =+DA3 -> -27.39726 | DD3: =+CS3 -> #REF!
A4: =V4 -> 6 | B4: RISDEL | C4: 2016623140500005E | D4: 003 | E4: 42377 | F4: DIRECTA | G4: PRESTACIÓN SERVICIOS PROFESIONALES | H4: BOGOTA D.C. | I4: GRUPO DE CONTRATOS | J4: Prestar servicios profesionales y de apoyo a la gestión en el grupo de contratos perteneciente a la subdirección administrativa y financiera de migración Colombia, de acuerdo con las condiciones señaladas en las condiciones y especificaciones técnicas descritas en los Estudios Previos y la Propuesta presentada por EL CONTRATISTA. | K4: 200 | L4: 801116 | M4: Servicios de personal temporal | N4: 28750000 | O4: 7816 | P4: A-1-0-2-14 | Q4: CELEBRADO | R4: EJECUCIÓN | V4: 6 | W4: 42383 | X4: 42384 | Y4: =X4-W4 -> 1 | Z4: PRESTACIÓN DE SERVCIOS | AA4: PROFESIONALES | AB4: BOGOTÁ D.C. | AC4: BOGOTÁ D.C. | AD4: MARIA JIMENA CASTRO ACEVEDO | AE4: 1022097423 | AG4: 17016 | AH4: 42383 | AI4: AHORROS | AJ4: 24085108791 | AK4: BANCOLOMBIA S.A. | AL4: 2500000 | AM4: 28750000 | AO4: =+AM4+AN4 -> 28750000 | AP4: NO REQUIERE | AQ4: NA | AR4: NA | AS4: NA | AT4: NA | AU4: 42383 | AV4: 42732 | AW4: =AV4-AU4 -> 349 | AX4: 0 | AY4: LUZ MIRIAM BOTERO SERNA | AZ4: =LOOKUP(AY4,'SUPERVISIONES 2015'!$A$3:$B$1279,'SUPERVISIONES 2015'!$B$3:$B$1279) -> 24433491 | BA4: Una vez perfeccionado el contrato y cumplidos los requisitos de ejecución, la Unidad Administrativa Especial Migración Colombia pagará al contratista el valor del contrato en once (11) mensualidades vencidas a razón de DOS MILLONES QUINIENTOS MIL PESOS MCTE ($2.500.000.00) cada una y un (1) último pago proporcional a 15 días por valor de UN MILLON DOSCIENTOS CINCUENTA MIL PESOS M/CTE ($1.250.000). | BT4: =+AN4 -> 0 | BU4: =+BD4+BJ4+BP4+BT4 -> 0 | BV4: =+AO4+BU4 -> 28750000 | CM4: =+IF(BX4>AV4,IF(CC4>BX4,IF(CH4>CC4,CH4,CC4),BX4),AV4) -> 42732 | CQ4: =+SUMIFS(#REF!,#REF!,AG4) -> #REF! | CR4: =+SUMIFS(#REF!,#REF!,BB4)+SUMIFS(#REF!,#REF!,BH4)+SUMIFS(#REF!,#REF!,BN4) -> #REF! | CS4: =+(CQ4+CR4)/BV4 -> #REF! | CU4: =+R4 -> EJECUCIÓN | CW4: =+AU4 -> 42383 | CX4: =+CM4 -> 42732 | CY4: =+CX4-CW4 -> 349 | CZ4: =+$DB$1-CW4 -> -106 | DA4: =+IF(CZ4>=CY4,100,(CZ4/CY4)*100) -> -30.372493 | DC4: =+DA4 -> -30.372493 | DD4: =+CS4 -> #REF!
A5: =V5 -> DESIERTO | B5: RISDEL | C5: 2016623140500004E | D5: 004 | E5: 42377 | F5: DIRECTA | G5: PRESTACIÓN SERVICIOS PROFESIONALES | H5: BOGOTA D.C. | I5: GRUPO DE VIATICOS | J5: Prestación de servicios de apoyo al grupo de pasajes y viáticos en el proceso de realizar egresos y actualización a diario de los libros y archivo macro de pagos, de acuerdo con las condiciones señaladas en las condiciones y especificaciones técnicas descritas en los Estudios Previos y la Propuesta presentada por EL CONTRATISTA | K5: 152 | L5: 801615 | M5: Servicios de gestion de servicios profesionales | N5: 23760000 | O5: 7416 | P5: A-1-0-2-14 | Q5: DESCARTADO | R5: DESCARTADO | S5: DESCARTADO | T5: DESCARTADO | U5: DESCARTADO | V5: DESIERTO | X5: DESCARTADO | Z5: DESCARTADO | AA5: DESCARTADO | AB5: DESCARTADO | AC5: DESCARTADO | AD5: DESCARTADO | AE5: DESCARTADO | AF5: DESCARTADO | AG5: DESCARTADO | AH5: DESCARTADO | AI5: DESCARTADO | AJ5: DESCARTADO | AK5: DESCARTADO | AL5: DESCARTADO | AO5: =+AM5+AN5 -> 0 | AP5: NO REQUIERE | AQ5: NA | AR5: NA | AS5: NA | AT5: NA | AW5: =AV5-AU5 -> 0 | AZ5: =LOOKUP(AY5,'SUPERVISIONES 2015'!$A$3:$B$1279,'SUPERVISIONES 2015'!$B$3:$B$1279) -> #N/A | BT5: =+AN5 -> 0 | BU5: =+BD5+BJ5+BP5+BT5 -> 0 | BV5: =+AO5+BU5 -> 0 | CM5: =+IF(BX5>AV5,IF(CC5>BX5,IF(CH5>CC5,CH5,CC5),BX5),AV5) -> 0 | CQ5: =+SUMIFS(#REF!,#REF!,AG5) -> #REF! | CR5: =+SUMIFS(#REF!,#REF!,BB5)+SUMIFS(#REF!,#REF!,BH5)+SUMIFS(#REF!,#REF!,BN5) -> #REF! | CS5: =+(CQ5+CR5)/BV5 -> #REF! | CU5: =+R5 -> DESCARTADO | CW5: =+AU5 -> 0 | CX5: =+CM5 -> 0 | CY5: =+CX5-CW5 -> 0 | CZ5: =+$DB$1-CW5 -> 42277 | DA5: =+IF(CZ5>=CY5,100,(CZ5/CY5)*100) -> 100 | DC5: =+DA5 -> 100 | DD5: =+CS5 -> #REF!
A6: =V6 -> 22 | B6: RISDEL | C6: 2016623140100007E | D6: 005 | E6: 42377 | F6: DIRECTA | G6: ARRENDAMIENTO | H6: ANTIOQUIA | I6: ADMINISTRATIVA | J6: El ARRENDADOR se obliga para con el ARRENDATARIO a entregar en arrendamiento el inmueble ubicado en el municipio de Turbo Antioquia, identificado con las nomenclaturas calle 100 No 14-57, apartamento 201 y Calle 100 No 14-63, apartamento 101, esquina, con una superficie total de 160.2 metros cuadrados | K6: 61 | L6: 801315 | M6: Alquiler o arrendamiento de propiedades o edificaciones | N6: 28402000 | O6: 6016 | P6: A-2-0-4-10-2 | Q6: CELEBRADO | R6: EJECUCIÓN | V6: 22 | W6: 42395 | X6: 42396 | Y6: =X6-W6 -> 1 | Z6: ARRENDAMIENTO | AA6: ARRENDAMIENTO | AB6: ANTIOQUIA | AC6: TURBO | AD6: LINDA MERY GRACIANY DE ESCOBAR | AE6: 32529734 | AG6: 28516 | AH6: 42395 | AI6: AHORROS | AJ6: 66138556299 | AK6: BANCOLOMBIA S.A. | AL6: 2582000 | AM6: 28402000 | AO6: =+AM6+AN6 -> 28402000 | AP6: NO REQUIERE | AQ6: NA | AR6: NA | AS6: NA | AT6: NA | AU6: 42395 | AV6: 42729 | AW6: =AV6-AU6 -> 334 | AY6: LUZ REINELDA SANCHEZ GIL | AZ6: =LOOKUP(AY6,'SUPERVISIONES 2015'!$A$3:$B$1279,'SUPERVISIONES 2015'!$B$3:$B$1279) -> 26271656 | BA6: El canon de arrendamiento mensual se pagara mes anticipado AL ARRENDADOR dentro de los primeros diez (10) días calendario por valor de DOS MILLONES TRESCIENTOS NOVENTA QUINIENTOS VEINTE PESOS ($2´582.000) MCTE., incluido el IVA y demás impuestos a que haya lugar. | BT6: =+AN6 -> 0 | BU6: =+BD6+BJ6+BP6+BT6 -> 0 | BV6: =+AO6+BU6 -> 28402000 | CM6: =+IF(BX6>AV6,IF(CC6>BX6,IF(CH6>CC6,CH6,CC6),BX6),AV6) -> 42729 | CQ6: =+SUMIFS(#REF!,#REF!,AG6) -> #REF! | CR6: =+SUMIFS(#REF!,#REF!,BB6)+SUMIFS(#REF!,#REF!,BH6)+SUMIFS(#REF!,#REF!,BN6) -> #REF! | CS6: =+(CQ6+CR6)/BV6 -> #REF! | CU6: =+R6 -> EJECUCIÓN | CW6: =+AU6 -> 42395 | CX6: =+CM6 -> 42729 | CY6: =+CX6-CW6 -> 334 | CZ6: =+$DB$1-CW6 -> -118 | DA6: =+IF(CZ6>=CY6,100,(CZ6/CY6)*100) -> -35.329341 | DC6: =+DA6 -> -35.329341 | DD6: =+CS6 -> #REF!
A7: =V7 -> 24 | B7: RISDEL | C7: 2016623140100006E | D7: 006 | E7: 42377 | F7: DIRECTA | G7: ARRENDAMIENTO | H7: ANTIOQUIA | I7: ADMINISTRATIVA | J7: El ARRENDADOR se obliga para con el ARRENDATARIO a entregar en arrendamiento un cupo de parqueadero para el parque automotor del Centro Facilitador de Servicios Migratorios en la ciudad de Quibdó, ubicado en la carrera 5 entre calles 24 y 25 | K7: 57 | L7: 801315 | M7: Alquiler o arrendamiento de propiedades o edificaciones | N7: 2520000 | O7: 6216 | P7: A-2-0-4-10-2 | Q7: CELEBRADO | R7: EJECUCIÓN | V7: 24 | W7: 42397 | X7: 42398 | Y7: =X7-W7 -> 1 | Z7: ARRENDAMIENTO | AA7: ARRENDAMIENTO | AB7: CHOCO | AC7: QUIBDO | AD7: LUIS ANIBAL FLOREZ MOSCOSO | AE7: 11695148 | AG7: 33816 | AH7: 42397 | AI7: AHORROS | AJ7: 440334126 | AK7: BANCO BILVAO VIZCAYA ARGENTARIA COLOMBIA S.A. BBVA | AL7: 210000 | AM7: 2520000 | AO7: =+AM7+AN7 -> 2520000 | AP7: NO REQUIERE | AQ7: NA | AR7: NA | AS7: NA | AT7: NA | AU7: 42397 | AV7: 42762 | AW7: =AV7-AU7 -> 365 | AY7: YADID DEL CARMEN MARTINEZ HINESTROZA | AZ7: =LOOKUP(AY7,'SUPERVISIONES 2015'!$A$3:$B$1279,'SUPERVISIONES 2015'!$B$3:$B$1279) -> 1077438612 | BA7: El canon de arrendamiento se pagara por doce (12) mensualidades anticipadas, cada una por la suma de: DOSCIENTOS DIEZ MIL PESOS MCTE ($210.000) incluido el IVA y demás impuestos a que haya lugar. El pago se realizará en la cuenta bancaria que para tal efecto indique el arrendador. El valor final del contrato corresponderá a la prestación efectiva y real del servicio. En caso de terminación anticipada, cesión o suspensión del contrato, sólo habrá lugar al pago proporcional de los servicios efectivamente prestados. | BT7: =+AN7 -> 0 | BU7: =+BD7+BJ7+BP7+BT7 -> 0 | BV7: =+AO7+BU7 -> 2520000 | CM7: =+IF(BX7>AV7,IF(CC7>BX7,IF(CH7>CC7,CH7,CC7),BX7),AV7) -> 42762 | CQ7: =+SUMIFS(#REF!,#REF!,AG7) -> #REF! | CR7: =+SUMIFS(#REF!,#REF!,BB7)+SUMIFS(#REF!,#REF!,BH7)+SUMIFS(#REF!,#REF!,BN7) -> #REF! | CS7: =+(CQ7+CR7)/BV7 -> #REF! | CU7: =+R7 -> EJECUCIÓN | CW7: =+AU7 -> 42397 | CX7: =+CM7 -> 42762 | CY7: =+CX7-CW7 -> 365 | CZ7: =+$DB$1-CW7 -> -120 | DA7: =+IF(CZ7>=CY7,100,(CZ7/CY7)*100) -> -32.876712 | DC7: =+DA7 -> -32.876712 | DD7: =+CS7 -> #REF!
A8: =V8 -> 7 | B8: CAROLINA | C8: 2016623140500009E | D8: 007 | E8: 42381 | F8: DIRECTA | G8: PRESTACIÓN SERVICIOS PROFESIONALES | H8: BOGOTA D.C. | I8: SUBDIRECCIÓN CONTROL MIGRATORIO | J8: Prestar los servicios profesionales de asesoría y apoyo en la formulación, estructuración y diseño de proyectos, iniciativas, estudios y procedimientos para la optimización de la gestión de control migratorio liderados por la Subdirección de Control Migratorio, de acuerdo con las condiciones señaladas en las condiciones y especificaciones técnicas descritas en los Estudios Previos y la Propuesta presentada por EL CONTRATISTA. | K8: 166 | L8: 801116 | M8: Servicios de personal temporal | N8: 52000000 | O8: 7516 | P8: A-1-0-2-14 | Q8: CELEBRADO | R8: EJECUCIÓN | V8: 7 | W8: 42383 | X8: 42384 | Y8: =X8-W8 -> 1 | Z8: PRESTACIÓN DE SERVCIOS | AA8: PROFESIONALES | AB8: BOGOTÁ D.C. | AC8: BOGOTÁ D.C. | AD8: RUBEN DARIO GONZALEZ HERNANDEZ | AE8: 14696934 | AG8: 16916 | AH8: 42383 | AI8: AHORRO | AJ8: 56561350 | AK8: BANCO DAVIVIENDA SA | AL8: 5200000 | AM8: 52000000 | AO8: =+AM8+AN8 -> 52000000 | AP8: NO REQUIERE | AQ8: NA | AR8: NA | AS8: NA | AT8: NA | AU8: 42383 | AV8: 42687 | AW8: =AV8-AU8 -> 304 | AY8: HUMBERTO VELASQUEZ ARDILA | AZ8: =LOOKUP(AY8,'SUPERVISIONES 2015'!$A$3:$B$1279,'SUPERVISIONES 2015'!$B$3:$B$1279) -> 17336974 | BA8: Una vez perfeccionado el contrato y cumplidos los requisitos de ejecución, la Unidad Administrativa Especial Migración Colombia pagará al contratista el valor del contrato en mensualidades vencidas a razón de CINCO MILLONES DOSCIENTOS MIL DE PESOS M/CTE ($5.200.000) cada una, incluido los impuestos a que haya lugar. | BT8: =+AN8 -> 0 | BU8: =+BD8+BJ8+BP8+BT8 -> 0 | BV8: =+AO8+BU8 -> 52000000 | CM8: =+IF(BX8>AV8,IF(CC8>BX8,IF(CH8>CC8,CH8,CC8),BX8),AV8) -> 42687 | CQ8: =+SUMIFS(#REF!,#REF!,AG8) -> #REF! | CR8: =+SUMIFS(#REF!,#REF!,BB8)+SUMIFS(#REF!,#REF!,BH8)+SUMIFS(#REF!,#REF!,BN8) -> #REF! | CS8: =+(CQ8+CR8)/BV8 -> #REF! | CU8: =+R8 -> EJECUCIÓN | CW8: =+AU8 -> 42383 | CX8: =+CM8 -> 42687 | CY8: =+CX8-CW8 -> 304 | CZ8: =+$DB$1-CW8 -> -106 | DA8: =+IF(CZ8>=CY8,100,(CZ8/CY8)*100) -> -34.868421 | DC8: =+DA8 -> -34.868421 | DD8: =+CS8 -> #REF!
A9: =V9 -> 9 | B9: CLAUDIA A. | C9: 2016623140500027E | D9: 008 | E9: 42381 | F9: DIRECTA | G9: PRESTACIÓN SERVICIOS PROFESIONALES | H9: NIVEL CENTRAL | I9: SUBDIRECCION ADMINSITRATIVA Y FINANCIERA | J9: Prestar los servicios de apoyo a la gestión en temas de Infraestructura en la Subdirección Administrativa y Financiera de Migración Colombia | K9: 5 | L9: 801116 | M9: Servicios de Gestión, Servicios Profesionales de Empresa y Servicios Administrativos. | N9: 41´580.000 | O9: 5516 | P9: A-1-0-2-14 | Q9: CELEBRADO | R9: EJECUCIÓN | V9: 9 | W9: 42384 | X9: 42389 | Y9: =X9-W9 -> 5 | Z9: PRESTACION SE SERVICIOS | AA9: PROFESIONALES | AB9: BOGOTÁ D.C. | AC9: BOGOTÁ D.C. | AD9: FRANK DANIEL RAMOS CHAPARRO | AE9: 5825755 | AG9: 17816 | AH9: 42384 | AI9: AHORROS | AJ9: 4292009068 | AK9: COLPATRIA | AL9: 3´780.000 | AM9: 41580000 | AO9: =+AM9+AN9 -> 41580000 | AP9: NO REQUIERE | AQ9: NA | AR9: NA | AS9: NA | AT9: NA | AU9: 42384 | AV9: 42719 | AW9: =AV9-AU9 -> 335 | AY9: MARCELA MANRIQUE CASTRO | AZ9: =LOOKUP(AY9,'SUPERVISIONES 2015'!$A$3:$B$1279,'SUPERVISIONES 2015'!$B$3:$B$1279) -> 52544180 | BA9: Una vez perfeccionado el contrato y cumplidos los requisitos de ejecución, la Unidad Administrativa Especial Migración Colombia pagará al contratista el valor del contrato en Once (11) Mensualidades vencidas cada una de TRES MILLONES SETECIENTOS OCHENTA MIL PESOS ($3´780.000), incluido los impuestos a que haya lugar. | BT9: =+AN9 -> 0 | BU9: =+BD9+BJ9+BP9+BT9 -> 0 | BV9: =+AO9+BU9 -> 41580000 | CM9: =+IF(BX9>AV9,IF(CC9>BX9,IF(CH9>CC9,CH9,CC9),BX9),AV9) -> 42719 | CQ9: =+SUMIFS(#REF!,#REF!,AG9) -> #REF! | CR9: =+SUMIFS(#REF!,#REF!,BB9)+SUMIFS(#REF!,#REF!,BH9)+SUMIFS(#REF!,#REF!,BN9) -> #REF! | CS9: =+(CQ9+CR9)/BV9 -> #REF! | CU9: =+R9 -> EJECUCIÓN | CW9: =+AU9 -> 42384 | CX9: =+CM9 -> 42719 | CY9: =+CX9-CW9 -> 335 | CZ9: =+$DB$1-CW9 -> -107 | DA9: =+IF(CZ9>=CY9,100,(CZ9/CY9)*100) -> -31.940299 | DC9: =+DA9 -> -31.940299 | DD9: =+CS9 -> #REF!
A10: =V10 -> 46 | B10: CLAUDIA A. | C10: 2016623140500028E | D10: 009 | E10: 42381 | F10: DIRECTA | G10: INTERADMINISTRATIVO | H10: NIVEL CENTRAL | I10: SUBDIRECCION ADMINSITRATIVA Y FINANCIERA | J10: Contratar el servicio especializado de transporte de carga vía aérea y terrestre, para el envío de manera segura y oportuna de los bienes, mobiliario y útiles de papelería y escritorio a cargo de la entidad, desde y con destino al nivel central y las Sedes Regionales, Centros Facilitadores de Servicios Migratorios y Puestos de Control Migratorio Aéreo y Terrestre, a nivel nacional. | K10: 52 | L10: 781015 -781018 | M10: Servicios de Transporte, almacenaje y correo | N10: 55’000.000 | O10: 7316 | P10: A-2-0-4--6-3 | Q10: CELEBRADO | R10: EJECUCION | V10: 46 | W10: 42431 | X10: 42436 | Y10: =X10-W10 -> 5 | Z10: CONTRATO INTERADMINISTRATIVO | AA10: INTERADMINISTRATIVO | AB10: A NIVEL NACIONAL | AC10: A NIVEL NACIONAL | AD10: SERVICIOS POSTALES NACIONALES S.A. | AE10: 900062917 | AF10: 9 | AG10: 52816 | AH10: 42431 | AI10: AHORROS | AJ10: 221806300 | AK10: OCCIDENTE | AM10: 55000000 | AO10: 55000000 | AT10: NA | AU10: 42431 | AV10: 42735 | AW10: =AV10-AU10 -> 304 | AY10: ANGELA PATRICIA PARRA | AZ10: 52992368 | BA10: La Unidad Administrativa Especial Migración Colombia cancelará a Servicios Postales Nacionales S.A. el valor pactado en Pagos mensuales de conformidad con los servicios efectivamente prestados en el mes anterior. | BT10: =+AN10 -> 0 | BU10: =+BD10+BJ10+BP10+BT10 -> 0 | BV10: =+AO10+BU10 -> 55000000 | CM10: =+IF(BX10>AV10,IF(CC10>BX10,IF(CH10>CC10,CH10,CC10),BX10),AV10) -> 42735 | CQ10: =+SUMIFS(#REF!,#REF!,AG10) -> #REF! | CR10: =+SUMIFS(#REF!,#REF!,BB10)+SUMIFS(#REF!,#REF!,BH10)+SUMIFS(#REF!,#REF!,BN10) -> #REF! | CS10: =+(CQ10+CR10)/BV10 -> #REF! | CU10: =+R10 -> EJECUCION | CW10: =+AU10 -> 42431 | CX10: =+CM10 -> 42735 | CY10: =+CX10-CW10 -> 304 | CZ10: =+$DB$1-CW10 -> -154 | DA10: =+IF(CZ10>=CY10,100,(CZ10/CY10)*100) -> -50.657895 | DC10: =+DA10 -> -50.657895 | DD10: =+CS10 -> #REF!
A11: =V11 -> 3 | B11: CAROLINA | C11: 2016623140500003E | D11: 010 | E11: 42381 | F11: DIRECTA | H11: BOGOTA D.C. | I11: DIRECCIÓN GENERAL | J11: Prestar los servicios profesionales para apoyar a la Dirección General en el seguimiento de las directrices que se imparten a las diferentes dependencias sobre la gestión administrativa y misional de la Entidad, de acuerdo con las condiciones señaladas y especificaciones técnicas descritas en los Estudios Previos y la Propuesta presentada por EL CONTRATISTA. | K11: 3 | L11: 801116 | M11: Servicios de personal temporal | N11: 40250000 | O11: 7616 | P11: A-1-0-2-14 | Q11: CELEBRADO | R11: EJECUCIÓN | V11: 3 | W11: 42382 | X11: 42382 | Y11: =X11-W11 -> 0 | Z11: PRESTACIÓN DE SERVCIOS | AA11: PROFESIONALES | AB11: BOGOTÁ D.C. | AC11: BOGOTÁ D.C. | AD11: EDUARDO LLAÑA SANCHEZ | AE11: 1020751323 | AG11: 13516 | AH11: 42382 | AI11: AHORROS | AJ11: 4822717786 | AK11: BANCOLOMBIA S.A. | AL11: 3500000 | AM11: 40250000 | AO11: =+AM11+AN11 -> 40250000 | AP11: NO REQUIERE | AQ11: NA | AR11: NA | AS11: NA | AT11: NA | AU11: 42382 | AV11: 42731 | AW11: =AV11-AU11 -> 349 | AX11: 0 | AZ11: =LOOKUP(AY11,'SUPERVISIONES 2015'!$A$3:$B$1279,'SUPERVISIONES 2015'!$B$3:$B$1279) -> #N/A | BA11: Una vez perfeccionado el contrato y cumplidos los requisitos de ejecución, la Unidad Administrativa Especial Migración Colombia pagará al contratista el valor del contrato en once (11) mensualidades vencidas a razón de TRES MILLONES QUINIENTOS MIL DE PESOS MONEDA CORRIENTE ($3.500.000.00) cada una y un (1) último pago proporcional a 15 días por valor de UN MILLON SETECIENTOS CINCUENTA MIL PESOS M/CTE ($1.750.000). | BT11: =+AN11 -> 0 | BU11: =+BD11+BJ11+BP11+BT11 -> 0 | BV11: =+AO11+BU11 -> 40250000 | CM11: =+IF(BX11>AV11,IF(CC11>BX11,IF(CH11>CC11,CH11,CC11),BX11),AV11) -> 42731 | CQ11: =+SUMIFS(#REF!,#REF!,AG11) -> #REF! | CR11: =+SUMIFS(#REF!,#REF!,BB11)+SUMIFS(#REF!,#REF!,BH11)+SUMIFS(#REF!,#REF!,BN11) -> #REF! | CS11: =+(CQ11+CR11)/BV11 -> #REF! | CU11: =+R11 -> EJECUCIÓN | CW11: =+AU11 -> 42382 | CX11: =+CM11 -> 42731 | CY11: =+CX11-CW11 -> 349 | CZ11: =+$DB$1-CW11 -> -105 | DA11: =+IF(CZ11>=CY11,100,(CZ11/CY11)*100) -> -30.08596 | DC11: =+DA11 -> -30.08596 | DD11: =+CS11 -> #REF!
A12: =V12 -> 12 | B12: RISDEL - CAROLINA | C12: 2016623140500033E | D12: 11 | E12: 42381 | F12: DIRECTA | G12: PRESTACIÓN SERVICIOS PROFESIONALES | H12: BOGOTA D.C. | I12: OFICINA ASESORA JURIDICA | J12: Prestar los servicios profesionales en la oficina Asesora Jurídica, en el manejo de temas contencioso administrativo, de acuerdo con las condiciones señaladas y especificaciones técnicas descritas en los estudios previos y la propuesta presentada por EL CONTRATISTA | K12: 208 | L12: 801015 | M12: Servicios de gestion de servicios profesionales | N12: 77000000 | O12: 10116 | P12: A-1-0-2-14 | Q12: CELEBRADO | R12: EJECUCIÓN | V12: 12 | W12: 42388 | X12: 42388 | Y12: =X12-W12 -> 0 | Z12: PRESTACIÓN DE SERVCIOS | AA12: PROFESIONALES | AB12: BOGOTÁ D.C. | AC12: BOGOTÁ D.C. | AD12: JOAQUIN ALFONSO MEJIA PARRA | AE12: 77177212 | AG12: 21216 | AH12: 42388 | AI12: AHORROS | AJ12: 5570179118 | AK12: BANCO DAVIVIENDA SA | AL12: 7000000 | AM12: 77000000 | AO12: =+AM12+AN12 -> 77000000 | AP12: NO REQUIERE | AQ12: NA | AR12: NA | AS12: NA | AT12: NA | AU12: 42388 | AV12: 42722 | AW12: =AV12-AU12 -> 334 | AY12: WINSTON ANDRES MARTINEZ ACOSTA | AZ12: =LOOKUP(AY12,'SUPERVISIONES 2015'!$A$3:$B$1279,'SUPERVISIONES 2015'!$B$3:$B$1279) -> 79572017 | BA12: Una vez perfeccionado el contrato y cumplidos los requisitos de ejecución, la Unidad Administrativa Especial Migración Colombia pagará al contratista el valor del contrato en mensualidades vencidas a razón SIETE MILLONES DE PESOS MONEDA CORRIENTE ($7.000.000) cada una, incluido los impuestos a que haya lugar. | BT12: =+AN12 -> 0 | BU12: =+BD12+BJ12+BP12+BT12 -> 0 | BV12: =+AO12+BU12 -> 77000000 | CM12: =+IF(BX12>AV12,IF(CC12>BX12,IF(CH12>CC12,CH12,CC12),BX12),AV12) -> 42722 | CQ12: =+SUMIFS(#REF!,#REF!,AG12) -> #REF! | CR12: =+SUMIFS(#REF!,#REF!,BB12)+SUMIFS(#REF!,#REF!,BH12)+SUMIFS(#REF!,#REF!,BN12) -> #REF! | CS12: =+(CQ12+CR12)/BV12 -> #REF! | CU12: =+R12 -> EJECUCIÓN | CW12: =+AU12 -> 42388 | CX12: =+CM12 -> 42722 | CY12: =+CX12-CW12 -> 334 | CZ12: =+$DB$1-CW12 -> -111 | DA12: =+IF(CZ12>=CY12,100,(CZ12/CY12)*100) -> -33.233533 | DC12: =+DA12 -> -33.233533 | DD12: =+CS12 -> #REF!
A13: =V13 -> 5 | B13: CLAUDIA A. | C13: 2016623140500019E | D13: 12 | E13: 42382 | F13: DIRECTA | G13: PRESTACIÓN SERVICIOS PROFESIONALES | H13: BOGOTA D.C. | I13: GRUPO CONTRATOS | J13: PRESTAR SERVICIOS PROFESIONALES AL GRUPO DE CONTRATOS ADSCRITO A LA SUBDIRECCIÓN ADMINISTRATIVA Y FINANCIERA EN EL DESARROLLO DE PROCESOS PRECONTRACTUALES Y POSTCONTRACTUALES LIDERADOS POR ESTA DEPENDENCIA.- | K13: 199 | L13: 801116 | M13: Servicios de Gestión, Servicios Profesionales de Empresa y Servicios Administrativos. | N13: 31,500,000 | O13: 5216 | P13: A-1-0-2-14 | Q13: CELEBRADO | R13: EJECUCIÓN | V13: 5 | W13: 42383 | X13: 42388 | Y13: =X13-W13 -> 5 | Z13: PRESTACIÓN DE SERVCIOS | AA13: PROFESIONALES | AB13: BOGOTÁ D.C. | AC13: BOGOTÁ D.C. | AD13: ALEJANDRA MARIA ARCOS MEDINA | AE13: 1049617134 | AG13: 16816 | AH13: 42383 | AI13: AHORROS | AJ13: 4093878502 | AK13: Bancolombia | AL13: 3500000 | AM13: 31500000 | AO13: =+AM13+AN13 -> 31500000 | AP13: NO REQUIERE | AQ13: NA | AR13: NA | AS13: NA | AT13: NA | AU13: 42383 | AV13: 42657 | AW13: =AV13-AU13 -> 274 | AY13: BOTERO SERNA LUZ MIRIAM | AZ13: =LOOKUP(AY13,'SUPERVISIONES 2015'!$A$3:$B$1279,'SUPERVISIONES 2015'!$B$3:$B$1279) -> 80049005 | BA13: Una vez perfeccionado el contrato y cumplidos los requisitos de ejecución, la Unidad Administrativa Especial Migración Colombia pagará al contratista el valor del contrato en nueve (9) mensualidades vencidas a razón de TRES MILLONES QUINIENTOS MIL PESOS ($3.500.000), incluido los impuestos a que haya lugar. | BT13: =+AN13 -> 0 | BU13: =+BD13+BJ13+BP13+BT13 -> 0 | BV13: =+AO13+BU13 -> 31500000 | CM13: =+IF(BX13>AV13,IF(CC13>BX13,IF(CH13>CC13,CH13,CC13),BX13),AV13) -> 42657 | CQ13: =+SUMIFS(#REF!,#REF!,AG13) -> #REF! | CR13: =+SUMIFS(#REF!,#REF!,BB13)+SUMIFS(#REF!,#REF!,BH13)+SUMIFS(#REF!,#REF!,BN13) -> #REF! | CS13: =+(CQ13+CR13)/BV13 -> #REF! | CU13: =+R13 -> EJECUCIÓN | CW13: =+AU13 -> 42383 | CX13: =+CM13 -> 42657 | CY13: =+CX13-CW13 -> 274 | CZ13: =+$DB$1-CW13 -> -106 | DA13: =+IF(CZ13>=CY13,100,(CZ13/CY13)*100) -> -38.686131 | DC13: =+DA13 -> -38.686131 | DD13: =+CS13 -> #REF!
A14: =V14 -> 15 | B14: CLAUDIA A. | C14: 2016623140500016E | D14: 13 | E14: 42382 | F14: DIRECTA | G14: PRESTACIÓN SERVICIOS PROFESIONALES | H14: BOGOTA D.C. | I14: OFICINA ASESORA JURIDICA | J14: Prestar los servicios profesionales en la oficina Asesora Jurídica, para apoyar la gestión en la formulación de conceptos, análisis de documentos, manejo de procesos de la oficina jurídica, de acuerdo con las condiciones señaladas y especificaciones técnicas descritas en los estudios previos y la propuesta presentada por EL CONTRATISTA. | K14: 209 | L14: 801217 | M14: Servicios de gestion de servicios profesionales de empresa y servicios administrativos | N14: 38,500,000 | O14: 9516 | P14: A-1-0-2-14 | Q14: CELEBRADO | R14: EJECUCIÓN | V14: 15 | W14: 42389 | X14: 42391 | Y14: =X14-W14 -> 2 | Z14: PRESTACIÓN DE SERVCIOS | AA14: PROFESIONALES | AB14: BOGOTÁ D.C. | AC14: BOGOTÁ D.C. | AD14: NORBERTO RUBIANO MARTINEZ | AE14: 79262899 | AG14: 24416 | AH14: 42389 | AI14: AHORROS | AJ14: 79262899 | AK14: COLPATRIA | AL14: 3500000 | AM14: 38500000 | AO14: =+AM14+AN14 -> 38500000 | AP14: NO REQUIERE | AQ14: NA | AR14: NA | AS14: NA | AT14: NA | AU14: 42389 | AV14: 42724 | AW14: =AV14-AU14 -> 335 | AY14: WINSTON ANDRES MARTINEZ ACOSTA | AZ14: =LOOKUP(AY14,'SUPERVISIONES 2015'!$A$3:$B$1279,'SUPERVISIONES 2015'!$B$3:$B$1279) -> 79572017 | BA14: Una vez perfeccionado el contrato y cumplidos los requisitos de ejecución, la Unidad Administrativa Especial Migración Colombia pagará al contratista el valor del contrato en mensualidades vencidas cada una de TRES MILLONES QUINIENTOS MIL PESOS MONEDA CORRIENTE ($3.500.000), incluido los impuestos a que haya lugar. | BT14: =+AN14 -> 0 | BU14: =+BD14+BJ14+BP14+BT14 -> 0 | BV14: =+AO14+BU14 -> 38500000 | CM14: =+IF(BX14>AV14,IF(CC14>BX14,IF(CH14>CC14,CH14,CC14),BX14),AV14) -> 42724 | CQ14: =+SUMIFS(#REF!,#REF!,AG14) -> #REF! | CR14: =+SUMIFS(#REF!,#REF!,BB14)+SUMIFS(#REF!,#REF!,BH14)+SUMIFS(#REF!,#REF!,BN14) -> #REF! | CS14: =+(CQ14+CR14)/BV14 -> #REF! | CU14: =+R14 -> EJECUCIÓN | CW14: =+AU14 -> 42389 | CX14: =+CM14 -> 42724 | CY14: =+CX14-CW14 -> 335 | CZ14: =+$DB$1-CW14 -> -112 | DA14: =+IF(CZ14>=CY14,100,(CZ14/CY14)*100) -> -33.432836 | DC14: =+DA14 -> -33.432836 | DD14: =+CS14 -> #REF!
A15: =V15 -> 10 | B15: CLAUDIA A. | C15: 2016623140100005E | D15: 14 | E15: 42382 | F15: DIRECTA | G15: ARRENDAMIENTO | H15: NARIÑO | I15: REGIONAL NARIÑO | J15: Contratar el arrendamiento del piso primero (1º) y segundo (2º) del inmueble ¿2 casas solar¿ ubicado en la Vereda La Calera, Corregimiento Chiles, Municipio Cumbal Departamento de Nariño, identificado con la matrícula 244-46983, código catastral No. 00-01-008-0071 cuyos linderos se encuentran descritos en la escritura pública No. 36 del 11 de Febrero de 1964 de la Notaria de Cumbal (Dpto de Nariño) | K15: 54 | L15: 801315 | M15: Servicios de gestion de servicios profesionales de empresa y servicios administrativos | N15: 9,395,760 | O15: 6416 | P15: A-2-0-4-10-2 | Q15: CELEBRADO | R15: EJECUCIÓN | V15: 10 | W15: 42384 | X15: 42389 | Y15: =X15-W15 -> 5 | Z15: ARRENDAMIENTO | AB15: NARIÑO | AC15: CUMBAL | AD15: PARMENIDES IBARRA CORDOBA | AE15: 98324134 | AG15: 18516 | AH15: 42384 | AI15: AHORROS | AJ15: 24527938846 | AK15: CAJA SOCIAL | AL15: 854160 | AM15: 9395760 | AO15: =+AM15+AN15 -> 9395760 | AP15: NO REQUIERE | AQ15: NA | AR15: NA | AS15: NA | AT15: NA | AU15: 42384 | AV15: 42719 | AW15: =AV15-AU15 -> 335 | AY15: ANA MERCEDES FIGUEROA | AZ15: 30738603 | BA15: A título de canon de arrendamiento mensual, pago anticipado AL ARRENDADOR dentro de los primeros diez (10) días calendario de cada mes, por valor de OCHOCIENTOS CINCUENTA Y CUATRO MIL CIENTO SESENTA PESOS ($854.160) M/Cte. | BT15: =+AN15 -> 0 | BU15: =+BD15+BJ15+BP15+BT15 -> 0 | BV15: =+AO15+BU15 -> 9395760 | CM15: =+IF(BX15>AV15,IF(CC15>BX15,IF(CH15>CC15,CH15,CC15),BX15),AV15) -> 42719 | CQ15: =+SUMIFS(#REF!,#REF!,AG15) -> #REF! | CR15: =+SUMIFS(#REF!,#REF!,BB15)+SUMIFS(#REF!,#REF!,BH15)+SUMIFS(#REF!,#REF!,BN15) -> #REF! | CS15: =+(CQ15+CR15)/BV15 -> #REF! | CU15: =+R15 -> EJECUCIÓN | CW15: =+AU15 -> 42384 | CX15: =+CM15 -> 42719 | CY15: =+CX15-CW15 -> 335 | CZ15: =+$DB$1-CW15 -> -107 | DA15: =+IF(CZ15>=CY15,100,(CZ15/CY15)*100) -> -31.940299 | DC15: =+DA15 -> -31.940299 | DD15: =+CS15 -> #REF!
A16: =V16 -> 4 | B16: CAROLINA | C16: 2016623140500002E | D16: 15 | E16: 42017 | F16: DIRECTA | G16: PRESTACIÓN SERVICIOS PROFESIONALES | H16: BOGOTA D.C. | I16: SUBDIRECCIÓN ADMINISTRATIVA Y FINANCIERA | J16: Prestar los servicios profesionales en el Grupo Financiero adscrito a la Subdirección Administrativa y Financiera, en el desarrollo de procesos Financieros y Contables liderados por esta dependencia, de acuerdo con las condiciones señaladas en las condiciones y especificaciones técnicas descritas en los Estudios Previos y la Propuesta presentada por EL CONTRATISTA. | K16: 198 | L16: 801116 | M16: Servicios de personal temporal | N16: 40250000 | O16: 5316 | P16: A-1-0-2-14 | Q16: CELEBRADO | R16: EJECUCIÓN | V16: 4 | W16: 42382 | X16: 42383 | Y16: =X16-W16 -> 1 | Z16: PRESTACIÓN DE SERVCIOS | AA16: PROFESIONALES | AB16: BOGOTÁ D.C. | AC16: BOGOTÁ D.C. | AD16: CATHERINE MELISSA MORENO HIGUERA | AE16: 1015435352 | AG16: 14316 | AH16: 42382 | AI16: AHORROS | AJ16: 40651179850 | AK16: BANCOLOMBIA S.A. | AL16: 3500000 | AM16: 40250000 | AO16: =+AM16+AN16 -> 40250000 | AP16: NO REQUIERE | AQ16: NA | AR16: NA | AS16: NA | AT16: NA | AU16: 42382 | AV16: 42731 | AW16: =AV16-AU16 -> 349 | AY16: BLEIDY ROCIO GAMBOA BEJARANO | AZ16: =LOOKUP(AY16,'SUPERVISIONES 2015'!$A$3:$B$1279,'SUPERVISIONES 2015'!$B$3:$B$1279) -> 51969566 | BA16: Una vez perfeccionado el contrato y cumplidos los requisitos de ejecución, la Unidad Administrativa Especial Migración Colombia pagará al contratista el valor del contrato en once (11) pagos mensuales a razón de: TRES MILLONES QUINIENTOS MIL PESOS M/CTE ($3.500.000) y un último pago correspondiente a 15 días por valor de UN MILLÓN SETECIENTOS CINCUENTA MIL PESOS M/CTE ($1.750.000), incluido los impuestos a que haya lugar, todo ello previa presentación de las cuentas de cobro correspondientes, acompañadas de los informes de actividades, certificación de cumplimiento a satisfacción expedida por el supervisor del contrato y el soporte del pago de los aportes al Sistema General de Seguridad Social en Salud, Pensión y Riesgos Laborales.- | BT16: =+AN16 -> 0 | BU16: =+BD16+BJ16+BP16+BT16 -> 0 | BV16: =+AO16+BU16 -> 40250000 | CM16: =+IF(BX16>AV16,IF(CC16>BX16,IF(CH16>CC16,CH16,CC16),BX16),AV16) -> 42731 | CQ16: =+SUMIFS(#REF!,#REF!,AG16) -> #REF! | CR16: =+SUMIFS(#REF!,#REF!,BB16)+SUMIFS(#REF!,#REF!,BH16)+SUMIFS(#REF!,#REF!,BN16) -> #REF! | CS16: =+(CQ16+CR16)/BV16 -> #REF! | CU16: =+R16 -> EJECUCIÓN | CW16: =+AU16 -> 42382 | CX16: =+CM16 -> 42731 | CY16: =+CX16-CW16 -> 349 | CZ16: =+$DB$1-CW16 -> -105 | DA16: =+IF(CZ16>=CY16,100,(CZ16/CY16)*100) -> -30.08596 | DC16: =+DA16 -> -30.08596 | DD16: =+CS16 -> #REF!
A17: =V17 -> 28 | B17: CLAUDIA A. | C17: 2016623140100008E | D17: 16 | E17: 42382 | F17: DIRECTA | G17: ARRENDAMIENTO | H17: GUAJIRA | I17: REGIONAL GUAJIRA | J17: El ARRENDADOR se obliga para con el ARRENDATARIO a entregar en arrendamiento cupos de parqueadero, para el parque automotor del Centro Facilitador de Servicios Migratorios en la ciudad de Riohacha. Los cupos de parqueo se encuentran ubicados en la Calle 14 No.6-32 de la ciudad de Riohacha, denominado Estación de Servicio Los Jose. | K17: 153 | L17: 801315 | M17: Servicios de Gestión, profesionales de Empres y Administrativos | N17: 66000000 | O17: 4816 | P17: A-2-0-4-10-2 | Q17: CELEBRADO | R17: EJECUCIÓN | V17: 28 | W17: 42401 | X17: 42404 | Y17: =X17-W17 -> 3 | Z17: ARRENDAMIENTO | AB17: GUAJIRA | AC17: RIOACHA | AD17: ESTACION DE SERVICIO LOS JOSE S.A.S. | AE17: 825001598 | AF17: 1 | AG17: 34516 | AH17: 42401 | AI17: Corriente | AJ17: 8250015981 | AK17: BANCO DE BOGOTA | AL17: 600000 | AM17: 6600000 | AO17: =+AM17+AN17 -> 6600000 | AP17: NO REQUIERE | AQ17: NA | AR17: NA | AS17: NA | AT17: NA | AU17: 42401 | AV17: 42767 | AW17: =AV17-AU17 -> 366 | AY17: ROMO BARRETO MIGUEL ENRIQUE | AZ17: 12722425 | BA17: El canon de arrendamiento se pagara por ONCE (11) mensualidades anticipadas, cada una por la suma de: SEISCIENTOS MIL PESOS MCTE ($600.000) incluido el IVA y demás impuestos a que haya lugar. El pago se realizará en la cuenta bancaria que para tal efecto indique el arrendador. | BT17: =+AN17 -> 0 | BU17: =+BD17+BJ17+BP17+BT17 -> 0 | BV17: =+AO17+BU17 -> 6600000 | CM17: =+IF(BX17>AV17,IF(CC17>BX17,IF(CH17>CC17,CH17,CC17),BX17),AV17) -> 42767 | CQ17: =+SUMIFS(#REF!,#REF!,AG17) -> #REF! | CR17: =+SUMIFS(#REF!,#REF!,BB17)+SUMIFS(#REF!,#REF!,BH17)+SUMIFS(#REF!,#REF!,BN17) -> #REF! | CS17: =+(CQ17+CR17)/BV17 -> #REF! | CU17: =+R17 -> EJECUCIÓN | CW17: =+AU17 -> 42401 | CX17: =+CM17 -> 42767 | CY17: =+CX17-CW17 -> 366 | CZ17: =+$DB$1-CW17 -> -124 | DA17: =+IF(CZ17>=CY17,100,(CZ17/CY17)*100) -> -33.879781 | DC17: =+DA17 -> -33.879781 | DD17: =+CS17 -> #REF!
A18: =V18 -> 8 | B18: CAROLINA | C18: 2016623140500007E | D18: 17 | E18: 42382 | F18: DIRECTA | H18: BOGOTA D.C. | I18: GRUPO DE SEGURIDAD Y ENLACE CON LA FUERZA PÚBLICA | J18: Prestar los servicios técnicos de apoyo a la gestión consistente en la implementación y el desarrollo del plan de uso y mantenimiento del armamento asignado a la entidad, así como el apoyo administrativo y operativo a la coordinación del grupo de seguridad y enlace con la fuerza pública y organismos de seguridad. | K18: 211 | L18: 801116 | M18: Servicios de personal temporal | N18: 38500000 | O18: 716 | P18: A-1-0-2-14 | Q18: CELEBRADO | R18: EJECUCIÓN | V18: 8 | W18: 42383 | X18: 42384 | Y18: =X18-W18 -> 1 | Z18: PRESTACIÓN DE SERVCIOS | AA18: APOYO | AB18: BOGOTÁ D.C. | AC18: BOGOTÁ D.C. | AD18: JOSÉ IGNACIO CASTILLO RICO | AE18: 93366585 | AG18: 17116 | AH18: 42383 | AI18: AHORROS | AJ18: 359125747 | AK18: BANCO BILBAO VIZCAYA ARGENTARIA COLOMBIA SA BBVA | AL18: 3500000 | AM18: 38500000 | AO18: =+AM18+AN18 -> 38500000 | AP18: NO REQUIERE | AQ18: NA | AR18: NA | AS18: NA | AT18: NA | AU18: 42383 | AV18: 42717 | AW18: =AV18-AU18 -> 334 | AY18: RICARDO DE LOS RIOS VILLAMIL | AZ18: =LOOKUP(AY18,'SUPERVISIONES 2015'!$A$3:$B$1279,'SUPERVISIONES 2015'!$B$3:$B$1279) -> 80010313 | BA18: Una vez perfeccionado el contrato y cumplidos los requisitos de ejecución la Unidad Administrativa Especial Migración Colombia pagara al contratista el valor del contrato en once (11) mensualidades vencidas a razón de: TRES MILLONES QUINIENTOS MIL PESOS M/CTE ($3`500.000.oo), incluido los impuestos a que haya lugar. | BT18: =+AN18 -> 0 | BU18: =+BD18+BJ18+BP18+BT18 -> 0 | BV18: =+AO18+BU18 -> 38500000 | CM18: =+IF(BX18>AV18,IF(CC18>BX18,IF(CH18>CC18,CH18,CC18),BX18),AV18) -> 42717 | CQ18: =+SUMIFS(#REF!,#REF!,AG18) -> #REF! | CR18: =+SUMIFS(#REF!,#REF!,BB18)+SUMIFS(#REF!,#REF!,BH18)+SUMIFS(#REF!,#REF!,BN18) -> #REF! | CS18: =+(CQ18+CR18)/BV18 -> #REF! | CU18: =+R18 -> EJECUCIÓN | CW18: =+AU18 -> 42383 | CX18: =+CM18 -> 42717 | CY18: =+CX18-CW18 -> 334 | CZ18: =+$DB$1-CW18 -> -106 | DA18: =+IF(CZ18>=CY18,100,(CZ18/CY18)*100) -> -31.736527 | DC18: =+DA18 -> -31.736527 | DD18: =+CS18 -> #REF!
A19: =V19 -> 11 | B19: CLAUDIA A. | C19: 2016623140500015E | D19: 18 | E19: 42382 | F19: DIRECTA | G19: PRESTACIÓN SERVICIOS PROFESIONALES | H19: BOGOTA D.C. | I19: OFICINA ASESORA JURIDICA | J19: Prestar los servicios profesionales, para apoyar a Migración Colombia en la gestión de la Oficina Asesora jurídica, de acuerdo con las condiciones señaladas y especificaciones técnicas descritas en los Estudios Previos y la Propuesta presentada por EL CONTRATISTA. | K19: 213 | L19: 801116 | M19: Servicios de personal temporal | N19: 30800000 | O19: 9416 | P19: A-1-0-2-14 | Q19: CELEBRADO | R19: EJECUCIÓN | V19: 11 | W19: 42387 | X19: 42390 | Y19: =X19-W19 -> 3 | Z19: PRESTACIÓN DE SERVCIOS | AA19: PROFESIONALES | AB19: BOGOTÁ D.C. | AC19: BOGOTÁ D.C. | AD19: LUISA FERNANDA ZAMUDIO GARCIA | AE19: 1018450312 | AG19: 20016 | AH19: 42387 | AI19: AHORROS | AJ19: 57427353861 | AK19: Bancolombia | AL19: 30800000 | AM19: 2800000 | AO19: 30800000 | AU19: 42387 | AV19: 42722 | AW19: =AV19-AU19 -> 335 | AY19: WINSTON ANDRES MARTÍNEZ ACOSTA | AZ19: 79572017 | BA19: la Unidad Administrativa Especial Migración Colombia pagará al contratista el valor del contrato en mensualidades vencidas a razón de DOS MILLONES OCHOSCIENTOS MIL PESOS MONEDA CORRIENTE ($2.800.000), incluido los impuestos a que haya lugar. | CM19: =+IF(BX19>AV19,IF(CC19>BX19,IF(CH19>CC19,CH19,CC19),BX19),AV19) -> 42722 | CU19: =+R19 -> EJECUCIÓN | CW19: =+AU19 -> 42387 | CX19: =+CM19 -> 42722 | CY19: =+CX19-CW19 -> 335 | CZ19: =+$DB$1-CW19 -> -110 | DA19: =+IF(CZ19>=CY19,100,(CZ19/CY19)*100) -> -32.835821 | DC19: =+DA19 -> -32.835821
A20: =V20 -> 14 | B20: CLAUDIA A. | C20: 2016623140500006E | D20: 19 | E20: 42382 | F20: DIRECTA | G20: PRESTACIÓN SERVICIOS PROFESIONALES | H20: BOGOTA D.C. | I20: DIRECCIÓN GENERAL | J20: Prestar servicios profesionales para apoyar a la Dirección General en el seguimiento a los actos jurídicos, documentos o actividades a su cargo, así como de los controles para garantizar el cumplimiento de las decisiones; de acuerdo con las condiciones señaladas y especificaciones técnicas descritas en los Estudios Previos y la propuesta presentada por EL CONTRATISTA. | K20: 4 | L20: 801116 | M20: Servicios de personal temporal | N20: 66000000 | O20: 10416 | P20: A-1-0-2-14 | Q20: CELEBRADO | R20: EJECUCIÓN | V20: 14 | W20: 42389 | X20: 42391 | Y20: =X20-W20 -> 2 | Z20: PRESTACIÓN DE SERVCIOS | AA20: PROFESIONALES | AB20: BOGOTÁ D.C. | AC20: BOGOTÁ D.C. | AD20: ROY LUIS GALINDO WEHDEKING | AE20: 72220515 | AG20: 21816 | AH20: 42389 | AI20: AHORROS | AJ20: 40017565337 | AK20: Bancolombia | AL20: 6000000 | AM20: 66000000 | AO20: 66000000 | AU20: 42389 | AV20: 42724 | AW20: =AV20-AU20 -> 335 | AY20: WINSTON ANDRES MARTÍNEZ ACOSTA | AZ20: 79572017 | BA20: Una vez perfeccionado el contrato y cumplidos los requisitos de ejecución, la Unidad Administrativa Especial Migración Colombia pagará al contratista el valor del contrato en mensualidades vencidas cada una de SEIS MILLONES DE PESOS MONEDA CORRIENTE ($6.000.000) y proporcional por fracción de tiempo, si lo hubiere, incluido los impuestos a que haya lugar. | CM20: =+IF(BX20>AV20,IF(CC20>BX20,IF(CH20>CC20,CH20,CC20),BX20),AV20) -> 42724 | CW20: =+AU20 -> 42389 | CX20: =+CM20 -> 42724 | CY20: =+CX20-CW20 -> 335 | CZ20: =+$DB$1-CW20 -> -112 | DA20: =+IF(CZ20>=CY20,100,(CZ20/CY20)*100) -> -33.432836 | DC20: =+DA20 -> -33.432836
A21: =V21 -> 13 | B21: CLAUDIA A. | C21: 2016623140500014E | D21: 20 | E21: 42382 | F21: DIRECTA | G21: PRESTACIÓN SERVICIOS PROFESIONALES | H21: BOGOTA D.C. | I21: OFICINA ASESORA JURIDICA | J21: Prestar los servicios profesionales en la Oficina Asesora Jurídica, para apoyar a Migración Colombia en la gestión de la oficina jurídica, de acuerdo con las condiciones señaladas y especificaciones técnicas descritas en los Estudios Previos y la Propuesta presentada por EL CONTRATISTA. | K21: 214 | L21: 801217 | M21: Servicios de Gestión, Servicios Profesionales de Empresa y Servicios Administrativos. | N21: 55000000 | O21: 9316 | P21: A-1-0-2-14 | Q21: CELEBRADO | R21: EJECUCIÓN | V21: 13 | W21: 42388 | X21: 42390 | Y21: =X21-W21 -> 2 | Z21: PRESTACIÓN DE SERVCIOS | AA21: PROFESIONALES | AB21: BOGOTÁ D.C. | AC21: BOGOTÁ D.C. | AD21: ANA CONSTANZA POLANIA ALMARIO | AE21: 52258308 | AG21: 21316 | AH21: 42388 | AI21: AHORROS | AJ21: 230867616 | AK21: BANCO DE OCCIDENTE | AL21: 5,000,000 | AM21: 55000000 | AO21: 55000000 | AU21: 42388 | AV21: 42723 | AW21: =AV21-AU21 -> 335 | AY21: WINSTON ANDRES MARTÍNEZ ACOSTA | AZ21: 79572017 | BA21: Una vez perfeccionado el contrato y cumplidos los requisitos de ejecución, la Unidad Administrativa Especial Migración Colombia pagará al contratista el valor del contrato en mensualidades vencidas cada una de CINCO MILLONES DE PESOS MONEDA CORRIENTE ($5.000.000), incluido los impuestos a que haya lugar. | CM21: =+IF(BX21>AV21,IF(CC21>BX21,IF(CH21>CC21,CH21,CC21),BX21),AV21) -> 42723 | CW21: =+AU21 -> 42388 | CX21: =+CM21 -> 42723 | CY21: =+CX21-CW21 -> 335 | CZ21: =+$DB$1-CW21 -> -111 | DA21: =+IF(CZ21>=CY21,100,(CZ21/CY21)*100) -> -33.134328 | DC21: =+DA21 -> -33.134328
A22: =V22 -> 18 | B22: CAROLINA | C22: 2016623140500008E | D22: 21 | E22: 42383 | F22: DIRECTA | G22: PRESTACIÓN SERVICIOS PROFESIONALES | H22: BOGOTA D.C. | I22: OFICINA ASESORA JURÍDICA | J22: Prestación de servicios jurídicos especializados para apoyar, asesorar y orientar a la Oficina Asesora Jurídica de la entidad en estrategia de conciliación y en el diagnóstico de mecanismos alternativos de solución de conflictos, defensa judicial del Estado, en el adecuado manejo del Proceso disciplinario interno de la Entidad y en el monitoreo y vigilancia de procesos judiciales | K22: 201 | L22: 801116 | M22: Servicios de personal temporal | N22: 60000000 | O22: 9616 | P22: A-1-0-2-14 | Q22: CELEBRADO | R22: EJECUCIÓN | V22: 18 | W22: 42390 | X22: 42390 | Y22: =X22-W22 -> 0 | Z22: PRESTACIÓN DE SERVCIOS | AA22: PROFESIONALES | AB22: BOGOTÁ D.C. | AC22: BOGOTÁ D.C. | AD22: REYES GONZALES SAS | AE22: 900265378 | AF22: 0 | AG22: 25216 | AH22: 42390 | AI22: AHORRO | AJ22: 7800674660 | AK22: BANCO DAVIVIENDA S.A. | AL22: 6000000 | AM22: 60000000 | AO22: =+AM22+AN22 -> 60000000 | AP22: NO REQUIERE | AQ22: NA | AR22: NA | AS22: NA | AT22: NA | AU22: 42390 | AV22: 42694 | AW22: =AV22-AU22 -> 304 | AY22: WINSTON ANDRES MARTÍNEZ ACOSTA | AZ22: =LOOKUP(AY22,'SUPERVISIONES 2015'!$A$3:$B$1279,'SUPERVISIONES 2015'!$B$3:$B$1279) -> 79572017 | BA22: La Unidad Administrativa Especial Migración Colombia pagará al contratista el valor del contrato en mensualidades vencidas a razón de SEIS MILLONES DE PESOS MONEDA CORRIENTE ($6.000.000), cada una , incluidos los impuestos a que haya lugar.
A23: =V23 -> 23 | B23: CLAUDIA A. | C23: 2015623140500017E | D23: 22 | E23: 42383 | F23: DIRECTA | G23: PRESTACIÓN SERVICIOS PROFESIONALES | H23: BOGOTA D.C. | I23: REGIONAL ANDINA | J23: Contratar el servicio de mantenimiento preventivo y correctivo con suministro de repuestos originales para el ascensor marca ORONA, ubicado en el Edificio del CFSM de Bogotá, ubicado en la Calle 100 No. 11B-27 en la ciudad de Bogotá D.C, donde funciona la Sede principal de la Regional Andina. | K23: 96 | L23: 721015 | M23: Servicios de Edificación, construcción de instalaciones y mantenimiento | N23: 25077855 | O23: 7216 | P23: A-2-0-4-5-1 | Q23: CELEBRADO | R23: EJECUCIÓN | V23: 23 | W23: 42396 | X23: 42401 | Y23: =X23-W23 -> 5 | Z23: PRESTACIÓN DE SERVCIOS | AB23: BOGOTÁ D.C. | AC23: BOGOTÁ D.C. | AD23: SCALA ASCENSORES S.A. | AE23: 900132012 | AF23: 1 | AG23: 33716 | AH23: 42396 | AI23: Corriente | AJ23: 16849925909 | AK23: Bancolombia | AM23: 25077855 | AO23: 25077855 | AP23: CUMPLIMIENTO/ AMPARO DE SALARIOS/ CALIDAD DEL SERVICIO/ PROVISION DE REPUESTOS | AQ23: 20%/10%/20%/ 20% | AU23: 42397 | AV23: 42735 | AW23: =AV23-AU23 -> 338 | AY23: ARCHILA CABRERA CARLOS ALBERTO | AZ23: 79448817 | BA23: Una vez perfeccionado el contrato y cumplidos los requisitos para su ejecución, la Entidad pagará al contratista el valor del contrato en mensualidades vencidas, cada una por el valor del servicio de mantenimiento preventivo y correctivo prestado y cumplido, incluido los repuestos originales suministrados durante el mes del servicio, hasta por el monto total del contrato,
A24: =V24 -> 16 | B24: RISDEL - CAROLINA | C24: 2016623140500032E | D24: 23 | E24: 42383 | F24: DIRECTA | G24: PRESTACIÓN SERVICIOS PROFESIONALES | H24: BOGOTA D.C. | I24: GRUPO DE ARCHIVO Y CORRESPONDENCIA | J24: Prestar los servicios profesionales en la oficina de tecnología de la información, para apoyar a migración colombia en el desarrollo de nuevas funcionalidades y la optimización e integración del sistema de gestión documental orfeo y del centro virtual al ciudadano cvac+, de acuerdo con las condiciones señaladas y especificaciones técnicas descritas e los estudios previos y la propuesta presentada por el contratista. | K24: 229 | L24: 801116 | M24: Servicios de gestion de servicios profesionales | N24: 50000000 | O24: 2216 | P24: C-450-1002-1 | Q24: CELEBRADO | R24: EJECUCIÓN | V24: 16 | W24: 42390 | X24: 42390 | Y24: =X24-W24 -> 0 | Z24: PRESTACIÓN DE SERVCIOS | AA24: PROFESIONALES | AB24: BOGOTÁ D.C. | AC24: BOGOTÁ D.C. | AD24: CARLOS ALBERTO BARRERO CANTOR | AE24: 80201161 | AG24: 25416 | AH24: 42390 | AI24: AHORRO | AJ24: 226805752 | AK24: BANCO DE OCCIDENTE | AL24: 5000000 | AM24: 50000000 | AO24: 50000000 | AP24: NO REQUIERE | AQ24: NA | AR24: NA | AS24: NA | AT24: NA | AU24: 42390 | AV24: 42694 | AW24: =AV24-AU24 -> 304 | AY24: DUBERLY EDUARDO MURILLO BARONA | AZ24: 79335420 | BA24: Una vez perfeccionado el contrato y cumplidos los requisitos de ejecución, la Unidad Administrativa Especial Migración Colombia pagará al contratista el valor del contrato en mensualidades vencidas a razón de CINCO MILLONES DE PESOS MONEDA CORRIENTE ($5.000.000) incluido los impuestos a que haya lugar.- | BV24: 50000000 | CM24: 42694 | CQ24: =+SUMIFS(#REF!,#REF!,AG24) -> #REF! | CR24: =+SUMIFS(#REF!,#REF!,BB24)+SUMIFS(#REF!,#REF!,BH24)+SUMIFS(#REF!,#REF!,BN24) -> #REF! | CS24: =+(CQ24+CR24)/BV24 -> #REF! | CU24: =+R24 -> EJECUCIÓN | CW24: =+AU24 -> 42390 | CX24: =+CM24 -> 42694 | CY24: =+CX24-CW24 -> 304 | CZ24: =+$DB$1-CW24 -> -113 | DA24: =+IF(CZ24>=CY24,100,(CZ24/CY24)*100) -> -37.171053 | DC24: =+DA24 -> -37.171053 | DD24: =+CS24 -> #REF!
A25: =V25 -> 17 | B25: CAROLINA | C25: 2016623140500012E | D25: 24 | E25: 42387 | F25: DIRECTA | G25: PRESTACIÓN SERVICIOS PROFESIONALES | H25: BOGOTA D.C. | I25: OFICINA DE TECNOLOGÍA | J25: Prestación de servicios profesionales a la Oficina de Tecnología de la Información en temas contractuales | K25: 202 | L25: 801116 | M25: Servicios de personal temporal | N25: 24000000 | O25: 7716 | P25: A-1-0-2-14 | Q25: CELEBRADO | R25: EJECUCIÓN | V25: 17 | W25: 42390 | X25: 42390 | Y25: =X25-W25 -> 0 | Z25: PRESTACIÓN DE SERVCIOS | AA25: PROFESIONALES | AB25: BOGOTÁ D.C. | AC25: BOGOTÁ D.C. | AD25: NIDIA ARABELY LOPEZ NOVOA | AE25: 51696865 | AH25: 25316 | AI25: AHORRO | AJ25: 1007781675 | AK25: CITIBANK COLOMBIA | AL25: 3500000 | AM25: 24000000 | AO25: =+AM25+AN25 -> 24000000 | AP25: NO REQUIERE | AQ25: NA | AR25: NA | AS25: NA | AT25: NA | AU25: 42390 | AV25: 42607 | AW25: =AV25-AU25 -> 217 | AY25: DUBERLY EDUARDO MURILLO BARONA | AZ25: =LOOKUP(AY25,'SUPERVISIONES 2015'!$A$3:$B$1279,'SUPERVISIONES 2015'!$B$3:$B$1279) -> 79335420 | BA25: Los pagos quedan sujetos igualmente al cumplimiento de los trámites administrativos a que haya lugar, a la expedición de la obligación y orden de pago SIIF, y a la aprobación del Programa Anual mensualizado de Caja – PAC, por parte de la Dirección del Tesoro Nacional. Los documentos soportes para el pago deberán ser avalados por el interventor del contrato.
A26: =V26 -> 21 | B26: CLAUDIA A. | C26: 2016623140100004E | D26: 25 | E26: 42387 | F26: DIRECTA | G26: ARRENDAMIENTO | H26: BOGOTA D.C. | I26: NIVEL CENTRAL | J26: Arrendamiento de las Oficinas y Parqueaderos descritos a continuación que hacen parte de la torre número 3 del Edificio Argos, el cual se encuentra ubicado en la calle veintiséis (Cll. 26) número cincuenta y nueve cincuenta y uno (59 ¿51) de la ciudad de Bogotá D.C.: Inmueble 1: Oficina 207, folio de matrícula inmobiliaria No. 50C-1822472 Inmueble 2: Oficina 212, folio de matrícula inmobiliaria No. 50C-1822477 Inmueble 3 y 4: Parqueaderos dobles (servidumbre) No. 31 y 32 con matrícula inmobiliaria No. 50C-1822555 Inmueble 5 y 6: Parqueaderos dobles (servidumbre) No. 352 y 353 con matrícula inmobiliaria No. 50C-1822803 Inmueble 7: parqueadero sencillo No. 375 con matrícula inmobiliaria No. 50C-1822819 | K26: 56 | L26: 801315 | M26: Servicios de Gestión, profesionales de Empres y Administrativo | N26: 203457562 | O26: 6316 | P26: A-2-0-4-10-2 | Q26: CELEBRADO | R26: EJECUCIÓN | V26: 21 | W26: 42394 | X26: 42396 | Y26: =X26-W26 -> 2 | Z26: ARRENDAMIENTO | AB26: BOGOTÁ D.C. | AC26: BOGOTÁ D.C. | AD26: EUROAMERICAN S.A.S. | AE26: 900089308 | AF26: 0 | AG26: 28016 | AH26: 42394 | AI26: Corriente | AJ26: 21500411943 | AK26: CAJA SOCIAL | AM26: 203457562 | AO26: =+AM26+AN26 -> 203457562 | AP26: NO REQUIERE | AU26: 42394 | AV26: 42729 | AW26: =AV26-AU26 -> 335 | AY26: GAITAN ORTIZ JIMMY ENRIQUE | AZ26: 79537863 | BA26: EL ARRENDATARIO pagará al ARRENDADOR el valor del canon en mensualidades anticipadas cada una por DIECIOCHO MILLONES CUATROCIENTOS NOVENTA Y SEIS MIL CIENTO CUARENTA Y DOS PESOS ($18´496.142) M/CTE.
A27: =V27 -> 27 | B27: CLAUDIA A. | C27: 2016623140100012E | D27: 26 | E27: 42387 | F27: DIRECTA | G27: ARRENDAMIENTO | H27: GUAJIRA | I27: CFSM VALLEDUPAR | J27: El ARRENDADOR se obliga para con el ARRENDATARIO a entregar en arrendamiento el inmueble local comercial, ubicado en la ciudad de Valledupar del departamento de Cesar en la Carrera 8 # 15-19, de propiedad del ARRENDADOR, identificado con matrícula catastral 190-34093/ 19092757/ 19038245, del círculo registral de Valledupar, escritura pública 2191 / 1172/ 3351 Notaría Primera de Valledupar – Cesar. | K27: 58 | L27: 801315 | M27: Servicios de Gestión, profesionales de Empres y Administrativo | N27: 93´610.598 | O27: 6116 | P27: A-2-0-4-10-2 | Q27: CELEBRADO | R27: EJECUCIÓN | V27: 27 | W27: 42401 | X27: 42404 | Y27: =X27-W27 -> 3 | Z27: ARRENDAMIENTO | AB27: CESAR | AC27: VALLEDUPAR | AD27: ASESORES FINANCIEROS VILLAZON GUTIERREZ S.A. | AE27: 900.096.092 | AF27: 4 | AG27: 34316 | AH27: 42401 | AI27: Corriente | AJ27: 800572596 | AK27: BANCO DE OCCIDENTE | AL27: 8915295 | AM27: 93610598 | AO27: =+AM27+AN27 -> 93610598 | AP27: NO REQUIERE | AU27: 42401 | AV27: 42719 | AW27: =AV27-AU27 -> 318 | AY27: YEPES DOMINGUEZ DANIEL FERNANDO | AZ27: 15173061 | BA27: La Unidad Administrativa Especial Migración Colombia pagará al arrendador el valor del contrato así: Canon de arrendamiento mes anticipado: 10 pagos canon de arrendamiento mes anticipado $8´915.295 Cada uno. 1 último pago canon de arrendamiento por $4´457.648
A28: =V28 -> 29 | B28: CLAUDIA A. | C28: 2016623140600001E | D28: 27 | E28: 42387 | F28: DIRECTA | G28: EXCLUSIVIDAD | H28: NIVEL CENTRAL | I28: SUBDIRECCION ADMINSITRATIVA Y FINANCIERA | J28: Publicación y divulgación en el DIARIO OFICIAL, de normas y actos administrativos de carácter general y otros documentos de carácter oficial proferidos por la Unidad Administrativa Especial Migración Colombia. | K28: 101 | L28: 821215 | M28: Servicios Editoriales, de Diseño, de Artes Gráficas y Bellas Artes | N28: 8000000 | O28: 7116 | P28: A-2-0-4-7-6 | Q28: CELEBRADO | R28: EJECUCIÓN | V28: 29 | W28: 42401 | X28: 42403 | Y28: =X28-W28 -> 2 | Z28: INTERADMINISTRATIVO | AB28: BOGOTÁ D.C. | AC28: BOGOTÁ D.C. | AD28: IMPRENTA NACIONAL DE COLOMBIA | AE28: 830001113 | AF28: 1 | AG28: 34416 | AH28: 42401 | AI28: Corriente | AJ28: 1969999539 | AK28: DAVIVIENDA | AM28: 8000000 | AO28: 8000000 | AP28: NO REQUIERE | AU28: 42401 | AV28: 42735 | AW28: =AV28-AU28 -> 334 | AY28: MENDEZ AGUIRRE DEICY ANDREA | AZ28: 52431563 | BA28: La Unidad Administrativa Especial Migración Colombia pagará al contratista el valor del contrato así: Pagos mensuales de conformidad con las publicaciones efectivamente realizadas sin sobrepasar el valor asignado del presente contrato.
A29: =V29 -> 19 | B29: CLAUDIA A. | C29: 2016623140500026E | D29: 28 | E29: 42387 | F29: DIRECTA | G29: PRESTACIÓN SERVICIOS PROFESIONALES | H29: NIVEL CENTRAL | I29: SUBDIRECCION ADMINSITRATIVA Y FINANCIERA | J29: PRESTAR LOS SERVICIOS DE APOYO A LA GESTION A LA SUBDIRECCIÓN ADMINISTRATIVA Y FINANCIERA EN EL SEGUIMIENTO A LA GESTIÓN DE LAS REGIONALES DE LA UNIDAD ADMINISTRATIVA ESPECIAL MIGRACIÓN COLOMBIA. | K29: 7 | L29: 801116 | M29: Servicios de personal temporal | N29: 35000000 | O29: 5416 | P29: A-1-0-2-14 | Q29: CELEBRADO | R29: EJECUCIÓN | V29: 19 | W29: 42390 | X29: 42394 | Y29: =X29-W29 -> 4 | Z29: PRESTACIÓN DE SERVCIOS | AA29: APOYO A LA GESTION | AB29: BOGOTÁ D.C. | AC29: BOGOTÁ D.C. | AD29: ALFONSO VASQUEZ GUEVARA | AE29: 3001080 | AG29: 25516 | AH29: 42390 | AI29: AHORROS | AJ29: 142324300 | AK29: BBVA | AL29: 3500000 | AM29: 35000000 | AO29: 35000000 | AP29: NO REQUIERE | AU29: 42390 | AV29: 42695 | AW29: =AV29-AU29 -> 305 | AY29: MARTINEZ AGUILAR DORIS ALIETH | AZ29: 52363647 | BA29: Una vez perfeccionado el contrato y cumplidos los requisitos de ejecución, la Unidad Administrativa Especial Migración Colombia pagará al contratista el valor del contrato en diez mensualidades vencidas a razón de: TRES MILLONES QUINIENTOS MIL PESOS M/CTE ($3.500.000,00) cada una, incluido los impuestos a que haya lugar.
A30: =V30 -> 20 | B30: RISDEL - CAROLINA | C30: 2016623140500029E | D30: 29 | E30: 42388 | F30: DIRECTA | G30: PRESTACIÓN SERVICIOS PROFESIONALES | H30: BOGOTA D.C. | I30: OFICINA DE TECNOLOGÍA | J30: Prestar los servicios profesionales en la Oficina de Tecnología de la Información, para apoyar a Migración Colombia en el desarrollo, optimización y mantenimiento de funcionalidades del Sistema de Gestión Documental ORFEO, de acuerdo con las condiciones señaladas y especificaciones técnicas descritas en los Estudios Previos y la Propuesta presentada por el EL CONTRATISTA | K30: 230 | L30: 801116 | M30: Servicios de personal temporal | N30: 50000000 | O30: 1816 | P30: C-450-1002-1 | Q30: CELEBRADO | R30: EJECUCIÓN | V30: 20 | W30: 42390 | X30: 42391 | Y30: =X30-W30 -> 1 | Z30: PRESTACIÓN DE SERVCIOS | AA30: PROFESIONALES | AB30: BOGOTÁ D.C. | AC30: BOGOTÁ D.C. | AD30: LILIANA GOMEZ VELASQUEZ | AE30: 51833082 | AG30: 25616 | AH30: 42390 | AI30: AHORROS | AJ30: 20757474412 | AK30: BANCOLOMBIA S.A. | AL30: 5000000 | AM30: 50000000 | AO30: =+AM30+AN30 -> 50000000 | AP30: NO REQUIERE | AQ30: NA | AR30: NA | AS30: NA | AT30: NA | AU30: 42390 | AV30: 42694 | AW30: =AV30-AU30 -> 304 | AY30: DUBERLY EDUARDO MURILLO BARONA | AZ30: =LOOKUP(AY30,'SUPERVISIONES 2015'!$A$3:$B$1279,'SUPERVISIONES 2015'!$B$3:$B$1279) -> 79335420 | BA30: Una vez perfeccionado el contrato y cumplidos los requisitos de ejecución, la Unidad Administrativa Especial Migración Colombia pagará al contratista el valor del contrato en mensualidades vencidas a razón de CINCO MILLONES DE PESOS MONEDA CORRIENTE ($5.000.000) incluido los impuestos a que haya lugar.- | BT30: =+AN30 -> 0 | BU30: =+BD30+BJ30+BP30+BT30 -> 0 | BV30: =+AO30+BU30 -> 50000000 | CM30: =+IF(BX30>AV30,IF(CC30>BX30,IF(CH30>CC30,CH30,CC30),BX30),AV30) -> 42694 | CQ30: =+SUMIFS(#REF!,#REF!,AG30) -> #REF! | CR30: =+SUMIFS(#REF!,#REF!,BB30)+SUMIFS(#REF!,#REF!,BH30)+SUMIFS(#REF!,#REF!,BN30) -> #REF! | CS30: =+(CQ30+CR30)/BV30 -> #REF! | CU30: =+R30 -> EJECUCIÓN | CW30: =+AU30 -> 42390 | CX30: =+CM30 -> 42694 | CY30: =+CX30-CW30 -> 304 | CZ30: =+$DB$1-CW30 -> -113 | DA30: =+IF(CZ30>=CY30,100,(CZ30/CY30)*100) -> -37.171053 | DC30: =+DA30 -> -37.171053 | DD30: =+CS30 -> #REF!
A31: =V31 -> 57 | B31: RISDEL | C31: 2016623140500035E | D31: 30 | E31: 42389 | F31: DIRECTA | G31: EXCLUSIVIDAD | H31: BOGOTA D.C. | I31: GRUPO DE APOYO TECNICO CIENTIFICO | J31: Contratar el servicio de mantenimiento preventivo y correctivo maquina laser trotec sp100r c30 y el suministro del sistema de extraccion 8260 atmos mono asi como bolsa de repuestos | K31: 178 | L31: 731521 | M31: servicios de mantenimiento y reparacion de equipos de manufactura | N31: 18560000 | O31: 13316 | P31: A-2-0-4-5-2 | Q31: CELEBRADO | R31: EN EJECUCIÓN | V31: 57 | W31: 42459 | X31: 42459 | Y31: =X31-W31 -> 0 | Z31: PRESTACIÓ DE SERVICIOS | AA31: MANTENIMIENTO EQUIPO | AB31: BOGOTÁ D.C. | AC31: BOGOTÁ D.C. | AD31: TROTEC SAS | AE31: 900426006 | AF31: 8 | AG31: 75516 | AH31: 42459 | AI31: CORRIENTE | AJ31: 804038925 | AK31: BANCO DE OCCIDENTE | AM31: 18560000 | AO31: =AM31+AN31 -> 18560000 | AP31: NO REQUIERE | AQ31: NA | AR31: NA | AS31: NA | AT31: NA | AU31: 42461 | AV31: 42735 | AW31: =AV31-AU31 -> 274 | AY31: GUSTAVO SOLANO | BA31: Una vez perfeccionado el contrato y cumplidos los requisitos de ejecución, la Unidad Administrativa Especial Migración Colombia pagará al contratista el valor del contrato en cuatro (4) desembolsos así: a) Un primer pago por valor de UN MILLÓN SETECIENTOS NOVENTA Y OCHO MIL PESOS MCTE ($1.798.000), incluido IVA y los impuestos a que haya lugar, una vez realizado el primer mantenimiento preventivo al equipo objeto del contrato, el cual será desembolsado contra factura o cuenta de cobro, previa certificación de recibo a satisfacción por parte del supervisor del contrato. b) Un segundo pago por valor de UN MILLÓN SETECIENTOS NOVENTA Y OCHO MIL PESOS MCTE ($1.798.000), incluido IVA y los impuestos a que haya lugar, una vez realizado el segundo mantenimiento preventivo al equipo objeto del contrato, el cual será desembolsado contra factura o cuenta de cobro, previa certificación de recibo a satisfacción por parte del supervisor del contrato. c) Un tercer pago por valor de UN MILLÓN SETECIENTOS NOVENTA Y OCHO MIL PESOS MCTE ($1.798.000), incluido IVA y los impuestos a que haya lugar, una vez realizado el tercer mantenimiento preventivo al equipo objeto del contrato, el cual será desembolsado contra factura o cuenta de cobro, previa certificación de recibo a satisfacción por parte del supervisor del contrato. d) Un cuarto y último pago por valor de UN MILLÓN SETECIENTOS NOVENTA Y OCHO MIL PESOS MCTE ($1.798.000), incluido IVA y los impuestos a que haya lugar, una vez realizado el cuarto mantenimiento preventivo al equipo objeto del contrato, el cual será desembolsado contra factura o cuenta de cobro, previa certificación de recibo a satisfacción por parte del supervisor del contrato. e) De igual manera, para dar cumplimiento al objeto del contrato, se cuenta con una bolsa de repuestos hasta por la suma de ONCE MILLONES TRESCIENTOS SESENTA Y OCHO MIL PESOS MCTE ($11.368.000), incluido IVA y los impuestos a que haya lugar, de acuerdo a los cambios de repuestos que se deban realizar en los mantenimientos correctivos. MIGRACIÓN COLOMBIA, pagará al CONTRATISTA el valor de cada repuesto que el contratista utilice para la reparación del equipo, el costo de cada repuesto se descontará del valor destinado para la bolsa de repuestos y deberá ser facturado por el contratista y avalado por el supervisor del contrato.
A32: =V32 -> 32 | B32: CAROLINA -ALEJANDRA | C32: 2016623140300002E | D32: 31 | E32: 42390 | F32: DIRECTA | G32: EXCLUSIVIDAD | H32: BOGOTA D.C. | I32: OFICINA DE TECNOLOGÍA | J32: Adquirir la extensión de garantía para los servidores marca DELL, con su debido soporte, que hacen parte de la plataforma tecnológica de la Unidad Administrativa Especial Migración Colombia | K32: 8 | L32: 811115 811123 | M32: Ingeniería de software o hardware Mantenimiento y soporte de hardware de computador | N32: 89007201 | O32: 12416 | P32: C-223-1002-1 | Q32: CONVOCADO | R32: EJECUCIÓN | V32: 32 | W32: 42408 | Y32: =X32-W32 -> -42408 | Z32: EXCLUSIVIDAD | AA32: EXCLUSIVIDAD | AB32: BOGOTÁ D.C. | AC32: BOGOTÁ D.C. | AD32: DELL COLOMBIA | AE32: 830035246 | AF32: 7 | AG32: 36916 | AH32: 42408 | AI32: CORRIENTE | AJ32: 62494 | AK32: CITIBANK COLOMBIA | AM32: 89007201 | AO32: =+AM32+AN32 -> 89007201 | AP32: NO REQUIERE | AQ32: NA | AR32: NA | AS32: NA | AT32: NA | AU32: 42408 | AV32: 42436 | AW32: =AV32-AU32 -> 28 | AZ32: =LOOKUP(AY32,'SUPERVISIONES 2015'!$A$3:$B$1279,'SUPERVISIONES 2015'!$B$3:$B$1279) -> #N/A | BA32: b. Certificación de cumplimiento o de recibo a satisfacción del servicio pactado y del cumplimiento de las obligaciones generales y específicas, suscrita por el supervisor del contrato. | BT32: =+AN32 -> 0 | BU32: =+BD32+BJ32+BP32+BT32 -> 0 | BV32: =+AO32+BU32 -> 89007201 | CM32: =+IF(BX32>AV32,IF(CC32>BX32,IF(CH32>CC32,CH32,CC32),BX32),AV32) -> 42436 | CQ32: =+SUMIFS(#REF!,#REF!,AG32) -> #REF! | CR32: =+SUMIFS(#REF!,#REF!,BB32)+SUMIFS(#REF!,#REF!,BH32)+SUMIFS(#REF!,#REF!,BN32) -> #REF! | CS32: =+(CQ32+CR32)/BV32 -> #REF! | CU32: =+R32 -> EJECUCIÓN | CW32: =+AU32 -> 42408 | CX32: =+CM32 -> 42436 | CY32: =+CX32-CW32 -> 28 | CZ32: =+$DB$1-CW32 -> -131 | DA32: =+IF(CZ32>=CY32,100,(CZ32/CY32)*100) -> -467.85714 | DC32: =+DA32 -> -467.85714 | DD32: =+CS32 -> #REF!
A33: =V33 -> DESIERTO | B33: CLAUDIA A. | C33: 2016623140100003E | D33: 32 | E33: 42391 | F33: DIRECTA | G33: ARRENDAMIENTO | H33: CARIBE | I33: CFSM MONTERIA | J33: ARRENDAMIENTO PARQUEADERO CFSM MONTERIA | K33: 65 | L33: 801315 | M33: Servicios de gestión, profesionales de empresas y administrativos | N33: 3000000 | O33: 5916 | P33: A-2-0-4-10-2 | Q33: CONVOCADO | R33: DESCARTADO | V33: DESIERTO | Y33: =X33-W33 -> 0 | AO33: =+AM33+AN33 -> 0 | AP33: NO REQUIERE | AQ33: NA | AR33: NA | AS33: NA | AT33: NA | AW33: =AV33-AU33 -> 0 | AZ33: =LOOKUP(AY33,'SUPERVISIONES 2015'!$A$3:$B$1279,'SUPERVISIONES 2015'!$B$3:$B$1279) -> #N/A | BT33: =+AN33 -> 0 | BU33: =+BD33+BJ33+BP33+BT33 -> 0 | BV33: =+AO33+BU33 -> 0 | CM33: =+IF(BX33>AV33,IF(CC33>BX33,IF(CH33>CC33,CH33,CC33),BX33),AV33) -> 0 | CQ33: =+SUMIFS(#REF!,#REF!,AG33) -> #REF! | CR33: =+SUMIFS(#REF!,#REF!,BB33)+SUMIFS(#REF!,#REF!,BH33)+SUMIFS(#REF!,#REF!,BN33) -> #REF! | CS33: =+(CQ33+CR33)/BV33 -> #REF! | CU33: =+R33 -> DESCARTADO | CW33: =+AU33 -> 0 | CX33: =+CM33 -> 0 | CY33: =+CX33-CW33 -> 0 | CZ33: =+$DB$1-CW33 -> 42277 | DA33: =+IF(CZ33>=CY33,100,(CZ33/CY33)*100) -> 100 | DC33: =+DA33 -> 100 | DD33: =+CS33 -> #REF!
A34: =V34 -> 30 | B34: CLAUDIA A. | C34: 2016623140500018E | D34: 33 | E34: 42391 | F34: DIRECTA | G34: PRESTACIÓN SERVICIOS PROFESIONALES | H34: NIVEL CENTRAL | I34: SUBDIRECCION DE TALENTO HUMANO | J34: PRESTACIÓN DE SERVICIOS DE APOYO A LA GESTION AL GRUPO DE NOMINA EN EL PROCESO DE LIQUIDACIÓN DE FACTORES SALARIALES Y PRESTACIONALES. | K34: 205 | L34: 801615 | M34: Servicios de gestión, profesionales de empresas y administrativos | N34: 23616000 | O34: 13516 | P34: A-1-0-2-14 | Q34: CELEBRADO | R34: EJECUCIÓN | V34: 30 | W34: 42403 | X34: 42405 | Y34: =X34-W34 -> 2 | Z34: PRESTACIÓN DE SERVICIO | AA34: APOYO A LA GESTION | AB34: BOGOTÁ D.C. | AC34: BOGOTÁ D.C. | AD34: JOHANNA CAROLINA MANCIPE LUGO | AE34: 53081868 | AG34: 35416 | AH34: 42403 | AI34: AHORROS | AJ34: 6700696138 | AK34: DAVIVIENDA | AL34: 2160000 | AM34: 23616000 | AO34: =+AM34+AN34 -> 23616000 | AP34: NO REQUIERE | AQ34: NA | AR34: NA | AS34: NA | AT34: NA | AU34: 42403 | AV34: 42735 | AW34: =AV34-AU34 -> 332 | AY34: RICARDO GONZALEZ FAJARDO | AZ34: =LOOKUP(AY34,'SUPERVISIONES 2015'!$A$3:$B$1279,'SUPERVISIONES 2015'!$B$3:$B$1279) -> 80373544 | BA34: Una vez perfeccionado el contrato y cumplidos los requisitos de ejecución, la Unidad Administra Especial Migración Colombia pagará al contratista el valor del contrato en diez (10) mensualidades vencidas a razón de: DOS MILLONES CIENTO SESENTA MIL PESOS M/CTE ($2.160.000,00) cada una, y la última por valor de DOS MILLONES DIECISÉIS MIL PESOS M/CTE ($2.016.000), incluido los impuestos a que haya lugar. | BT34: =+AN34 -> 0 | BU34: =+BD34+BJ34+BP34+BT34 -> 0 | BV34: =+AO34+BU34 -> 23616000 | CM34: =+IF(BX34>AV34,IF(CC34>BX34,IF(CH34>CC34,CH34,CC34),BX34),AV34) -> 42735 | CQ34: =+SUMIFS(#REF!,#REF!,AG34) -> #REF! | CR34: =+SUMIFS(#REF!,#REF!,BB34)+SUMIFS(#REF!,#REF!,BH34)+SUMIFS(#REF!,#REF!,BN34) -> #REF! | CS34: =+(CQ34+CR34)/BV34 -> #REF! | CU34: =+R34 -> EJECUCIÓN | CW34: =+AU34 -> 42403 | CX34: =+CM34 -> 42735 | CY34: =+CX34-CW34 -> 332 | CZ34: =+$DB$1-CW34 -> -126 | DA34: =+IF(CZ34>=CY34,100,(CZ34/CY34)*100) -> -37.951807 | DC34: =+DA34 -> -37.951807 | DD34: =+CS34 -> #REF!
A35: =V35 -> 25 | B35: RISDEL | C35: 2016623140100009E | D35: 34 | E35: 42396 | F35: DIRECTA | G35: ARRENDAMIENTO | H35: ORINOQUIA | I35: ADMINISTRATIVA | J35: El ARRENDADOR se obliga para con el ARRENDATARIO a entregar en Arrendamiento de cupos de parqueadero, para el parque automotor del Centro Facilitador de Servicios Migratorios en la ciudad de Arauca | K35: 66 | L35: 801315 | M35: Alquiler o arrendamiento de propiedades o edificaciones | N35: 5760000 | O35: 5816 | P35: A-2-0-4-10-2 | Q35: CELEBRADO | R35: EJECUCIÓN | V35: 25 | W35: 42398 | X35: 42402 | Y35: =X35-W35 -> 4 | Z35: ARRENDAMIENTO | AA35: ARRENDAMIENTO | AB35: ARAUCA | AC35: ARAUCA | AD35: JAIVER ALBEIRO GUEVARA REBOLLEDO / INVERSIONES MULTISERVICIOS J&S | AE35: 1116775031 | AG35: 34016 | AH35: 42398 | AI35: AHORROS | AJ35: 230610033839 | AK35: BANCO POPULAR SA | AL35: 480000 | AM35: 5760000 | AO35: =+AM35+AN35 -> 5760000 | AP35: NO REQUIERE | AQ35: NA | AR35: NA | AS35: NA | AT35: NA | AU35: 42398 | AV35: 42763 | AW35: =AV35-AU35 -> 365 | AY35: MIGUEL ANGEL LUNA CASTRO | AZ35: =LOOKUP(AY35,'SUPERVISIONES 2015'!$A$3:$B$1279,'SUPERVISIONES 2015'!$B$3:$B$1279) -> 17586972 | BA35: El canon de arrendamiento se pagara por doce (12) mensualidades anticipadas, cada una por la suma de: CUATROCIENTOS OCHENTA MIL PESOS MCTE ($480.000) incluido el IVA y demás impuestos a que haya lugar, valor de cupo mensual por vehículo es de CIENTO SESENTA MIL PESOS MCTE. ($160.000) El pago se realizará en la cuenta bancaria que para tal efecto indique el arrendador. | BT35: =+AN35 -> 0 | BU35: =+BD35+BJ35+BP35+BT35 -> 0 | BV35: =+AO35+BU35 -> 5760000 | CM35: =+IF(BX35>AV35,IF(CC35>BX35,IF(CH35>CC35,CH35,CC35),BX35),AV35) -> 42763 | CQ35: =+SUMIFS(#REF!,#REF!,AG35) -> #REF! | CR35: =+SUMIFS(#REF!,#REF!,BB35)+SUMIFS(#REF!,#REF!,BH35)+SUMIFS(#REF!,#REF!,BN35) -> #REF! | CS35: =+(CQ35+CR35)/BV35 -> #REF! | CU35: =+R35 -> EJECUCIÓN | CW35: =+AU35 -> 42398 | CX35: =+CM35 -> 42763 | CY35: =+CX35-CW35 -> 365 | CZ35: =+$DB$1-CW35 -> -121 | DA35: =+IF(CZ35>=CY35,100,(CZ35/CY35)*100) -> -33.150685 | DC35: =+DA35 -> -33.150685 | DD35: =+CS35 -> #REF!
A36: =V36 -> 42 | B36: RISDEL | C36: 2016623140500036E | D36: 35 | E36: 42396 | F36: DIRECTA | G36: INTERADMINISTRATIVO | H36: BOGOTA D.C. | I36: OFICINA DE COMUNICACIONES | J36: Que LA IMPRENTA, se compromete con MIGRACION COLOMBIA a la prestación de servicios de impresión de todo tipo de material institucional requerido por Migración Colombia, para el cumplimiento de su objeto misional y de apoyo de la Entidad, de conformidad con las condiciones y generalidades técnicas señaladas en los estudios previos | K36: 92 | L36: 821215 | M36: Servicios Editoriales, de Diseño, de Artes Gráficas y Bellas Artes | N36: 55000000 | O36: 15116 | P36: A-2-0-4-7-3 | Q36: CELEBRADO | R36: EJECUCIÓN | V36: 42 | W36: 42424 | X36: 42425 | Y36: =X36-W36 -> 1 | Z36: PRESTACIÓN DE SERVICIOS | AA36: PROFESIONALES | AB36: BOGOTÁ D.C. | AC36: BOGOTÁ D.C. | AD36: IMPRENTA NACIONAL DE COLOMBIA | AE36: 9448694 | AF36: 1 | AG36: 46919 | AH36: 42424 | AI36: CORRIENTE | AJ36: 110060000056 | AK36: BANCO POPULAR SA | AM36: 55000000 | AO36: 55000000 | AP36: NO REQUIERE | AQ36: NA | AR36: NA | AS36: NA | AT36: NA | AU36: 42461 | AV36: 42735 | AW36: =AV36-AU36 -> 274 | AY36: JUAN MANUEL CAICEDO CARDONA | AZ36: =LOOKUP(AY36,'SUPERVISIONES 2015'!$A$3:$B$1279,'SUPERVISIONES 2015'!$B$3:$B$1279) -> 94486941 | BA36: La Unidad Administrativa Especial Migración Colombia pagará al contratista el valor del contrato en mensualidades vencidas una vez realizados y entregados a satisfacción los trabajos solicitados por la entidad, en el mes inmediatamente anterior. | BT36: =+AN36 -> 0 | BU36: =+BD36+BJ36+BP36+BT36 -> 0 | BV36: =+AO36+BU36 -> 55000000 | CM36: =+IF(BX36>AV36,IF(CC36>BX36,IF(CH36>CC36,CH36,CC36),BX36),AV36) -> 42735 | CQ36: =+SUMIFS(#REF!,#REF!,AG36) -> #REF! | CR36: =+SUMIFS(#REF!,#REF!,BB36)+SUMIFS(#REF!,#REF!,BH36)+SUMIFS(#REF!,#REF!,BN36) -> #REF! | CS36: =+(CQ36+CR36)/BV36 -> #REF! | CU36: =+R36 -> EJECUCIÓN | CW36: =+AU36 -> 42461 | CX36: =+CM36 -> 42735 | CY36: =+CX36-CW36 -> 274 | CZ36: =+$DB$1-CW36 -> -184 | DA36: =+IF(CZ36>=CY36,100,(CZ36/CY36)*100) -> -67.153285 | DC36: =+DA36 -> -67.153285 | DD36: =+CS36 -> #REF!
A37: =V37 -> 31 | B37: RISDEL | C37: 2016623140500034E | D37: 36 | E37: 42397 | F37: DIRECTA | G37: PRESTACIÓN SERVICIOS PROFESIONALES | H37: BOGOTA D.C. | I37: OFICINA DE COMUNICACIONES | J37: la prestación de servicios profesionales para apoyar la gestión de la Oficina de Comunicaciones, de acuerdo con las condiciones señaladas y especificaciones técnicas descritas en los Estudios Previos y la Propuesta presentada por EL CONTRATISTA | K37: 207 | L37: 801615 | M37: Servicios Editoriales, de Diseño, de Artes Gráficas y Bellas Artes | N37: 53460000 | O37: 15316 | P37: A-1-0-2-14 | Q37: CELEBRADO | R37: EJECUCIÓN | V37: 31 | W37: 42405 | X37: 42409 | Y37: =X37-W37 -> 4 | Z37: PRESTACIÓN DE SERVICIOS | AA37: PROFESIONALES | AB37: BOGOTÁ D.C. | AC37: BOGOTÁ D.C. | AD37: MARIA JOSÉ YEPES GIRALDO | AE37: 24348352 | AG37: 36216 | AH37: 42405 | AI37: AHORROS | AJ37: 20715852326 | AK37: BANCOLOMBIA SA | AL37: 4860000 | AM37: 53460000 | AO37: =+AM37+AN37 -> 53460000 | AP37: NO REQUIERE | AQ37: NA | AR37: NA | AS37: NA | AT37: NA | AU37: 42409 | AV37: 42735 | AW37: =AV37-AU37 -> 326 | AY37: JUAN MANUEL CAICEDO CARDONA | AZ37: =LOOKUP(AY37,'SUPERVISIONES 2015'!$A$3:$B$1279,'SUPERVISIONES 2015'!$B$3:$B$1279) -> 94486941 | BA37: Una vez perfeccionado el contrato y cumplidos los requisitos de ejecución, la Unidad Administra Especial Migración Colombia pagará al contratista el valor del contrato en diez (10) mensualidades vencidas a razón de CUATRO MILLONES OCHOCIENTOS SESENTA MIL PESOS MCTE ($4.860.000) cada una, y la última proporcional hasta por la suma de CUATRO MILLONES OCHOCIENTOS SESENTA MIL PESOS MCTE ($4.860.000) incluidos los impuestos a que haya lugar | BT37: =+AN37 -> 0 | BU37: =+BD37+BJ37+BP37+BT37 -> 0 | BV37: =+AO37+BU37 -> 53460000 | CM37: =+IF(BX37>AV37,IF(CC37>BX37,IF(CH37>CC37,CH37,CC37),BX37),AV37) -> 42735 | CQ37: =+SUMIFS(#REF!,#REF!,AG37) -> #REF! | CR37: =+SUMIFS(#REF!,#REF!,BB37)+SUMIFS(#REF!,#REF!,BH37)+SUMIFS(#REF!,#REF!,BN37) -> #REF! | CS37: =+(CQ37+CR37)/BV37 -> #REF! | CU37: =+R37 -> EJECUCIÓN | CW37: =+AU37 -> 42409 | CX37: =+CM37 -> 42735 | CY37: =+CX37-CW37 -> 326 | CZ37: =+$DB$1-CW37 -> -132 | DA37: =+IF(CZ37>=CY37,100,(CZ37/CY37)*100) -> -40.490798 | DC37: =+DA37 -> -40.490798 | DD37: =+CS37 -> #REF!
A38: =V38 -> 34 | B38: CAROLINA | C38: 2016623140500011E | D38: 37 | E38: 42397 | F38: DIRECTA | G38: PRESTACIÓN SERVICIOS PROFESIONALES | H38: BOGOTA D.C. | I38: OFICINA ASESORA JURÍDICA | J38: La prestación de servicios jurídicos especializados para apoyar, asesorar y orientar a la oficina asesora jurídica de la entidad en asuntos relacionados con la contratación y el derecho administrativo, de acuerdo con las condiciones señaladas y especificaciones técnicas descritas en los Estudios Previos y la Propuesta presentada por EL CONTRATISTA. | K38: 2 | L38: 801000 | N38: 42000000 | O38: 16016 | P38: A-1-0-2-14 | Q38: EJECUCIÓN | R38: EJECUCIÓN | V38: 34 | W38: 42412 | X38: 42415 | Y38: =X38-W38 -> 3 | Z38: PRESTACIÓN DE SERVICIO | AA38: PROFESIONALES | AB38: BOGOTÁ D.C. | AC38: BOGOTÁ D.C. | AD38: IDGL S.A. | AE38: 900583848 | AF38: 4 | AG38: 40516 | AH38: 42412 | AI38: AHORROS | AJ38: 482300004421 | AK38: BANCO DAVIVIENDA S.A. | AL38: 7000000 | AM38: 42000000 | AO38: =+AM38+AN38 -> 42000000 | AP38: NO REQUIERE | AQ38: NA | AR38: NA | AS38: NA | AT38: NA | AU38: 42412 | AV38: 42593 | AW38: =AV38-AU38 -> 181 | AY38: WINSTON MARTINEZ | AZ38: =LOOKUP(AY38,'SUPERVISIONES 2015'!$A$3:$B$1279,'SUPERVISIONES 2015'!$B$3:$B$1279) -> 79572017 | BA38: Una vez perfeccionado el contrato y cumplidos los requisitos de ejecución, la Unidad Administrativa Especial Migración Colombia pagará al contratista el valor del contrato en seis (06) mensualidades vencidas a razón de SIETE MILLONES DE PESOS MONEDA CORRIENTE ($7.000.000.00), cada una y la última proporcional. Incluido los impuestos a que haya lugar. | BT38: =+AN38 -> 0 | BU38: =+BD38+BJ38+BP38+BT38 -> 0 | BV38: =+AO38+BU38 -> 42000000 | CM38: =+IF(BX38>AV38,IF(CC38>BX38,IF(CH38>CC38,CH38,CC38),BX38),AV38) -> 42593 | CQ38: =+SUMIFS(#REF!,#REF!,AG38) -> #REF! | CR38: =+SUMIFS(#REF!,#REF!,BB38)+SUMIFS(#REF!,#REF!,BH38)+SUMIFS(#REF!,#REF!,BN38) -> #REF! | CS38: =+(CQ38+CR38)/BV38 -> #REF! | CU38: =+R38 -> EJECUCIÓN | CW38: =+AU38 -> 42412 | CX38: =+CM38 -> 42593 | CY38: =+CX38-CW38 -> 181 | CZ38: =+$DB$1-CW38 -> -135 | DA38: =+IF(CZ38>=CY38,100,(CZ38/CY38)*100) -> -74.585635 | DC38: =+DA38 -> -74.585635 | DD38: =+CS38 -> #REF!
A39: =V39 -> 26 | B39: CAROLINA | C39: 2016623140500041E | D39: 38 | E39: 42398 | F39: DIRECTA | G39: EXCLUSIVIDAD | H39: BOGOTA D.C. | I39: OFICINA DE COMUNICACIONES | J39: Contratar la publicación de diferentes avisos de prensa en el periódico El Tiempo, de acuerdo a las necesidades requeridas por la Entidad. | K39: 94 | L39: 821215 | M39: Impresión | N39: 7000000 | O39: 14516 | P39: A-2-0-4-7-6 | Q39: CELEBRADO | R39: EJECUCIÓN | V39: 26 | W39: 42398 | X39: 42402 | Y39: =X39-W39 -> 4 | Z39: PRESTACIÓN DE SERVICIO | AA39: PUBLICACIÓN AVISOS | AB39: BOGOTÁ D.C. | AC39: BOGOTÁ D.C. | AD39: CASA EDITORIAL EL TIEMPO | AE39: 860001022 | AF39: 7 | AG39: 33916 | AH39: 42398 | AI39: CORRIENTE | AJ39: 3000102208 | AK39: BANCOLOMBIA S.A. | AM39: 7000000 | AO39: =+AM39+AN39 -> 7000000 | AP39: NO REQUIERE | AQ39: NA | AR39: NA | AS39: NA | AT39: NA | AU39: 42398 | AV39: 42735 | AW39: =AV39-AU39 -> 337 | AY39: JUAN MANUEL CAICEDO | AZ39: =LOOKUP(AY39,'SUPERVISIONES 2015'!$A$3:$B$1279,'SUPERVISIONES 2015'!$B$3:$B$1279) -> 1085254926 | BA39: Una vez perfeccionado el contrato y cumplidos los requisitos para su ejecución, la Entidad pagará al contratista el valor del aviso, de acuerdo a las publicaciones realizadas, durante el periodo contractual, previa presentación de la factura y/o cuenta de cobro correspondiente, acompañada de la certificación de cumplimiento a satisfacción expedida por el supervisor del contrato, y la certificación expedida por el Revisor Fiscal, del pago de sus obligaciones a los Sistemas de Salud, Pensión, Riesgos Laborales y Aportes a las Cajas de Compensación Familiar, Instituto Colombiano de Bienestar Familiar ICBF y Servicio Nacional de Aprendizaje SENA. | BT39: =+AN39 -> 0 | BU39: =+BD39+BJ39+BP39+BT39 -> 0 | BV39: =+AO39+BU39 -> 7000000 | CM39: =+IF(BX39>AV39,IF(CC39>BX39,IF(CH39>CC39,CH39,CC39),BX39),AV39) -> 42735 | CQ39: =+SUMIFS(#REF!,#REF!,AG39) -> #REF! | CR39: =+SUMIFS(#REF!,#REF!,BB39)+SUMIFS(#REF!,#REF!,BH39)+SUMIFS(#REF!,#REF!,BN39) -> #REF! | CS39: =+(CQ39+CR39)/BV39 -> #REF! | CU39: =+R39 -> EJECUCIÓN | CW39: =+AU39 -> 42398 | CX39: =+CM39 -> 42735 | CY39: =+CX39-CW39 -> 337 | CZ39: =+$DB$1-CW39 -> -121 | DA39: =+IF(CZ39>=CY39,100,(CZ39/CY39)*100) -> -35.905045 | DC39: =+DA39 -> -35.905045 | DD39: =+CS39 -> #REF!
A40: =V40 -> 6460 | B40: DEYCI MENDEZ | C40: 2016623141000002E | D40: 12510 | E40: 42398 | F40: SELECCIÓN ABREVIADA | G40: ACUERDO MARCO DE PRECIOS | H40: SUBDIRECCION ADMINISTRATIVA Y FINANCIERA | I40: SUBDIRECCION ADMINISTRATIVA Y FINANCIERA | J40: COMPRA DE ARCHIVADORES MOVILES PARA COMPLEMENTO PUESTOS DE TRABAJO CECAM | K40: 237 | L40: 561115 | N40: 6237600 | O40: 16516 | P40: A-2-0-4-2-2 | Q40: CELEBRADO | R40: EJECUCIÓN | V40: 6460 | W40: 42398 | X40: 42398 | Y40: =W40-X40 -> 0 | Z40: COMPRAVENTA | AA40: ARCHIVADORES | AB40: BOGOTÁ D.C. | AC40: BOGOTÁ D.C. | AD40: MAKRO SUPERMAYORISTA S.A.S | AE40: 900059238 | AF40: 1 | AG40: 34116 | AM40: 6237600 | AO40: =+AM40+AN40 -> 6237600 | AU40: 42398 | AV40: 42420 | AW40: =AV40-AU40 -> 22 | CM40: =+IF(BX40>AV40,IF(CC40>BX40,IF(CH40>CC40,CH40,CC40),BX40),AV40) -> 42420 | CW40: =+AU40 -> 42398 | CX40: =+CM40 -> 42420 | CY40: =+CX40-CW40 -> 22 | CZ40: =+$DB$1-CW40 -> -121 | DA40: =+IF(CZ40>=CY40,100,(CZ40/CY40)*100) -> -550 | DC40: =+DA40 -> -550
A41: =V41 -> 33 | B41: MA JIMENA | C41: 2016623140500044E | D41: 39 | E41: 42402 | F41: DIRECTA | G41: PRESTACIÓN SERVICIOS PROFESIONALES | H41: BOGOTA D.C. | I41: OFICINA ASESORA JURÍDICA | J41: Contratar la prestación de servicios profesionales para la implementación y seguimiento de estrategias en temas de anticorrupción | K41: 231 | L41: 801015 | M41: Servicios de Consultoría de Negocios y Administración | N41: 42000000 | O41: 16316 | P41: A-1-0-2-14 | Q41: CELEBRADO | R41: EJECUCIÓN | V41: 33 | W41: 42408 | X41: 42409 | Y41: =X41-W41 -> 1 | Z41: PRESTACIÓN DE SERVICIO | AA41: ASESORIAS EN ANTICORRUPCION | AB41: BOGOTÁ D.C. | AC41: BOGOTÁ D.C. | AD41: LILIANA JARAMILLO MUTIS | AE41: 51573271 | AG41: 16316 | AH41: 42397 | AI41: CORRIENTE | AJ41: 12374898 | AK41: CORPBANCA COLOMBIA S.A. | AL41: 6000000 | AM41: 42000000 | AO41: 42000000 | AP41: NO REQUIERE | AQ41: NA | AR41: NA | AS41: NA | AT41: NA | AU41: 42409 | AV41: 42621 | AW41: 210 | AY41: WINSTON ANDRES MARTINEZ ACOSTA | BA41: Se entienden incluidos como parte del precio todos los impuestos, derechos, tasas, gastos directos o indirectos y contribuciones que se generen con ocasión o como efecto del presente contrato, los cuales corren a cargo del CONTRATISTA.
A42: =V42 -> 39 | B42: CAROLINA | C42: 2016623140500042E | D42: 40 | E42: 42405 | F42: DIRECTA | G42: EXCLUSIVIDAD | H42: BOGOTA D.C. | I42: OFICINA DE COMUNICACIONES | J42: Contratar la publicación de diferentes avisos de prensa en el periódico La República, de acuerdo a las necesidades requeridas por la Entidad.- | K42: 95 | L42: 821215 | M42: Impresión | N42: 3000000 | O42: 14616 | P42: A-2-0-4-7-6 | Q42: CELEBRADO | R42: EJECUCIÓN | V42: 39 | W42: 42418 | X42: 42419 | Y42: =X42-W42 -> 1 | Z42: PRESTACIÓN DE SERVICIO | AA42: PUBLICACIÓN AVISOS | AB42: BOGOTÁ D.C. | AC42: BOGOTÁ D.C. | AD42: EDITORIAL EL GLOBO S.A. | AE42: 860009759 | AF42: 2 | AG42: 44416 | AH42: 42418 | AI42: CORRIENTE | AJ42: 26906 | AK42: BANCO DE BOGOTÁ S.A. | AM42: 3000000 | AO42: =+AM42+AN42 -> 3000000 | AP42: NO REQUIERE | AQ42: NA | AR42: NA | AS42: NA | AT42: NA | AU42: 42419 | AV42: 42735 | AW42: =AV42-AU42 -> 316 | AY42: JUAN MANUEL CAICEDO | AZ42: =LOOKUP(AY42,'SUPERVISIONES 2015'!$A$3:$B$1279,'SUPERVISIONES 2015'!$B$3:$B$1279) -> 1085254926 | BA42: Una vez perfeccionado el contrato y cumplidos los requisitos para su ejecución, la Entidad pagará al contratista el valor del aviso, de acuerdo a las publicaciones realizadas, durante el periodo contractual. | BT42: =+AN42 -> 0 | BU42: =+BD42+BJ42+BP42+BT42 -> 0 | BV42: =+AO42+BU42 -> 3000000 | CM42: =+IF(BX42>AV42,IF(CC42>BX42,IF(CH42>CC42,CH42,CC42),BX42),AV42) -> 42735 | CQ42: =+SUMIFS(#REF!,#REF!,AG42) -> #REF! | CR42: =+SUMIFS(#REF!,#REF!,BB42)+SUMIFS(#REF!,#REF!,BH42)+SUMIFS(#REF!,#REF!,BN42) -> #REF! | CS42: =+(CQ42+CR42)/BV42 -> #REF! | CU42: =+R42 -> EJECUCIÓN | CW42: =+AU42 -> 42419 | CX42: =+CM42 -> 42735 | CY42: =+CX42-CW42 -> 316 | CZ42: =+$DB$1-CW42 -> -142 | DA42: =+IF(CZ42>=CY42,100,(CZ42/CY42)*100) -> -44.936709 | DC42: =+DA42 -> -44.936709 | DD42: =+CS42 -> #REF!
A43: =V43 -> 35 | B43: CAROLINA | C43: 2016623140500043E | D43: 41 | E43: 42405 | F43: DIRECTA | G43: EXCLUSIVIDAD | H43: BOGOTA D.C. | I43: OFICINA ASESORA JURÍDICA | J43: Adquisición de la suscripción a una biblioteca Jurídica Virtual, con instalación de software y herramienta de consulta de información jurídica, así como la actualización y el mantenimiento del Normograma, con cobertura nacional para la Unidad Administrativa Especial Migración Colombia | K43: 241 | L43: 55111515 82121802 | M43: Audio cinta de material educacional Servicios de publicaciones financiadas por el autor | N43: 20000000 | O43: 17216 | P43: A-2-0-4-7-5 | Q43: CELEBRADO | R43: EJECUCIÓN | V43: 35 | W43: 42415 | X43: 42415 | Y43: =X43-W43 -> 0 | Z43: COMPRAVENTA | AA43: ADQUISICIÓN BIBLIOTECA CON INSTALACIÓN SOFTWARE | AB43: BOGOTÁ D.C. | AC43: BOGOTÁ D.C. | AD43: AVANCE JURÍDICO | AE43: 830041326 | AF43: 2 | AG43: 41316 | AH43: 42415 | AI43: AHORROS | AJ43: 20985688715 | AK43: BANCOLOMBIA S.A. | AM43: 20000000 | AO43: =+AM43+AN43 -> 20000000 | AP43: NO REQUIERE | AQ43: NA | AR43: NA | AS43: NA | AT43: NA | AU43: 42415 | AV43: 42627 | AW43: =AV43-AU43 -> 212 | AY43: WINSTON MARTINEZ | AZ43: =LOOKUP(AY43,'SUPERVISIONES 2015'!$A$3:$B$1279,'SUPERVISIONES 2015'!$B$3:$B$1279) -> 79572017 | BA43: Una vez perfeccionado el contrato y cumplidos los requisitos para su ejecución, la Unidad Administrativa Especial Migración Colombia pagará al contratista el valor del contrato así: Un único pago equivalente al 100% del valor del mismo, una vez se haya instalado el software de Biblioteca Jurídica Virtual (Integrador Jurídico). | BT43: =+AN43 -> 0 | BU43: =+BD43+BJ43+BP43+BT43 -> 0 | BV43: =+AO43+BU43 -> 20000000 | CM43: =+IF(BX43>AV43,IF(CC43>BX43,IF(CH43>CC43,CH43,CC43),BX43),AV43) -> 42627 | CQ43: =+SUMIFS(#REF!,#REF!,AG43) -> #REF! | CR43: =+SUMIFS(#REF!,#REF!,BB43)+SUMIFS(#REF!,#REF!,BH43)+SUMIFS(#REF!,#REF!,BN43) -> #REF! | CS43: =+(CQ43+CR43)/BV43 -> #REF! | CU43: =+R43 -> EJECUCIÓN | CW43: =+AU43 -> 42415 | CX43: =+CM43 -> 42627 | CY43: =+CX43-CW43 -> 212 | CZ43: =+$DB$1-CW43 -> -138 | DA43: =+IF(CZ43>=CY43,100,(CZ43/CY43)*100) -> -65.09434 | DC43: =+DA43 -> -65.09434 | DD43: =+CS43 -> #REF!
A44: =V44 -> 47 | B44: RISDEL | C44: 2016623140500064E | D44: 42 | E44: 42408 | F44: DIRECTA | G44: EXCLUSIVIDAD | H44: OFICINA DE TECNOLOGIA DE LA INFORMACIÓN | I44: OFICINA DE TECNOLOGIA DE LA INFORMACIÓN | J44: La prestación del servicio de mantenimiento preventivo y correctivo son suministro de repuestos y baterías para las UPS marca TOSHIBA, asignadas a las regionales Andina y Caribe de la Entidad, de conformidad con las especificaciones técnicas de la Unidad Administrativa Especial Migración Colombia. | K44: 20 | L44: 391210 721515 811017 | M44: Servicios profesionales de ingenieria , inversion y tecnologia de Sistemas | N44: 18193600 | O44: 19416 | P44: C-223-1002-1 | Q44: CELEBRADO | R44: EJECUCIÓN | V44: 47 | W44: 42431 | X44: 42433 | Y44: =X44-W44 -> 2 | Z44: PRESTACIÓN DE SERVICIOS | AA44: MANTENIMIENTO | AB44: BOGOTÁ D.C. | AC44: BOGOTÁ D.C. | AD44: SERVICIOS Y SOLUCIONES LTDA | AE44: 900115635 | AF44: 6 | AG44: 52916 | AH44: 42431 | AI44: CORRIENTE | AJ44: 47069994755 | AK44: BANCO DAVIVIENDA | AM44: 18193600 | AO44: =+AM44+AN44 -> 18193600 | AP44: CUMPLIMIENTO/ AMPARO DE SALARIOS/ CALIDAD DEL SERVICIO/ | AQ44: 20%/10%/20% | AR44: 6M-3A-6M | AS44: SURAMERICAN A | AT44: NA | AU44: NO HAY ACTA DE INICIO TODAVIA | AV44: 42735 | AW44: =AV44-AU44 -> #VALUE! | AY44: NESTOR HERNANDO MONTENEGRO GOMEZ | AZ44: =LOOKUP(AY44,'SUPERVISIONES 2015'!$A$3:$B$1279,'SUPERVISIONES 2015'!$B$3:$B$1279) -> 19262345 | BA44: La Unidad Administrativa Especial Migración Colombia pagará al contratista el valor del contrato en tres (3) pagos así: 1. Un primer pago con corte al 31 de mayo de 2016 equivalente al 40% del valor del contrato, una vez realizado el primer mantenimiento preventivo a la totalidad de las UPS objeto del mismo y los mantenimientos correctivos a que haya habido lugar. 2. Un segundo pago con corte al 31 de agosto de 2016 equivalente al 30% del valor del contrato, una vez realizado los mantenimientos correctivos a que haya habido lugar. 3. Un tercero y último pago con corte al 31 de diciembre de 2016 equivalente al 30% del valor del contrato, una vez realizado el segundo mantenimiento preventivo a la totalidad de las UPS objeto del mismo y los mantenimientos correctivos a que haya habido lugar. | BT44: =+AN44 -> 0 | BU44: =+BD44+BJ44+BP44+BT44 -> 0 | BV44: =+AO44+BU44 -> 18193600 | CM44: =+IF(BX44>AV44,IF(CC44>BX44,IF(CH44>CC44,CH44,CC44),BX44),AV44) -> 42735 | CQ44: =+SUMIFS(#REF!,#REF!,AG44) -> #REF! | CR44: =+SUMIFS(#REF!,#REF!,BB44)+SUMIFS(#REF!,#REF!,BH44)+SUMIFS(#REF!,#REF!,BN44) -> #REF! | CS44: =+(CQ44+CR44)/BV44 -> #REF! | CU44: =+R44 -> EJECUCIÓN | CW44: =+AU44 -> NO HAY ACTA DE INICIO TODAVIA | CX44: =+CM44 -> 42735 | CY44: =+CX44-CW44 -> #VALUE! | CZ44: =+$DB$1-CW44 -> #VALUE! | DA44: =+IF(CZ44>=CY44,100,(CZ44/CY44)*100) -> #VALUE! | DC44: =+DA44 -> #VALUE! | DD44: =+CS44 -> #REF!
A45: =V45 -> 44 | B45: RISDEL | C45: 2016623140500063E | D45: 43 | E45: 42408 | F45: DIRECTA | G45: EXCLUSIVIDAD | H45: OFICINA DE TECNOLOGIA DE LA INFORMACIÓN | I45: OFICINA DE TECNOLOGIA DE LA INFORMACIÓN | J45: Contratar el servicio de mantenimiento preventivo y correctivo son suministro de repuestos y baterías para las UPS marca PEI, asignadas a las once (11) Sedes Regionales de la Entidad y al Nivel Central, de conformidad con las especificaciones técnicas señaladas por la Unidad Administrativa Especial Migración Colombi | K45: 19 | L45: 391210 721515 811017 | M45: Servicios profesionales de ingenieria , inversion y tecnologia de Sistemas | N45: 169700000 | O45: 19516 | P45: C-223-1002-1 | Q45: CELEBRADO | R45: EJECUCIÓN | V45: 44 | W45: 42429 | X45: 42430 | Y45: =X45-W45 -> 1 | Z45: PRESTACIÓN DE SERVICIOS | AA45: MANTENIMIENTO | AB45: BOGOTÁ D.C. | AC45: BOGOTÁ D.C. | AD45: PROYECTOS ESPECIALES INGENIERIA S.A.S | AE45: 830025306 | AF45: 8 | AG45: 52516 | AH45: 42429 | AI45: CORRIENTE | AJ45: 18393322320 | AK45: BANCOLOMBIA SA | AM45: 169700000 | AO45: =+AM45+AN45 -> 169700000 | AP45: CUMPLIMIENTO/ AMPARO DE SALARIOS/ CALIDAD DEL SERVICIO/ | AQ45: 20%/10%/20% | AR45: 6M-3A-6M | AS45: SURAMERICAN A | AT45: NA | AU45: NO HAY ACTA DE INICIO TODAVIA | AV45: 42735 | AW45: =AV45-AU45 -> #VALUE! | AY45: NESTOR HERNANDO MONTENEGRO GOMEZ | AZ45: =LOOKUP(AY45,'SUPERVISIONES 2015'!$A$3:$B$1279,'SUPERVISIONES 2015'!$B$3:$B$1279) -> 19262345 | BA45: La Unidad Administrativa Especial Migración Colombia pagará al contratista el valor del contrato en tres (3) pagos así. • Un primer pago con corte al 31 de mayo de 2016, equivalente al 40% del valor del contrato, una vez realizado el primer mantenimiento preventivo a la totalidad de las UPS objeto del mismo y los mantenimientos correctivos a que haya habido lugar. • Un segundo pago con corte al 31 de agosto de 2016, equivalente al 30% del valor del contrato, una vez realizado los mantenimientos correctivos a que haya habido lugar. • Un tercero y último pago con corte al 31 de diciembre de 2016, equivalente al 30% del valor del contrato, una vez realizado el segundo mantenimiento preventivo a la totalidad de las UPS objeto del mismo y los mantenimientos correctivos a que haya habido lugar. | BT45: =+AN45 -> 0 | BU45: =+BD45+BJ45+BP45+BT45 -> 0 | BV45: =+AO45+BU45 -> 169700000 | CM45: =+IF(BX45>AV45,IF(CC45>BX45,IF(CH45>CC45,CH45,CC45),BX45),AV45) -> 42735 | CQ45: =+SUMIFS(#REF!,#REF!,AG45) -> #REF! | CR45: =+SUMIFS(#REF!,#REF!,BB45)+SUMIFS(#REF!,#REF!,BH45)+SUMIFS(#REF!,#REF!,BN45) -> #REF! | CS45: =+(CQ45+CR45)/BV45 -> #REF! | CU45: =+R45 -> EJECUCIÓN | CW45: =+AU45 -> NO HAY ACTA DE INICIO TODAVIA | CX45: =+CM45 -> 42735 | CY45: =+CX45-CW45 -> #VALUE! | CZ45: =+$DB$1-CW45 -> #VALUE! | DA45: =+IF(CZ45>=CY45,100,(CZ45/CY45)*100) -> #VALUE! | DC45: =+DA45 -> #VALUE! | DD45: =+CS45 -> #REF!
A46: =V46 -> 41 | B46: ALEJANDRA | C46: 2016623140300007E | D46: 44 | E46: 42408 | F46: DIRECTA | G46: PRESTACIÓN SERVICIOS PROFESIONALES | H46: BOGOTA D.C. | I46: SUBDIRECCION DE TALENTO HUMANO | J46: Prestar los servicios de apoyo a la gestión, con autonomía técnica y administrativa, en todo lo que se derive del proceso de selección, cuyo objeto es “Suministrar a nivel Nacional los uniformes a los funcionarios de la Unidad Administrativa Especial Migración Colombia que llevan a cabo labores misionales, correspondiente a la vigencia 2016.” Lo anterior, de acuerdo con las condiciones señaladas en las especificaciones y condiciones técnicas de los estudios previos y en la propuesta del contratista”. | K46: 157 | L46: 80111600 | M46: Servicios de recursos humanos | N46: 12000000 | O46: 17416 | P46: A 1.0.2.14 | Q46: CELEBRADO | R46: EJECUCION | V46: 41 | W46: 42422 | X46: 42423 | Y46: =X46-W46 -> 1 | Z46: PRESTACIÓN DE SERVICIO | AA46: PRESTACION DE SERVICIOS DE APOYO A LA GESTION | AB46: BOGOTÁ D.C. | AC46: BOGOTÁ D.C. | AD46: AZUCENA PINZON RODRIGUEZ | AE46: 51727720 | AG46: 45816 | AH46: 42422 | AI46: AHORROS | AJ46: 8000286883 | AK46: DAVIVIENDA | AM46: 12000000 | AO46: =+AM46+AN46 -> 12000000 | AP46: NO REQUIERE | AQ46: NA | AR46: NA | AS46: NA | AT46: NA | AU46: 42422 | AV46: 42735 | AY46: CRISTHY LEIDI GRANADOS CRUZ | AZ46: 21094954 | BA46: Una vez perfeccionado el contrato y cumplidos los requisitos de ejecución, la Unidad Administrativa Especial Migración Colombia pagará al contratista el valor del contrato en diez mensualidades vencidas a razón de: UN MILLON DOSCIENTOS MIL PESOS M/CTE ($1.200.000,00) cada una. | BV46: 12000000 | CM46: 42735 | CU46: =+R46 -> EJECUCION | CW46: 42422 | CX46: 42735
A47: =V47 -> 45 | B47: ALEJANDRA | C47: 2016623140500058E | D47: 45 | E47: 42409 | F47: DIRECTA | G47: PRESTACIÓN SERVICIOS PROFESIONALES | H47: BOGOTA D.C. | I47: SUBDIRECCION DE TALENTO HUMANO | J47: Prestar los Servicios de Apoyo a la Gestión, consistentes en la separación de archivos PDF/A, organización, elaboración hoja de control, control de calidad, verificación, análisis, digitalización, sistematización y demás labores que contribuyan a la actualización y conservación de los expedientes de las historias laborales que reposan en el archivo de la Subdirección de Talento Humano de la Unidad Administrativa Especial Migración Colombia, de acuerdo con las condiciones señaladas en los estudios previos y en la propuesta presentada por el CONTRATISTA | K47: 203 | L47: 80161500 | M47: servicio de administracion de empresas | N47: 3,900,000 | O47: 19716 | P47: A-1-0-2-14 | Q47: CELEBRADO | R47: EJECUCIÓN | V47: 45 | W47: 42416 | X47: 42416 | Y47: =X47-W47 -> 0 | Z47: PRESTACIÓN DE SERVICIO | AA47: PRESTACION DE SERVICIOS DE APOYO A LA GESTION PARA LA DIGITALIZACION DE HISTORIAS LABORALES | AB47: BOGOTÁ D.C. | AC47: BOGOTÁ D.C. | AD47: CAROLINA LOPEZ RAMIREZ | AE47: 52985088 | AG47: 42816 | AH47: 42416 | AI47: AHORROS | AJ47: 40649067840 | AK47: BANCOLOMBIA S.A. | AM47: 3900000 | AO47: =+AM47+AN47 -> 3900000 | AP47: NO REQUIERE | AQ47: NA | AR47: NA | AS47: NA | AT47: NA | AU47: 42416 | AV47: 42506 | AW47: =AV47-AU47 -> 90 | AY47: CLAUDIA MENDOZA | AZ47: =LOOKUP(AY47,'SUPERVISIONES 2015'!$A$3:$B$1279,'SUPERVISIONES 2015'!$B$3:$B$1279) -> 52260482 | BA47: La Unidad Administrativa Especial Migración Colombia pagará al contratista el valor del contrato en mensualidades vencidas a razón de UN MILLÓN TRECIENTOS MIL PESOS MONEDA CORRIENTE ($1.300.000.) cada una, incluidos los impuestos a que haya lugar. | BT47: =+AN47 -> 0 | BU47: =+BD47+BJ47+BP47+BT47 -> 0 | BV47: =+AO47+BU47 -> 3900000 | CM47: =+IF(BX47>AV47,IF(CC47>BX47,IF(CH47>CC47,CH47,CC47),BX47),AV47) -> 42506 | CQ47: =+SUMIFS(#REF!,#REF!,AG47) -> #REF! | CR47: =+SUMIFS(#REF!,#REF!,BB47)+SUMIFS(#REF!,#REF!,BH47)+SUMIFS(#REF!,#REF!,BN47) -> #REF! | CS47: =+(CQ47+CR47)/BV47 -> #REF! | CU47: =+R47 -> EJECUCIÓN | CW47: =+AU47 -> 42416 | CX47: =+CM47 -> 42506 | CY47: =+CX47-CW47 -> 90 | CZ47: =+$DB$1-CW47 -> -139 | DA47: =+IF(CZ47>=CY47,100,(CZ47/CY47)*100) -> -154.44444 | DC47: =+DA47 -> -154.44444 | DD47: =+CS47 -> #REF!
A48: =V48 -> 37 | B48: ALEJANDRA | C48: 2016623140500056E | D48: 46 | E48: 42409 | F48: DIRECTA | G48: PRESTACIÓN SERVICIOS PROFESIONALES | H48: BOGOTA D.C. | I48: SUBDIRECCION DE TALENTO HUMANO | J48: Prestar los Servicios de Apoyo a la Gestión, consistentes en la separación de archivos PDF/A, organización, elaboración hoja de control, control de calidad, verificación, análisis, digitalización, sistematización y demás labores que contribuyan a la actualización y conservación de los expedientes de las historias laborales que reposan en el archivo de la Subdirección de Talento Humano de la Unidad Administrativa Especial Migración Colombia, de acuerdo con las condiciones señaladas en los estudios previos y en la propuesta presentada por el CONTRATISTA | K48: 204 | L48: 80161500 | M48: servicio de administracion de empresas | N48: 3,900,000 | O48: 19616 | P48: A-1-0-2-14 | Q48: CELEBRADO | R48: EJECUCIÓN | V48: 37 | W48: 42416 | X48: 42416 | Y48: =X48-W48 -> 0 | Z48: PRESTACIÓN DE SERVICIO | AA48: PRESTACION DE SERVICIOS DE APOYO A LA GESTION PARA LA DIGITALIZACION DE HISTORIAS LABORALES | AB48: BOGOTÁ D.C. | AC48: BOGOTÁ D.C. | AD48: NUBIA JANNETH RODRIGUEZ SUAREZ | AE48: 52065735 | AG48: 42916 | AH48: 42416 | AI48: AHORROS | AJ48: 24024324582 | AK48: CAJA SOCIAL | AM48: 3900000 | AO48: =+AM48+AN48 -> 3900000 | AP48: NO REQUIERE | AQ48: NA | AR48: NA | AS48: NA | AT48: NA | AU48: 42416 | AV48: 42506 | AW48: =AV48-AU48 -> 90 | AY48: CLAUDIA MENDOZA | AZ48: =LOOKUP(AY48,'SUPERVISIONES 2015'!$A$3:$B$1279,'SUPERVISIONES 2015'!$B$3:$B$1279) -> 52260482 | BA48: La Unidad Administrativa Especial Migración Colombia pagará al contratista el valor del contrato en mensualidades vencidas a razón de UN MILLÓN TRECIENTOS MIL PESOS MONEDA CORRIENTE ($1.300.000.) cada una, incluidos los impuestos a que haya lugar. | BT48: =+AN48 -> 0 | BU48: =+BD48+BJ48+BP48+BT48 -> 0 | BV48: =+AO48+BU48 -> 3900000 | CM48: =+IF(BX48>AV48,IF(CC48>BX48,IF(CH48>CC48,CH48,CC48),BX48),AV48) -> 42506 | CQ48: =+SUMIFS(#REF!,#REF!,AG48) -> #REF! | CR48: =+SUMIFS(#REF!,#REF!,BB48)+SUMIFS(#REF!,#REF!,BH48)+SUMIFS(#REF!,#REF!,BN48) -> #REF! | CS48: =+(CQ48+CR48)/BV48 -> #REF! | CU48: =+R48 -> EJECUCIÓN | CW48: =+AU48 -> 42416 | CX48: =+CM48 -> 42506 | CY48: =+CX48-CW48 -> 90 | CZ48: =+$DB$1-CW48 -> -139 | DA48: =+IF(CZ48>=CY48,100,(CZ48/CY48)*100) -> -154.44444 | DC48: =+DA48 -> -154.44444 | DD48: =+CS48 -> #REF!
A49: =V49 -> 43 | B49: CLAUDIA A. | C49: 2016623140500070E | D49: 47 | E49: 42411 | F49: DIRECTA | G49: INTERADMINISTRATIVO | H49: NIVEL CENTRAL | I49: GRUPO ARCHIVO Y CORRESPONDENCIA | J49: Contratar la prestación de servicio de recolección, curso y entrega de correo en sus diferentes modalidades a nivel nacional e internacional y el suministro de personal para la gestión documental. | K49: 142 | L49: 708022 | M49: Servicios Postales de paqueteo y courrier | N49: 349382240 | O49: 17116 | P49: A-2-0-46-2 | Q49: CELEBRADO | R49: EJECUCION | V49: 43 | W49: 42429 | X49: 42430 | Y49: =X49-W49 -> 1 | Z49: INTERADMINISTRATIVO | AB49: BOGOTÁ D.C. | AC49: BOGOTÁ D.C. | AD49: SERVICIOS POSTALES NACIONALES S.A. | AE49: 900062917 | AF49: 9 | AG49: 52416 | AH49: 2016 | AI49: AHORROS | AJ49: 221-80630-0 | AK49: BANCO DE OCCIDENTE | AM49: 349382240 | AO49: =+AM49+AN49 -> 349382240 | AP49: NO REQUIERE | AU49: 42429 | AV49: 42735 | AW49: =AV49-AU49 -> 306 | AY49: ILVIS PATRICIA SERRANO BORNACELLY | AZ49: 36551065 | BA49: Una vez perfeccionado el contrato y cumplidos los requisitos de ejecución, la Unidad Administrativa Especial Migración Colombia cancelará a Servicios Postales Nacionales S.A. el valor pactado en mensualidades vencidas
A50: =V50 -> 50 | B50: RISDEL | C50: 2016623140500065E | D50: 48 | E50: 42412 | F50: DIRECTA | G50: EXCLUSIVIDAD | H50: OFICINA DE TECNOLOGIA DE LA INFORMACIÓN | I50: OFICINA DE TECNOLOGIA DE LA INFORMACIÓN | J50: Contratar el servicio de soporte y actualización de las licencias para los sistemas KACTUS y SEVEN y soporte técnico especializado presencial, de conformidad con las especificaciones de la Unidad Administrativa Migración Colombia.i | K50: 22 | L50: 432323 432330 811122 | M50: Servicios basados en ingeniería, investigación y tecnología | N50: 173399577 | O50: 20016 | P50: C-223-1002-1 | Q50: CELEBRADO | R50: EJECUCIÓN | V50: 50 | W50: 42443 | X50: 42445 | Y50: =X50-W50 -> 2 | Z50: PRESTACIÓN DE SERVICIOS | AA50: PRESTACIÓN DE SERVICIOS | AB50: BOGOTÁ D.C. | AC50: BOGOTÁ D.C. | AD50: DIGITAL WARE SA | AE50: 830042244 | AF50: 1 | AG50: 60216 | AH50: 42443 | AI50: AHORROS | AJ50: 4806270089 | AK50: BANCOLOMBIA SA | AM50: 173399577 | AO50: =+AM50+AN50 -> 173399577 | AP50: CUMPLIMIENTO/ AMPARO DE SALARIOS/ CALIDAD DEL SERVICIO/ | AQ50: 20%/10%/20% | AR50: 6M-3A-6M | AT50: NA | AU50: 42451 | AV50: 42719 | AW50: =AV50-AU50 -> 268 | AY50: WEYMAR RAMSES GUTIERREZ ORTIZ | AZ50: =LOOKUP(AY50,'SUPERVISIONES 2015'!$A$3:$B$1279,'SUPERVISIONES 2015'!$B$3:$B$1279) -> 80148863 | BA50: La Unidad Administrativa Especial Migración Colombia pagará al contratista el valor del contrato en tres (3) pagos así. • Un primer pago por el valor equivalente a la actualización de las licencias de Kactus y Seven. • Un segundo pago con corte al 31 de julio de 2016 equivalente al valor ejecutado de la bolsa de horas de soporte en sitio. • Un tercer y último pago con corte al 15 de diciembre de 2016 equivalente al valor ejecutado de la bolsa de horas de soporte en sitio. | BT50: =+AN50 -> 0 | BU50: =+BD50+BJ50+BP50+BT50 -> 0 | BV50: =+AO50+BU50 -> 173399577 | CM50: =+IF(BX50>AV50,IF(CC50>BX50,IF(CH50>CC50,CH50,CC50),BX50),AV50) -> 42719 | CQ50: =+SUMIFS(#REF!,#REF!,AG50) -> #REF! | CR50: =+SUMIFS(#REF!,#REF!,BB50)+SUMIFS(#REF!,#REF!,BH50)+SUMIFS(#REF!,#REF!,BN50) -> #REF! | CS50: =+(CQ50+CR50)/BV50 -> #REF! | CU50: =+R50 -> EJECUCIÓN | CW50: =+AU50 -> 42451 | CX50: =+CM50 -> 42719 | CY50: =+CX50-CW50 -> 268 | CZ50: =+$DB$1-CW50 -> -174 | DA50: =+IF(CZ50>=CY50,100,(CZ50/CY50)*100) -> -64.925373 | DC50: =+DA50 -> -64.925373 | DD50: =+CS50 -> #REF!
A51: =V51 -> 38 | B51: RISDEL | C51: 2016623140500040E | D51: 49 | E51: 42412 | F51: DIRECTA | G51: PRESTACIÓN SERVICIOS PROFESIONALES | H51: BOGOTA D.C. | I51: OFICINA JURIDICA | J51: Prestar los servicios profesionales para apoyar la gestión de la oficina asesora jurídica y manejo de procesos judiciales, de acuerdo con las condiciones señaladas y especificaciones técnicas descritas en los Estudios Previos y la Propuesta presentada por EL CONTRATISTA. | K51: 210 | L51: 801217 | M51: Servicios de gestión, servicios profesionales de empresa y servicios administrativos | N51: 25920000 | O51: 9716 | P51: A-1-0-2-14 | Q51: CELEBRADO | R51: EJECUCIÓN | V51: 38 | W51: 42416 | X51: 42419 | Y51: =X51-W51 -> 3 | Z51: PRESTACIÓN DE SERVCIOS | AA51: PROFESIONALES | AB51: BOGOTÁ D.C. | AC51: BOGOTÁ D.C. | AD51: OLBER TORO VALENCIA | AE51: 79672351 | AG51: 43516 | AH51: 42443 | AI51: AHORROS | AJ51: 5334412859 | AK51: BANCOLOMBIA SA | AL51: 4320000 | AM51: 25920000 | AO51: =+AM51+AN51 -> 25920000 | AP51: NO REQUIERE | AQ51: NA | AR51: NA | AS51: NA | AT51: NA | AU51: 42416 | AV51: 42597 | AW51: =AV51-AU51 -> 181 | AX51: 0 | AY51: WINSTON ANDRES MARTINEZ ACOSTA | AZ51: =LOOKUP(AY51,'SUPERVISIONES 2015'!$A$3:$B$1279,'SUPERVISIONES 2015'!$B$3:$B$1279) -> 79572017 | BA51: La Unidad Administrativa Especial Migración Colombia pagará al contratista el valor del contrato en mensualidades vencidas a razón de CUATRO MILLONES TRECIENTOS VEINTE MIL PESOS MONEDA CORRIENTE ($4.320.000.000), incluido los impuestos a que haya lugar. | BT51: =+AN51 -> 0 | BU51: =+BD51+BJ51+BP51+BT51 -> 0 | BV51: =+AO51+BU51 -> 25920000 | CM51: =+IF(BX51>AV51,IF(CC51>BX51,IF(CH51>CC51,CH51,CC51),BX51),AV51) -> 42597 | CQ51: =+SUMIFS(#REF!,#REF!,AG51) -> #REF! | CR51: =+SUMIFS(#REF!,#REF!,BB51)+SUMIFS(#REF!,#REF!,BH51)+SUMIFS(#REF!,#REF!,BN51) -> #REF! | CS51: =+(CQ51+CR51)/BV51 -> #REF! | CU51: =+R51 -> EJECUCIÓN | CW51: =+AU51 -> 42416 | CX51: =+CM51 -> 42597 | CY51: =+CX51-CW51 -> 181 | CZ51: =+$DB$1-CW51 -> -139 | DA51: =+IF(CZ51>=CY51,100,(CZ51/CY51)*100) -> -76.79558 | DC51: =+DA51 -> -76.79558 | DD51: =+CS51 -> #REF!
A52: =V52 -> DESIERTO | B52: MA JIMENA | C52: 2016623140500053E | D52: 50 | E52: 42412 | F52: DIRECTA | G52: PRESTACIÓN SERVICIOS PROFESIONALES | H52: BOGOTA D.C. | I52: SECRETARIA GEENRAL | J52: Prestar los servicios profesionales con autonomía técnica y administrativa, específicamente para apoyar a la secretaría general en la preparación y revisión de la etapa precontractual de los procesos que adelantan las dependencias a su cargo | K52: 215 | L52: 801217 | M52: servicios legales | N52: 25000000 | O52: 20216 | P52: A-1-0-2-14 | Q52: DECLARADO DESIERTO | V52: DESIERTO | Y52: =X52-W52 -> 0 | AO52: =+AM52+AN52 -> 0 | AP52: NO REQUIERE | AQ52: NA | AR52: NA | AS52: NA | AT52: NA | AU52: 42409 | AV52: 42621 | AW52: 210 | AY52: WINSTON ANDRES MARTINEZ ACOSTA | BA52: Se entienden incluidos como parte del precio todos los impuestos, derechos, tasas, gastos directos o indirectos y contribuciones que se generen con ocasión o como efecto del presente contrato, los cuales corren a cargo del CONTRATISTA.
A53: =V53 -> 45 | B53: MA JIMENA | C53: 2016623140500072E | D53: 51 | E53: 42412 | F53: DIRECTA | G53: PRESTACIÓN SERVICIOS PROFESIONALES | H53: BOGOTA D.C. | I53: OFICINA COMUNICACIONES | J53: Prestar los servicios de apoyo a la gestión, técnica y administrativamente para apoyar a la Oficina de Comunicaciones | K53: 243 | L53: 801615 | M53: servicios de apoyo gerencial | N53: 24000000 | O53: 20516 | P53: A-1-0-2-14 | Q53: CELEBRADO | R53: EJECUCIÓN | V53: 45 | W53: 42430 | X53: 42430 | Y53: =X53-W53 -> 0 | Z53: PRESTACIÓN DE SERVICIO | AA53: APOYO OFICINA COMUNICACIONES | AB53: BOGOTÁ D.C. | AC53: BOGOTÁ D.C. | AD53: JAVIER GONZALEZ GONZALEZ | AE53: 79865008 | AG53: 52716 | AH53: 42430 | AI53: CORRIENTE | AJ53: 4368841 | AK53: BANCO CORPBANCA S.A | AL53: 4000000 | AM53: 24000000 | AO53: =+AM53+AN53 -> 24000000 | AU53: 42431 | AV53: 42614 | AW53: 180 | AY53: JUAN MANUEL CAICEDO | BA53: La Unidad Administrativa Especial Migración Colombia pagará al contratista el valor del contrato en mensualidades vencidas a razón de CUATRO MILLONES DE PESOS M/CTE ($4.000.000), cada una incluido los impuestos a que haya lugar.
A54: =V54 -> 62 | B54: CLAUDIA A. | C54: 2016623140300011E | D54: 52 | E54: 2016/22/02 | F54: DIRECTA | G54: DERECHOS DE AUTOR | H54: NIVEL CENTRAL | I54: GRUPO ADMINISTRATIVO | J54: Contratar por un (1) año, la suscripción de la REVISTA CONSTRUDATA (4 ediciones al año + 3 meses de la guía LEC de la construcción), con destino al Grupo Administrativo de Migración Colombia. | K54: 113 | L54: 821119 | M54: Servicios editoriales de diseño, de artes graficas y bellas artes | N54: 299000 | O54: 16716 | P54: A-2-0-4-7-5 | Q54: CONVOCADO | V54: 62 | W54: 42476 | X54: 42472 | Y54: =X54-W54 -> -4 | Z54: SUSCRIPCION | AB54: BOGOTÁ D.C. | AC54: BOGOTÁ D.C. | AD54: LEGIS INFORMACION PROFESIONAL S.A. | AE54: 900850150 | AF54: 8 | AG54: 79716 | AH54: 42471 | AI54: Corriente | AJ54: 171-425054-75 | AK54: Bancolombia | AM54: 299000 | AO54: =+AM54+AN54 -> 299000 | AP54: NO REQUIERE
A55: =V55 -> 52 | B55: CAROLINA | C55: 2016623140500045E | D55: 53 | E55: 42424 | F55: DIRECTA | G55: INTERADMINISTRATIVO | H55: NIVEL CENTRAL | I55: SUBDIRECCIÓN TALENTO HUMANO | J55: Contratar los servicios de alojamiento, alimentación y apoyo logístico para actividades de capacitación a nivel nacional de los funcionarios de Migración Colombia. El suministro de los refrigerios de mañana y tarde, almuerzos y toda la logística, serán suministrados solo en los eventos cuando se requiere del servicio logístico y cuando el supervisor del contrato lo solicite. | K55: 50 | L55: 90111501 90101601 | M55: Hoteles Servicios de banquetes y catering | N55: 30000000 | O55: 20616 | P55: A-2-0-4-21-11 | Q55: CELEBRADO | R55: EJECUTADO | V55: 52 | W55: 42447 | X55: 42451 | Y55: =X55-W55 -> 4 | Z55: PRESTACIÓN DE SERVICIO | AA55: ALOJAMIENTO, ALIMENTACIÓN Y APOYO LOGÍSTICO | AB55: NIVEL CENTRAL | AC55: Bogotá D.C. | AD55: CENTRO SOCIAL DE AGENTES Y PATRULLEROS DE LA POLICÍA NACIONAL | AE55: 830028714 | AF55: 3 | AG55: 63916 | AH55: 42447 | AI55: CORRIENTE | AJ55: 42447 | AK55: 21500331124 | AM55: 30000000 | AO55: =+AM55+AN55 -> 30000000 | AP55: NO REQUIERE | AQ55: NA | AR55: NA | AS55: NA | AT55: NA | AU55: 42447 | AV55: 42735 | AW55: =AV55-AU55 -> 288 | AY55: MARIA TERESA JIMENEZ FERNANDEZ | AZ55: =LOOKUP(AY55,'SUPERVISIONES 2015'!$A$3:$B$1279,'SUPERVISIONES 2015'!$B$3:$B$1279) -> 52206863 | BA55: Una vez perfeccionado el contrato y cumplidos los requisitos de ejecución, la Unidad Administrativa Especial Migración Colombia pagará al Centro Social de Agentes y Patrulleros de la Policía Nacional, el valor pactado en mensualidades vencidas, de acuerdo con los servicios prestados y facturados en el mes inmediatamente anterior. | BT55: =+AN55 -> 0 | BU55: =+BD55+BJ55+BP55+BT55 -> 0 | BV55: =+AO55+BU55 -> 30000000 | DC55: =+DA55 -> 0 | DD55: =+CS55 -> 0
A56: =V56 -> 48 | B56: RISDEL | C56: 2016623140500040E | D56: 54 | E56: 42426 | F56: DIRECTA | G56: PRESTACIÓN SERVICIOS PROFESIONALES | H56: BOGOTA D.C. | I56: SUBDIRECCION DE TALENTO HUMANO | J56: Prestar los servicios de apoyo al grupo de administración de personal de la Subdirección de Talento Humano en la atención de peticiones, conceptos técnicos, proyección de actos administrativos, construcción de políticas y demás documentos que sean requeridos por la Subdirección del Talento Humano de la Unidad Administrativa Especial de Migración Colombia, de acuerdo con las condiciones señaladas en los estudios previos y en la propuesta presentada por el contratista | K56: 239 | L56: 801116 | M56: Servicios de gestión, servicios profesionales de empresa y servicios administrativos | N56: 31000000 | O56: 20816 | P56: A-1-0-2-14 | Q56: CELEBRADO | R56: EJECUCIÓN | V56: 48 | W56: 42436 | X56: 42437 | Y56: =X56-W56 -> 1 | Z56: PRESTACIÓN DE SERVCIOS | AA56: PROFESIONALES | AB56: BOGOTÁ D.C. | AC56: BOGOTÁ D.C. | AD56: DANNY HAIDEN LÓPEZ BERNAL | AE56: 80138875 | AG56: 54016 | AH56: 42436 | AI56: AHORROS | AJ56: 56542111 | AK56: BANCO DAVIVIENDA | AL56: 3100000 | AM56: 31000000 | AO56: =+AM56+AN56 -> 31000000 | AP56: NO REQUIERE | AQ56: NA | AR56: NA | AS56: NA | AT56: NA | AU56: 42436 | AV56: 42735 | AW56: =AV56-AU56 -> 299 | AX56: 0 | AY56: CLAUDIA MILENA MENDOZA RIOS | AZ56: =LOOKUP(AY56,'SUPERVISIONES 2015'!$A$3:$B$1279,'SUPERVISIONES 2015'!$B$3:$B$1279) -> 52260482 | BA56: El valor final del contrato corresponderá a la prestación efectiva y real del servicio. En caso de terminación anticipada, cesión o suspensión del contrato, sólo habrá lugar al pago proporcional de los servicios efectivamente prestados. Una vez perfeccionado el contrato y cumplidos los requisitos de ejecución, la Unidad Administra Especial Migración Colombia pagará al contratista el valor del contrato en diez (10) mensualidades vencidas a razón de TRES MILLONES CIEN MIL PESOS MONEDA CORRIENTE ($3.100.000.) cada una, y la última proporcional hasta por la suma de TRES MILLONES CIEN MIL PESOS MONEDA CORRIENTE ($3.100.000.) incluidos los impuestos a que haya lugar. PARÁGRAFO 1: Los pagos se realizarán previa presentación de la cuenta de cobro, correspondiente acompañada de los informes de actividades, de la certificación de cumplimiento a satisfacción expedida por el supervisor del contrato y el soporte del pago de los aportes al Sistema General de Seguridad Social en Salud, Pensión y Riesgos Laborales. | BT56: =+AN56 -> 0 | BU56: =+BD56+BJ56+BP56+BT56 -> 0 | BV56: =+AO56+BU56 -> 31000000 | CM56: =+IF(BX56>AV56,IF(CC56>BX56,IF(CH56>CC56,CH56,CC56),BX56),AV56) -> 42735 | CQ56: =+SUMIFS(#REF!,#REF!,AG56) -> #REF! | CR56: =+SUMIFS(#REF!,#REF!,BB56)+SUMIFS(#REF!,#REF!,BH56)+SUMIFS(#REF!,#REF!,BN56) -> #REF! | CS56: =+(CQ56+CR56)/BV56 -> #REF! | CU56: =+R56 -> EJECUCIÓN | CW56: =+AU56 -> 42436 | CX56: =+CM56 -> 42735 | CY56: =+CX56-CW56 -> 299 | CZ56: =+$DB$1-CW56 -> -159 | DA56: =+IF(CZ56>=CY56,100,(CZ56/CY56)*100) -> -53.177258 | DC56: =+DA56 -> -53.177258 | DD56: =+CS56 -> #REF!
A57: =V57 -> 56 | B57: MA JIMENA | C57: 2016623140500057E | D57: 55 | E57: 42437 | F57: DIRECTA | G57: PRESTACIÓN SERVICIOS PROFESIONALES | H57: BOGOTA D.C. | I57: SUBDIRECCION DE TALENTO HUMANO | J57: Prestar los servicios profesionales con autonomía técnica y administrativa, consistentes en la asesoría y acompañamiento en el proceso de negociación entre la organización sindical de empleados públicos OSEMCO COLOMBIA y la Unidad Administrativa Especial Migración Colombia | K57: 238 | L57: 801217 | M57: servicios legales | N57: 20000000 | O57: 22416 | P57: A-1-0-2-14 | Q57: CELEBRADO | R57: EJECUCIÓN | V57: 56 | W57: 42457 | X57: 42458 | Y57: =X57-W57 -> 1 | Z57: PRESTACIÓN DE SERVICIO | AA57: ASESORIA JURDIICA EN DERECHO LABORAL COLECTIVO | AB57: BOGOTÁ D.C. | AC57: BOGOTÁ D.C. | AD57: ERNESTO FORERO VARGAS | AE57: 79905768 | AG57: 65016 | AH57: 42457 | AI57: CORRIENTE | AJ57: 3015880 | AK57: BANCO COMERCIAL AV VILLAS | AM57: 20000000 | AO57: 20000000
A58: =V58 -> 71 | B58: ALEJANDRA | C58: 2016623140500049E | D58: 56 | E58: 42437 | F58: DIRECTA | G58: PRESTACIÓN SERVICIOS PROFESIONALES | H58: BOGOTA D.C. | I58: SUBDIRECCION DE TALENTO HUMANO | J58: Contratar los servicios profesionales de formación para la realización de actividades del plan anual de formación y capacitación 2016 en temas misionales y transversales | K58: 44 | L58: 861005 | M58: Servicios Educativos y de Formación | N58: 147.600.000.00 | O58: 21816 | P58: C-510-1002-1 | Q58: CELEBRADO | R58: EN EJECUCIÓN | V58: 71 | W58: 42479 | X58: 42482 | Y58: =X58-W58 -> 3 | Z58: PRESTACIÓN DE SERVICIOS | AA58: PROFESIONALES | AB58: BOGOTÁ D.C. | AC58: Bogotá D.C. | AD58: UNIVERSIDAD SERGIO ARBOLEDA | AE58: 860351894 | AF58: 3 | AG58: 85916 | AM58: 147600000 | AO58: =AM58+AN58 -> 147600000 | AV58: 42704 | AY58: PATRICIA IDARRAGA
A59: =V59 -> 59 | B59: CLAUDIA A. | C59: 2016623140500021E | D59: 57 | E59: 42438 | F59: DIRECTA | G59: PRESTACIÓN SERVICIOS PROFESIONALES | H59: NIVEL CENTRAL | I59: TECNOLOGIA DE LA INFORMACION | J59: Contratar el servicio de mantenimiento preventivo y correctivo con bolsa de repuestos para la MULTIFUNCIONAL KONICA MINOLTA, de conformidad con las especificaciones técnicas señaladas por la Unidad Administrativa Especial Migración Colombia. | K59: 170 | L59: 432121 | M59: Difusion de tecnologías de información y telecomunicaciones | N59: 10000000 | O59: 15016 | P59: A-2-0-4-5-2 | Q59: CELEBRADO | R59: EJECUCION | V59: 59 | W59: 42461 | X59: 42465 | Y59: =X59-W59 -> 4 | Z59: PRESTACION DE SERVICIOS | AB59: BOGOTÁ D.C. | AC59: BOGOTÁ D.C. | AD59: JAAM S.A. | AE59: 8300141960 | AF59: 1 | AG59: 76216 | AH59: 42461 | AI59: CORRIENTE | AJ59: 4622579354 | AK59: BANCOLOMBIA | AM59: 10000000 | AO59: =AM59+AN59 -> 10000000 | AP59: CUMPLIMIENTO/SALARIOS/CALIDAD DEL SERVICIO | AQ59: 20%/10%/20% | AV59: 42735 | AY59: JOSE ALEJANDRO RUIZ TORRES | AZ59: 79379510 | BA59: Una vez perfeccionado el contrato y cumplidos los requisitos para su ejecución, la Entidad pagará al contratista el valor del contrato en dos (2) pagos así: 1. Un primer pago con corte al 31 de julio de 2016, equivalente al valor ejecutado de la bolsa de repuestos y el 50% de los servicios de mantenimiento preventivo y correctivo. 2. Un segundo y último pago con corte al 31 de diciembre de 2016 equivalente al valor ejecutado de la bolsa de repuestos y el 50% restante de los servicios de mantenimiento preventivo y correctivo.
A60: =V60 -> 55 | B60: RISDEL/CAROLINA | D60: 58 | E60: 42436 | F60: DIRECTA | G60: PRESTACIÓN SERVICIOS PROFESIONALES | H60: BOGOTA D.C. | I60: OFICINA DE COMUNICACIONES | J60: Contratar el servicio de monitoreo de medio masivos de comunicación, el análisis, clasificación y envío de alertas en tiempo real cuando haya mención de Migración Colombia en su función misional y demás información que la relacione, así como los temas de interés para la entidad | K60: 173 | L60: 831217 | M60: Servicios de comunicación masiva | N60: 55000000 | O60: 22516 | P60: A-2-0-4-41-13 | Q60: CELEBRADO | R60: EJECUCION | V60: 55 | W60: 42457 | X60: 42457 | Y60: =X60-W60 -> 0 | Z60: PRESTACION DE SERVICIOS | AA60: MONITOREO MEDIOS MASIVOS | AB60: BOGOTÁ D.C. | AC60: BOGOTÁ D.C. | AD60: SIGLO DATA SAS | AE60: 830072071 | AF60: 0 | AG60: 64816 | AH60: 42457 | AI60: CORRIENTE | AJ60: 477769999699 | AK60: DAVIVIENDA | AM60: 55000000 | AO60: =+AM60+AN60 -> 55000000 | AP60: NO REQUIERE | AQ60: NA | AR60: NA | AS60: NA | AT60: NA | AU60: 42458 | AV60: 42735 | AW60: =AV60-AU60 -> 277 | AY60: JUAN MANUEL CAICEDO | BT60: =+AN60 -> 0 | BU60: =+BD60+BJ60+BP60+BT60 -> 0 | BV60: =+AO60+BU60 -> 55000000
A61: =V61 -> 63 | B61: CAROLINA | C61: 2016623140500089E | D61: 59 | E61: 42446 | F61: DIRECTA | G61: EXCLUSIVIDAD | H61: NIVEL CENTRAL | I61: TECNOLOGIA DE LA INFORMACION | J61: Contratar los servicios de mantenimiento preventivo y correctivo con bolsa de repuestos, para los equipos de Grafología (video comparadores) de la Unidad Administrativa Especial Migración Colombia a Nivel Nacional | K61: 28 | L61: 461517 | M61: Equipo Forense y Accesorios y Suministros | N61: 89922400 | O61: 25416 | P61: C-223-1002-1 | Q61: CONVOCADO | R61: ELABORACIÓN CONTRATO | V61: 63 | W61: 42472 | X61: 42473 | Y61: =X61-W61 -> 1 | Z61: PRESTACIÓN DE SERVICIOS | AA61: MANTENIMIENTO EQUIPOS | AB61: NIVEL NACIONAL | AC61: NIVEL NACIONAL | AD61: SANITAS SAS | AE61: 860000648 | AF61: 1 | AG61: 81016 | AH61: 42472 | AI61: AHORRO | AJ61: 20080287026 | AK61: BANCOLOMBIA | AM61: 89922400 | AO61: =+AM61+AN61 -> 89922400 | AP61: CUMPLIMIENTO; SALARIOS; CALIDAD SERVICIO; | AQ61: 20%; 10%; 20%; | AR61: 32; 32 y 44 MESES | AS61: CHUBB DE COLOMBIA COMPAÑÍA DE SEGUROS SAS | AT61: 42473 | AU61: 42473 | AV61: 42735 | AW61: =AV61-AU61 -> 262 | AY61: GUSTAVO SOLANO | BA61: La Unidad Administrativa Especial Migración Colombia pagará al contratista el valor del contrato en tres (3) pagos así: • Un primer pago con corte al 30 de junio de 2016, equivalente al 40% del valor del ítem uno (1) del presente contrato, una vez realizado el primer mantenimiento preventivo a la totalidad de los equipos objeto de este contrato y los mantenimientos correctivos a que haya habido lugar. • Un segundo pago con corte al 30 de septiembre de 2016, equivalente al 30% del valor del ítem uno (1) del presente contrato, una vez realizado los mantenimientos correctivos a que haya habido lugar. • Un tercero y último pago con corte al 31 de diciembre de 2016, equivalente al 30% del valor del ítem uno (1) del presente contrato, una vez realizado el segundo mantenimiento preventivo a la totalidad de los equipos objeto de este contrato y los mantenimientos correctivos a que haya habido lugar. En cuanto al monto para la bolsa de repuestos (ítem 2) MIGRACIÓN COLOMBIA, pagará al CONTRATISTA el valor de cada repuesto que el contratista utilice para la reparación de los video comparadores (equipos de grafología), el costo de cada repuesto se descontará del valor destinado para la bolsa de repuestos y deberá ser facturado por el contratista y avalado por el supervisor del contrato, al final del mismo. | BT61: =+AN61 -> 0 | BU61: =+BD61+BJ61+BP61+BT61 -> 0 | BV61: =+AO61+BU61 -> 89922400 | CM61: =+IF(BX61>AV61,IF(CC61>BX61,IF(CH61>CC61,CH61,CC61),BX61),AV61) -> 42735 | CQ61: =+SUMIFS(#REF!,#REF!,AG61) -> #REF! | CR61: =+SUMIFS(#REF!,#REF!,BB61)+SUMIFS(#REF!,#REF!,BH61)+SUMIFS(#REF!,#REF!,BN61) -> #REF! | CS61: =+(CQ61+CR61)/BV61 -> #REF! | CU61: =+R61 -> ELABORACIÓN CONTRATO | CW61: =+AU61 -> 42473 | CX61: =+CM61 -> 42735 | CY61: =+CX61-CW61 -> 262 | CZ61: =+$DB$1-CW61 -> -196 | DA61: =+IF(CZ61>=CY61,100,(CZ61/CY61)*100) -> -74.80916 | DC61: =+DA61 -> -74.80916 | DD61: =+CS61 -> #REF!
A62: =V62 -> DESIERTO | B62: CLAUDIA A. | C62: 2016623140100013E | D62: 60 | E62: 42447 | F62: DIRECTA | G62: ARRENDAMIENTO | H62: CARIBE | I62: CFSM DE MONTERIA | J62: Contratar el Arrendamiento de cupo de parqueadero, para el parque automotor del Centro Facilitador de Servicios Migratorios en la ciudad de Montería. El cupo de parqueo se encuentra ubicado en la Calle 28 No. 4-60 en la ciudad de Montería, denominado PARQUEADERO HORTENCIA. | K62: 65 | L62: 801315 | M62: Servicios de Gestión, profesionales de empresa y Administrativos | N62: 3000000 | O62: 5916 | P62: A-2-0-4--10-2 | Q62: CONVOCADO | V62: DESIERTO | Y62: =X62-W62 -> 0 | AO62: =+AM62+AN62 -> 0 | AQ62: NA | AR62: NA | AS62: NA | AT62: NA
A63: =V63 -> 74 | B63: ALEJANDRA | C63: 2016623140500082E | D63: 61 | E63: 42447 | F63: DIRECTA | G63: EXCLUSIVIDAD | H63: BOGOTA D.C. | I63: OFICINA DE TECNOLOGIA DE LA INFORMACIÓN | J63: Contratar el servicio de mantenimiento preventivo y correctivo con suministro de repuestos para los servidores de telefonía marca AASTRA, de conformidad con las especificaciones técnicas de la Unidad Administrativa Especial Migración Colombia | K63: 25 | L63: 721033 | M63: Servicio de Edificación, Construcción de Instalaciones y Mantenimiento | N63: 87433666 | O63: 22816 | P63: C-223-1002-1 | Q63: CELBRADO | R63: EN EJECUCIÓN | V63: 74 | W63: 42486 | X63: 42486 | Y63: =X63-W63 -> 0 | Z63: PRESTACIÓN DE SERVICIOS | AA63: MANTENIMIENTO SERVIDORES | AB63: BOGOTÁ D.C., CARTAGENA EJE CAFETERO, CALI | AC63: BOGOTÁ D.C., CARTAGENA EJE CAFETERO, CALI | AD63: DAXA COLOMBIA SA | AE63: 830073329 | AF63: 1 | AG63: 92016 | AM63: 99699912 | AO63: =+AM63+AN63 -> 99699912 | AP63: CUMPLIMIENTO; SALARIOS; CALIDAD SERVICIO;
A64: =V64 -> 68 | B64: ALEJANDRA | C64: 2016623140500083E | D64: 62 | E64: 42447 | F64: DIRECTA | G64: EXCLUSIVIDAD | H64: BOGOTA D.C. | I64: OFICINA DE TECNOLOGIA DE LA INFORMACIÓN | J64: Contratar servicio de mantenimiento preventivo y correctivo con suministro de repuestos para los servidores de telefonía marca ALCATEL, de conformidad con las especificaciones técnicas de la Unidad Administrativa Especial Migración Colombia. | K64: 24 | L64: 721033 | M64: Servicio de Edificación, Construcción de Instalaciones y Mantenimiento | N64: 81000480 | O64: 22716 | P64: C-223-1002-1 | Q64: CELEBRADO | R64: EN EJECUCIÓN | V64: 68 | W64: 42478 | X64: 42480 | Y64: =X64-W64 -> 2 | Z64: PRESTACIÓN DE SERVICIOS | AA64: MANTENIMIENTO | AB64: BOGOTÁ D.C. | AC64: BOGOTÁ D.C. | AD64: MAICROTEL SAS | AE64: 860353110 | AF64: 7 | AG64: 84216 | AM64: 81000480 | AO64: =+AM64+AN64 -> 81000480 | AQ64: NA | AR64: NA | AS64: NA | AT64: NA
A65: =V65 -> DESIERTO | B65: ALEJANDRA | C65: 2016623140500048E | D65: 63 | E65: 42447 | F65: DIRECTA | G65: EXCLUSIVIDAD | H65: BOGOTA D.C. | I65: GRUPO ADMINISTRATIVO | J65: Soporte técnico sistema control de acceso Bio Duor de la Regional San Andres, incluyendo mantenimiento correctivo a equipos instalados, por un monto específico de la Unidad Administrativa Especial Migración Colombia. | K65: 182 | L65: 811115 | M65: Servicio basados en ingeniería, investigación y tecnología. | N65: 3520000 | O65: 18916 | P65: A-2-0-4-5-2 | Q65: CONVOCADO | R65: EVALUACION DE PROPUESTA | V65: DESIERTO | Y65: =X65-W65 -> 0 | AO65: =+AM65+AN65 -> 0 | AQ65: NA | AR65: NA | AS65: NA | AT65: NA
A66: =V66 -> 78 | B66: CLAUDIA A. | C66: 2016623140500075E | D66: 64 | E66: 42460 | F66: DIRECTA | G66: PRESTACIÓN SERVICIOS PROFESIONALES | H66: NIVEL CENTRAL | I66: GRUPO DE CAPACITACION | J66: Contratar los servicios profesionales de formación para la realización de un Diplomado en Normas Internacionales de Información Financiera y Contable para el Sector Público - NICSP, dirigido a funcionarios de Migración Colombia. | K66: 244 | L66: 861017 | M66: Servicios Educativos y de formación | N66: 55000000 | O66: 24616 | P66: C-510-1002-1 | Q66: CELEBRADO | R66: EJECUCIÓN | V66: 78 | W66: 42496 | X66: 42500 | Y66: =X66-W66 -> 4 | Z66: PRESTACIÓN DE SERVICIOS PROFESIONALES | AA66: CAPACITACIÓN | AB66: BOGOTÁ D.C. | AC66: BOGOTÁ D.C. | AD66: PONTIFICIA UNIVERSIDAD JAVERIANA | AE66: 860013720 | AF66: 1 | AG66: 94916 | AM66: 55000000 | AO66: =+AM66+AN66 -> 55000000 | AP66: NO REQUIERE | AQ66: NA | AR66: NA | AS66: NA | AT66: NA
A67: =V67 -> 65 | B67: ALEJANDRA | C67: 2016623140500085E | D67: 65 | E67: 42460 | F67: DIRECTA | G67: EXCLUSIVIDAD | H67: BOGOTA D.C. | I67: OFICINA DE COMUNICACIONES | J67: Contratar la suscripción a los periódicos El Tiempo y Portafolio, con destino a diferentes dependencias de la Unidad Administrativa Especial Migración Colombia. | K67: 167 | L67: 821119 | M67: Servicios Editoriales, de Diseño, de Artes Gráficas y Bellas Artes | N67: 808000 | O67: 26216 | P67: A-2-0-4-7-5 | Q67: CONVOCADO | R67: EVALUACION DE PROPUESTA | V67: 65 | W67: 42475 | X67: 42478 | Y67: =X67-W67 -> 3 | Z67: PRESTACIÓN DE SERVICIOS | AA67: SUSCRIPCIÓN PERIODICO | AB67: BOGOTÁ D.C. | AC67: BOGOTÁ D.C. | AD67: CASA EDITORIAL EL TIEMPO | AE67: 860001022 | AF67: 7 | AG67: 82416 | AM67: 808000 | AO67: =+AM67+AN67 -> 808000 | AQ67: NA | AR67: NA | AS67: NA | AT67: NA
A68: =V68 -> 82 | B68: MA JIMENA | C68: 2016623140500079E | D68: 66 | E68: 42460 | F68: DIRECTA | G68: PRESTACIÓN SERVICIOS PROFESIONALES | H68: BOGOTA D.C. | I68: SUBDIRECCION DE TALENTO HUMANO | J68: Contratar la realización de dos (2) Seminarios en Derechos Humanos en el Control Migratorio para los funcionarios de Migración Colombia en las ciudades de (Bogota y Pereira), de conformidad con lo establecido en los estudios previos y la ficha técnica. | K68: 245 | L68: 86101714 | M68: Servicios de formación profesional en ejecución de la ley | N68: 23000000 | O68: 25316 | P68: C-510-1002-1 | Q68: CONVOCADO | R68: ENVIO DE SOLICITDU DE PROPUESTA | V68: 82 | W68: 42501 | X68: 42502 | Y68: =X68-W68 -> 1 | Z68: PRESTACIÓN DE SERVICIOS | AA68: CAPACITACIÓN | AB68: BOGOTÁ D.C. - PEREIRA | AC68: BOGOTÁ D.C. - PEREIRA | AD68: INSTITUTO DE ESTUDIOS DEL MINISTERIO PÚBLICO | AE68: 830015728 | AF68: 1 | AG68: 98116 | AM68: 23000000 | AO68: =+AM68+AN68 -> 23000000 | AP68: NO REQUIERE | AQ68: NA | AR68: NA | AS68: NA | AT68: NA | AV68: 42704 | AW68: =AV68-AU68 -> 42704 | AY68: MARIA TERESA JIMENEZ FERNANDEZ
A69: =V69 -> DESIERTO | B69: MA JIMENA | C69: 2016623140500093E | D69: 67 | E69: 42460 | F69: DIRECTA | G69: PRESTACIÓN SERVICIOS PROFESIONALES | H69: BOGOTA D.C. | I69: SUBDIRECCION DE TALENTO HUMANO | J69: Contratar los servicios profesionales de formación para la realización de DOS SEMINARIOS SOBRE NEGOCIACION COLECTIVA PARA EMPLEADOS PÚBLICOS dirigida a los funcionarios de Migración Colombia, de conformidad a las especificaciones técnicas de los presentes estudios previos. | K69: 49 | L69: 801017 | M69: Servicios de capacitación vocacional no - científica | N69: 10500 | O69: 21616 | P69: A-2-0-4-21-11 | Q69: CONVOCADO | R69: ENVIO DE SOLICITDU DE PROPUESTA | V69: DESIERTO | Y69: =X69-W69 -> 0 | AO69: =+AM69+AN69 -> 0 | AQ69: NA | AR69: NA | AS69: NA | AT69: NA
A70: =V70 -> 76 | B70: MA JIMENA | C70: 2016623140500077E | D70: 68 | E70: 42460 | F70: DIRECTA | G70: PRESTACIÓN SERVICIOS PROFESIONALES | H70: BOGOTA D.C. | I70: SUBDIRECCION DE TALENTO HUMANO | J70: PRESTACIÓN DE SERVICIOS PROFESIONALES PARA DICTAR CURSOS DE INGLES EN LA MODALIDAD PRESENCIAL Y SEMIPRESENCIAL PARA LOS FUNCIONARIOS DE MIGRACIÓN COLOMBIA | K70: 253 | L70: 861117 | M70: idiomas | N70: 88800000 | O70: 27216 | P70: C-510-1002-1 | Q70: CELEBRADO | R70: EN EJECUCIÓN | V70: 76 | W70: 42492 | X70: 42492 | Y70: =X70-W70 -> 0 | Z70: PRESTACIÓN DE SERVICIOS PROFESIONALES | AA70: CURSO DE INGLÉS | AB70: NIVEL NACIONAL / CIUDADES PRINCIPALES | AC70: NIVEL NACIONAL / CIUDADES PRINCIPALES | AD70: CENTRO COLOMBO AMERICANO | AE70: 860010554 | AF70: 1 | AG70: 93416 | AH70: 42492 | AM70: 88800000 | AO70: =+AM70+AN70 -> 88800000 | AQ70: NA | AR70: NA | AS70: NA | AT70: NA | AV70: 42713 | AW70: =AV70-AU70 -> 42713 | AY70: GLORIA SANINT
A71: =V71 -> 66 | B71: MA JIMENA | C71: 2016623140500094E | D71: 69 | E71: 42466 | F71: DIRECTA | G71: PRESTACIÓN SERVICIOS PROFESIONALES | H71: BOGOTA D.C. | I71: SECRETARIA GEENRAL | J71: Prestar los servicios profesionales con autonomía técnica y administrativa, específicamente para apoyar a la secretaría general en la preparación y revisión de la etapa precontractual de los procesos que adelantan las dependencias a su cargo | K71: 215 | L71: 801217 | M71: servicios legales | N71: 25000000 | O71: 20216 | P71: A-1-0-2-14 | Q71: CONVOCADO | R71: ENVIO DE SOLICITDU DE PROPUESTA | V71: 66 | W71: 42475 | X71: 42478 | Y71: =X71-W71 -> 3 | Z71: PRESTACIÓN DE SERVICIO | AA71: PROFESIOALES | AB71: BOGOTÁ D.C | AC71: BOGOTÁ D.C. | AD71: JUAN DE JESÚS VILLAMIZAR | AE71: 79788339 | AG71: 82316 | AH71: 42475 | AI71: AHORROS | AJ71: 64031732091 | AK71: BANCOLOMBIA S.A | AL71: 5000000 | AM71: 25000000 | AO71: 25000000 | AQ71: NA | AR71: NA | AS71: NA | AT71: NA | AY71: ILVIS PATRICIA SERRANO BORNACELLI
A72: =V72 -> 1 | B72: CAROLINA | C72: 2016623140100002E | D72: 1 | E72: 42389 | F72: MÍNIMA CUANTÍA | G72: MÍNIMA CUANTÍA | H72: AMAZONAS | I72: LETICIA | J72: Contratar el arrendamiento de una balsa (Bien Mueble) para el parqueadero de la patrulla fluvial bajo techo, que opere las veinticuatro (24) horas del día para la citada embarcación y que ofrezca las medidas de seguridad adecuadas, específicamente en la Ciudad de Leticia en el Departamento del Amazonas.- | K72: 53 | L72: 801315 | M72: Arrendamiento de instalaciones comerciales e industriales | N72: 2528500 | O72: 5716 | P72: A-2-0-4-10-1 | Q72: CELEBRADO | R72: EJECUCION | V72: 1 | W72: 42404 | X72: 42404 | Y72: =X72-W72 -> 0 | Z72: PRESTACIÓN DE SERVICIO | AA72: ARRENDAMIENTO BALSA | AB72: AMAZONAS | AC72: LETICIA | AD72: ALBERTO LOPEZ JIMENEZ | AE72: 7546762 | AG72: 35516 | AH72: 42404 | AI72: AHORROS | AJ72: 407091065 | AK72: BANCO DE BOGOTÁ S.A. | AL72: 499900 | AM72: 2499500 | AO72: =+AM72+AN72 -> 2499500 | AP72: NO REQUIERE | AQ72: NA | AR72: NA | AS72: NA | AT72: NA | AU72: 42404 | AV72: 42554 | AW72: =AV72-AU72 -> 150 | AY72: HANNE MEDINA DOSANTOS | AZ72: =LOOKUP(AY72,'SUPERVISIONES 2015'!$A$3:$B$1279,'SUPERVISIONES 2015'!$B$3:$B$1279) -> 40179426 | BA72: MIGRACION COLOMBIA pagará al CONTRATISTA el valor del contrato así: Pagos mensuales, mes vencido cada uno por el valor del canon mensual ofrecido. | BT72: =+AN72 -> 0 | BU72: =+BD72+BJ72+BP72+BT72 -> 0 | BV72: =+AO72+BU72 -> 2499500 | DC72: =+DA72 -> 0 | DD72: =+CS72 -> 0
A73: =V73 -> 2 | B73: CLAUDIA A. | C73: 2016623140300003E | D73: 2 | E73: 42390 | F73: MÍNIMA CUANTÍA | G73: MÍNIMA CUANTÍA | H73: NIVEL CENTRAL | I73: SUBDIRECCION DE TALENTO HUMANO | J73: Adquisición de renovación de licencia y extensión de garantía prueba psicotécnica GESTIÓN 360° EVALUACION POR COMPETENCIA y Prueba psicotécnica EVA (EVALUACION DE VALORES) Y ANTIVALORES. | K73: 180 | L73: 421823 | M73: Equipo médico accesorios y suministros | N73: 951200 | O73: 14016 | P73: A-2-0-4-41-13 | Q73: CELEBRADO | R73: EJECUCION | V73: 2 | W73: 42410 | X73: 42422 | Y73: =X73-W73 -> 12 | Z73: ACEPTACION DE OFERTA | AB73: BOGOTÁ D.C. | AC73: BOGOTÁ D.C. | AD73: RHT DIAGNOSTICO Y SOLUCIONES EMPRESARIALES LTDA | AE73: 830094021 | AF73: 9 | AG73: 40216 | AH73: 42410 | AI73: Corriente | AJ73: 1000043725 | AK73: CTI | AM73: 951200 | AO73: =+AM73+AN73 -> 951200 | AP73: NO REQUIERE | AQ73: NA | AR73: NA | AS73: NA | AT73: NA | AU73: N/A | AV73: 42429 | AW73: 19 | AY73: CLAUDIA MILENA MENDOZA RIOS | AZ73: 52714111 | BA73: la Unidad Administrativa Especial Migración Colombia pagará al CONTRATISTA el valor pactado en un único pago equivalente al 100% del valor del mismo, una vez se hayan renovado las licencias y extensión de garantías de las Prueba psicotécnica Gestión 360 y Prueba psicotécnica Eva | BT73: =+AN73 -> 0 | BU73: =+BD73+BJ73+BP73+BT73 -> 0 | BV73: =+AO73+BU73 -> 951200 | DC73: =+DA73 -> 0 | DD73: =+CS73 -> 0
A74: =V74 -> DESIERTO | B74: CLAUDIA A. | C74: 2016623140500020E | D74: 3 | E74: 42395 | F74: MÍNIMA CUANTÍA | G74: MÍNIMA CUANTÍA | H74: REGIONAL ORIENTE | I74: REGIONAL ORIENTE | J74: Contratar el mantenimiento preventivo y correctivo con suministro de repuestos originales u homologados para los vehículos multimarca que conforman el parque automotor de la Unidad Administrativa Especial Migración Colombia de la Regional Oriente en las sedes de Cúcuta y Bucaramanga. Así mismo incluye los vehículos marca: NISSAN y TOYOTA, que por su modelo, queden excluidos de los contratos MONOMARCA. | K74: 192 | L74: 781815 | M74: Servicios de Transporte, Almacenaje y Correo | N74: 12500000 | O74: 6616 | P74: A-2-0-4-5-6 | Q74: DESIERTO | R74: DESIERTO | V74: DESIERTO | Y74: =X74-W74 -> 0 | AD74: DESIERTO | AR74: NA | AS74: NA | AT74: NA | BT74: =+AN74 -> 0 | BU74: =+BD74+BJ74+BP74+BT74 -> 0 | BV74: =+AO74+BU74 -> 0 | CM74: =+IF(BX74>AV74,IF(CC74>BX74,IF(CH74>CC74,CH74,CC74),BX74),AV74) -> 0 | CQ74: =+SUMIFS(#REF!,#REF!,AG74) -> #REF! | CR74: =+SUMIFS(#REF!,#REF!,BB74)+SUMIFS(#REF!,#REF!,BH74)+SUMIFS(#REF!,#REF!,BN74) -> #REF! | CS74: =+(CQ74+CR74)/BV74 -> #REF! | CU74: =+R74 -> DESIERTO | CW74: =+AU74 -> 0 | CX74: =+CM74 -> 0 | CY74: =+CX74-CW74 -> 0 | CZ74: =+$DB$1-CW74 -> 42277 | DA74: =+IF(CZ74>=CY74,100,(CZ74/CY74)*100) -> 100 | DC74: =+DA74 -> 100 | DD74: =+CS74 -> #REF!
A75: =V75 -> 8 | B75: MA JIMENA | C75: 2016623140300002E | D75: 4 | E75: 42397 | F75: MÍNIMA CUANTÍA | G75: MÍNIMA CUANTÍA | H75: GUAJIRA | I75: REGIONAL GUAJIRA | J75: Contratar el servicio de mantenimiento preventivo y correctivo con suministro de repuestos nuevos originales u homologados, para los vehículos multimarcas asignados a la Regional Guajira, incluido el servicio de lavado y despinche. | K75: 114 | L75: 78181500 | M75: servicios de mantenimiento y reparacion de vehículos | N75: 27000000 | O75: 7016 | P75: A-2-0-4-5-6 | Q75: CELEBRADO | R75: EJECUCIÓN | V75: 8 | W75: 42417 | X75: 42418 | Y75: =X75-W75 -> 1 | Z75: PRESTACIÓN DE SERVICIO | AA75: MANTENIMIENTO VEHICULOS | AB75: GUAJIRA | AC75: RIOHACHA - MAICAO | AD75: PEDRO MANUEL ARIZA BERMUDEZ | AE75: 84079101 | AG75: 43616 | AH75: 42417 | AI75: AHORROS | AJ75: 236000671669 | AK75: DAVIVIENDA S.A | AL75: 2700000 | AM75: 27000000 | AO75: 27000000 | AP75: NO REQUIERE | AQ75: NA | AR75: NA | AS75: NA | AT75: NA | AW75: =AV75-AU75 -> 0 | AZ75: =LOOKUP(AY75,'[2]SUPERVISIONES 2015'!$A$3:$B$1279,'[2]SUPERVISIONES 2015'!$B$3:$B$1279) -> #N/A | BT75: =+AN75 -> 0 | BU75: =+BD75+BJ75+BP75+BT75 -> 0 | BV75: =+AO75+BU75 -> 27000000 | CM75: =+IF(BX75>AV75,IF(CC75>BX75,IF(CH75>CC75,CH75,CC75),BX75),AV75) -> 0 | CQ75: =+SUMIFS(#REF!,#REF!,AG75) -> #REF! | CR75: =+SUMIFS(#REF!,#REF!,BB75)+SUMIFS(#REF!,#REF!,BH75)+SUMIFS(#REF!,#REF!,BN75) -> #REF! | CS75: =+(CQ75+CR75)/BV75 -> #REF! | CU75: =+R75 -> EJECUCIÓN | CW75: =+AU75 -> 0 | CX75: =+CM75 -> 0 | CY75: =+CX75-CW75 -> 0 | CZ75: =+$DB$1-CW75 -> 42277 | DA75: =+IF(CZ75>=CY75,100,(CZ75/CY75)*100) -> 100 | DC75: =+DA75 -> 100 | DD75: =+CS75 -> #REF!
A76: =V76 -> 5 | B76: ALEJANDRA | C76: 2016623140700004E | D76: 5 | E76: 42397 | F76: MÍNIMA CUANTÍA | G76: MÍNIMA CUANTÍA | H76: GUAJIRA | I76: REGIONAL GUAJIRA | J76: Contratar el suministro de combustibles (Gasolina Corriente y ACPM diésel corriente) para el parque automotor y las plantas eléctricas asignados a la Regional Guajira de la Unidad Administrativa Especial Migración Colombia, en las Sedes localizadas en la Calle 16 No. 3 - 28 Barrio Los Olivos de la Ciudad de Maicao, Riohacha y Puesto de Control Migratorio en el Corregimiento de Paraguachón. | K76: 79 | L76: 15101505 | M76: materiales combustibles, adiivos para combustibles lubricanttes y anticorrocibos | N76: 28,000,000 | O76: 10316 | P76: A-2-0-4-4-1 | Q76: CELEBRADO | R76: EJECUCIÓN | V76: 5 | W76: 42416 | X76: 42416 | Y76: =X76-W76 -> 0 | Z76: SUMINISTRO DE COMBUSTIBLE | AA76: SUMINISTRO DE COMBUSTIBLE | AB76: GUAJIRA | AC76: RIOHACHA - MAICAO | AD76: ESTACION DE SERVICIOS LOS JOSE SAS | AE76: 825001598 | AF76: 1 | AG76: 43016 | AH76: 42416 | AI76: AHORROS | AJ76: 52627370369 | AK76: BANCOLOMBIA | AM76: 28200000 | AO76: 27000000 | AP76: NO REQUIERE | AQ76: NA | AR76: NA | AS76: NA | AT76: NA | AU76: 42416 | AV76: 42735 | AW76: =AV76-AU76 -> 319 | AY76: LEONIDAS PONCE | AZ76: =LOOKUP(AY76,'SUPERVISIONES 2015'!$A$3:$B$1279,'SUPERVISIONES 2015'!$B$3:$B$1279) -> 12724487 | BA76: La Unidad Administrativa Especial de Migración Colombia pagará al contratista el valor del contrato así: Desembolsos mensuales de conformidad con los suministros de combustible efectivamente realizados en el mes anterior. | BT76: =+AN76 -> 0 | BU76: =+BD76+BJ76+BP76+BT76 -> 0 | BV76: 28´200.000 | CM76: =+IF(BX76>AV76,IF(CC76>BX76,IF(CH76>CC76,CH76,CC76),BX76),AV76) -> 42735 | CQ76: =+SUMIFS(#REF!,#REF!,AG76) -> #REF! | CR76: =+SUMIFS(#REF!,#REF!,BB76)+SUMIFS(#REF!,#REF!,BH76)+SUMIFS(#REF!,#REF!,BN76) -> #REF! | CS76: =+(CQ76+CR76)/BV76 -> #REF! | CU76: =+R76 -> EJECUCIÓN | CW76: =+AU76 -> 42416 | CX76: =+CM76 -> 42735 | CY76: =+CX76-CW76 -> 319 | CZ76: =+$DB$1-CW76 -> -139 | DA76: =+IF(CZ76>=CY76,100,(CZ76/CY76)*100) -> -43.573668 | DC76: =+DA76 -> -43.573668 | DD76: =+CS76 -> #REF!
A77: =V77 -> 6 | B77: ALEJANDRA | C77: 2016623140700003E | D77: 6 | E77: 42398 | F77: MÍNIMA CUANTÍA | G77: MÍNIMA CUANTÍA | H77: EJE CAFETERO | I77: REGIONAL EJE CAFETERO | J77: Contratar el mantenimiento preventivo y correctivo con suministro de repuestos originales para los vehículos multimarca que conforman el parque automotor de la Unidad Administrativa Especial Migración Colombia de la Regional Eje Cafetero en las sedes de Armenia, Manizales y Pereira. Así mismo incluye los vehículos marca: NISSAN, TOYOTA y SUZUKI, que por su modelo, queden excluidos de los contratos MONOMARCA. | K77: 117 | L77: 78181500 | M77: servicios de mantenimiento y reparacion de vehículos | N77: 20000000 | O77: 6816 | P77: A-2-0-4-5-6 | Q77: CELEBRADO | R77: EN EJECUCIÓN | V77: 6 | W77: 42419 | X77: 42419 | Y77: =X77-W77 -> 0 | Z77: MANTENIMIENTO | AA77: MANTENIMIENTO | AB77: RISARALDA | AC77: PEREIRA | AD77: PINTUCAR EXPRES | AE77: 900036034 | AF77: 0 | AG77: 45516 | AH77: 42419 | AI77: AHORROS | AJ77: 5782094687 | AK77: COLPATRIA | AM77: 20000000 | AO77: =+AM77+AN77 -> 20000000 | AP77: CUPLIMIENTO / SALARIOS | AQ77: 20%-10% | AR77: 4M-3A-4M | AS77: LIBERTY | AT77: 42061 | AU77: 42419 | AV77: 42735 | AW77: =AV77-AU77 -> 316 | AX77: =+AV77+(3*365) -> 43830 | AY77: ELISABET USECHE | AZ77: =LOOKUP(AY77,'SUPERVISIONES 2015'!$A$3:$B$1279,'SUPERVISIONES 2015'!$B$3:$B$1279) -> 73581961 | BA77: Una vez perfeccionado el contrato y cumplidos los requisitos para su ejecución, la Unidad Administrativa Especial de Migración Colombia pagará al contratista el valor del contrato en mensualidades vencidas de conformidad con los servicios de mantenimiento preventivo y/o correctivos efectivamente realizados. | BT77: =+AN77 -> 0 | BU77: =+BD77+BJ77+BP77+BT77 -> 0 | BV77: =+AO77+BU77 -> 20000000 | CM77: =+IF(BX77>AV77,IF(CC77>BX77,IF(CH77>CC77,CH77,CC77),BX77),AV77) -> 42735 | CQ77: =+SUMIFS(#REF!,#REF!,AG77) -> #REF! | CR77: =+SUMIFS(#REF!,#REF!,BB77)+SUMIFS(#REF!,#REF!,BH77)+SUMIFS(#REF!,#REF!,BN77) -> #REF! | CS77: =+(CQ77+CR77)/BV77 -> #REF! | CU77: EJECUCIÓN | CW77: =+AU77 -> 42419 | CX77: =+CM77 -> 42735 | CY77: =+CX77-CW77 -> 316 | CZ77: =+$DB$1-CW77 -> -142 | DA77: =+IF(CZ77>=CY77,100,(CZ77/CY77)*100) -> -44.936709 | DC77: =+DA77 -> -44.936709 | DD77: =+CS77 -> #REF!
A78: =V78 -> 7 | B78: MA JIMENA | C78: 2016623140700001E | D78: 7 | E78: 42398 | F78: MÍNIMA CUANTÍA | G78: MÍNIMA CUANTÍA | H78: ANDINA - BOGOTA D.C. | I78: REGIONAL ANDINA - NIVEL CENTRAL | J78: Contratar la prestación del servicio de lavado de manera ecológica del parque automotor de la Regional Andina y del Nivel Central ubicado en Bogotá. | K78: 115 | L78: 76111801 | M78: Contratar la prestación del servicio de lavado de manera ecológica del parque automotor de la Regional Andina y del Nivel Central ubicado en Bogotá. | N78: 11000000 | O78: 6916 | P78: A-2-0-4-5-6 | Q78: CELEBRADO | R78: EN EJECUCIÓN | V78: 7 | W78: 42415 | X78: 42416 | Y78: =X78-W78 -> 1 | Z78: PRESTACIÓN DE SERVICIO | AA78: LAVADO DE VEHICULOS | AB78: CUNDINAMARCA | AC78: BOGOTÁ D.C. | AD78: CAMILO ANDRES FORERO RIOS | AE78: 80096614 | AG78: 42516 | AH78: 42415 | AI78: AHORROS | AJ78: 23147023448 | AK78: BANCOLOMBIA S.A | AL78: 1081799 | AM78: 10817990 | AO78: =+AM78+AN78 -> 10817990 | AP78: NO REQUIERE | AQ78: NA | AR78: NA | AS78: NA | AT78: NA | AW78: =AV78-AU78 -> 0 | AZ78: =LOOKUP(AY78,'[2]SUPERVISIONES 2015'!$A$3:$B$1279,'[2]SUPERVISIONES 2015'!$B$3:$B$1279) -> #N/A | BT78: =+AN78 -> 0 | BU78: =+BD78+BJ78+BP78+BT78 -> 0 | BV78: =+AO78+BU78 -> 10817990 | CM78: =+IF(BX78>AV78,IF(CC78>BX78,IF(CH78>CC78,CH78,CC78),BX78),AV78) -> 0 | CQ78: =+SUMIFS(#REF!,#REF!,AG78) -> #REF! | CR78: =+SUMIFS(#REF!,#REF!,BB78)+SUMIFS(#REF!,#REF!,BH78)+SUMIFS(#REF!,#REF!,BN78) -> #REF! | CS78: =+(CQ78+CR78)/BV78 -> #REF! | CU78: =+R78 -> EN EJECUCIÓN | CW78: =+AU78 -> 0 | CX78: =+CM78 -> 0 | CY78: =+CX78-CW78 -> 0 | CZ78: =+$DB$1-CW78 -> 42277 | DA78: =+IF(CZ78>=CY78,100,(CZ78/CY78)*100) -> 100 | DC78: =+DA78 -> 100 | DD78: =+CS78 -> #REF!
A79: =V79 -> 10 | B79: MA JIMENA | C79: 2016623140700001E | D79: 8 | E79: 42409 | F79: MÍNIMA CUANTÍA | G79: MÍNIMA CUANTÍA | H79: ANDINA - BOGOTA D.C. | I79: REGIONAL ANDINA - NIVEL CENTRAL | J79: Contratar el suministro de materiales ferro eléctricos para atender los requerimientos que en materia de mantenimiento locativo presente la sede del nivel central y las sedes y PCM pertenecientes a la Regional Andina de la UNIDAD ADMINISTRATIVA ESPECIAL DE MIGRACIÓN COLOMBIA | K79: 111 | L79: 391217 - 391213 - 311628 | M79: Ferretería eléctrica y suministro | N79: 18000000 | O79: 16616 | P79: A-2-04-4-23 | Q79: CELEBRADO | R79: EN EJECUCIÓN | V79: 10 | W79: 42423 | X79: 42423 | Y79: =X79-W79 -> 0 | Z79: SUMINISTRO | AA79: SUMINISTRO DE MATERIALES | AB79: CUNDINAMARCA | AC79: BOGOTÁ D.C. | AD79: WILLIAM ALFONSO LAGUNA VARGAS | AE79: 79338886 | AG79: 46516 | AH79: 42423 | AI79: CORRIENTE | AJ79: 511066490 | AK79: BANCO DE BOGOTÁ | AL79: 1800000 | AM79: 18000000 | AO79: =+AM79+AN79 -> 18000000 | AP79: NO REQUIERE | AQ79: NA | AR79: NA | AS79: NA | AT79: NA | AW79: =AV79-AU79 -> 0 | AZ79: =LOOKUP(AY79,'[2]SUPERVISIONES 2015'!$A$3:$B$1279,'[2]SUPERVISIONES 2015'!$B$3:$B$1279) -> #N/A | BT79: =+AN79 -> 0 | BU79: =+BD79+BJ79+BP79+BT79 -> 0 | BV79: =+AO79+BU79 -> 18000000 | CM79: =+IF(BX79>AV79,IF(CC79>BX79,IF(CH79>CC79,CH79,CC79),BX79),AV79) -> 0 | CQ79: =+SUMIFS(#REF!,#REF!,AG79) -> #REF! | CR79: =+SUMIFS(#REF!,#REF!,BB79)+SUMIFS(#REF!,#REF!,BH79)+SUMIFS(#REF!,#REF!,BN79) -> #REF! | CS79: =+(CQ79+CR79)/BV79 -> #REF! | CU79: =+R79 -> EN EJECUCIÓN | CW79: =+AU79 -> 0 | CX79: =+CM79 -> 0 | CY79: =+CX79-CW79 -> 0 | CZ79: =+$DB$1-CW79 -> 42277 | DA79: =+IF(CZ79>=CY79,100,(CZ79/CY79)*100) -> 100 | DC79: =+DA79 -> 100 | DD79: =+CS79 -> #REF!
A80: =V80 -> 9 | B80: CAROLINA | C80: 2016623140500046E | D80: 9 | E80: 42408 | F80: MÍNIMA CUANTÍA | G80: MÍNIMA CUANTÍA | H80: NIVEL CENTRAL | I80: OFICINA DE TECNOLOGÍA | J80: Contratar el servicio de mantenimiento preventivo y correctivo con suministro de repuestos y baterías para las UPS marcas POWERSUN, APC, TRIPP LITE y MITSUBICHI, asignadas a las Regionales y Puntos de Control Migratorio de la Entidad, de conformidad con las especificaciones técnicas de la Unidad Administrativa Especial Migración Colombia | K80: 21 | L80: 391210 721515 811017 | M80: Equipos para distribución y conversión de alimentación Servicios de Sistemas Electrónicos Ingeniería eléctrica y electrónica | N80: 13428740 | O80: 19316 | P80: C-223-1002-1 | Q80: CELEBRADO | R80: EN EJECUCIÓN | V80: 9 | W80: 42424 | X80: 42424 | Y80: =X80-W80 -> 0 | Z80: PRESTACIÓN DE SERVICIO | AA80: MANTENIMIENTO UPS | AB80: REGIONALES ANDINA, CARIBE, ANTIOQUIA Y ORIENTE | AC80: Bogotá, Cartagena, Medellín y Cúcuta | AD80: POWERSUN SAS | AE80: 900098348 | AF80: 3 | AG80: 46816 | AH80: 42424 | AI80: CORRIENTE | AJ80: 21927853649 | AK80: BANCOLOMBIA | AM80: 7308000 | AO80: =+AM80+AN80 -> 7308000 | AQ80: NA | AR80: NA | AS80: NA | AT80: NA | AU80: 42425 | AV80: 42735 | AW80: =AV80-AU80 -> 310 | AY80: NESTOR HERNANDO MONTENEGRO | AZ80: =LOOKUP(AY80,'SUPERVISIONES 2015'!$A$3:$B$1279,'SUPERVISIONES 2015'!$B$3:$B$1279) -> 79989053 | BA80: Desembolsos mensuales de conformidad con los suministros de combustible efectivamente realizados en el mes anterior. | BT80: =+AN80 -> 0 | BU80: =+BD80+BJ80+BP80+BT80 -> 0 | BV80: =+AO80+BU80 -> 7308000 | DC80: =+DA80 -> 0 | DD80: =+CS80 -> 0
A81: =V81 -> 11 | B81: ALEJANDRA | C81: 2016623141100005E | D81: 10 | E81: 42412 | F81: MÍNIMA CUANTÍA | G81: MÍNIMA CUANTÍA | H81: SAN ANDRES | I81: SAN ANDRES | J81: Contratar el mantenimiento de los Pozos o Registros sanitarios, el lavado de tanques para el almacenamiento de agua de uso doméstico (cisternas), limpieza de trampas de grasas y pozos sépticos, sumideros de aguas residuales o pluviales, al igual que el mantenimiento preventivo de las Motobombas con suministro de repuestos y accesorios necesarios para el correcto funcionamiento de las Motobombas de presión y eyector, de la Regional San Andres, pertenecientes a la Unidad Administrativa Especial Migración Colombia | K81: 181 | L81: 40151510-40151511-72101507 | M81: bombas de agua, bombas para pozos y servicio de mantenimiento de edificios | N81: 8000000 | O81: 18816 | P81: A-2-0-4-5-1 | Q81: CELEBRADO | R81: EJECUCION | V81: 11 | W81: 42432 | X81: 42432 | Y81: =X81-W81 -> 0 | Z81: MANTENIMIENTO | AA81: MANTENIMIENTO | AB81: SAN ANDRES | AC81: SAN ANDRES | AD81: SERVICIOS INTEGRALES EN SISTEMAS DE TELECOMUNICACIONES Y ELECTRICIDAD SISTEL S.A.S, | AE81: 900408459 | AF81: 4 | AG81: 18816 | AH81: 42403 | AI81: AHORROS | AJ81: 266000223930 | AK81: DAVIVIENDA S.A | AM81: 6850000 | AO81: 20000000 | AP81: NO REQUIERE | AQ81: NA | AR81: NA | AS81: NA | AT81: NA | AU81: 42432 | AV81: 42735 | AW81: =AV81-AU81 -> 303 | AY81: TAMARA CABEZA | AZ81: 40988421 | BA81: De conformidad con los servicios de mantenimiento preventivo y correctivo efectivamente realizados, acorde con el cronograma previsto para la ejecución de los mismos. Pagos cada 4 meses, cada uno por el valor del mantenimiento realizado. | BU81: =+BD81+BJ81+BP81+BT81 -> 0 | BV81: =+AO81+BU81 -> 20000000 | CM81: 42735
A82: =V82 -> DESIERTO | B82: CLAUDIA A. | C82: 2016623140500061E | D82: 11 | E82: 42412 | F82: MÍNIMA CUANTÍA | G82: MÍNIMA CUANTÍA | H82: AMAZONAS | I82: REGIONAL AMAZONAS | J82: Contratar el mantenimiento preventivo y correctivo a todo costo de un (01) pozo artesiano subterráneo y sistema de succión, almacenamiento y distribución de agua de uso doméstico, al igual que el mantenimiento preventivo y correctivo de la electrobomba con suministro de repuestos y accesorios necesarios para el correcto funcionamiento del sistema de extracción y distribución de agua en la sede de la Regional Amazonas, perteneciente a la Unidad Administrativa Especial Migración Colombia. | K82: 174 | L82: 401515 | M82: Componentes y equipos para distribución y sistema de acondicionamiento | N82: 5000000 | O82: 18716 | P82: A-2-0-4-5-1 | Q82: DESIERTO | R82: DESIERTO | V82: DESIERTO | Y82: =X82-W82 -> 0 | AD82: DESIERTO
A83: =V83 -> DESIERTO | B83: CAROLINA | C83: 2016623141100001E | D83: 12 | E83: 42424 | F83: MÍNIMA CUANTÍA | G83: MÍNIMA CUANTÍA | H83: ANTIOQUIA | I83: CFSM BAHÍA SOLANO | J83: Contratar el suministro de combustibles (Gasolina Corriente y ACPM diésel corriente) para el parque automotor y la planta eléctrica asignados al Puesto de Control Migratorio de Bahía Solano, perteneciente a la Regional Antioquia de la Unidad Administrativa Especial Migración Colombia. | K83: 84 | L83: 15101505 15101506 | M83: Disel Gasolina Corriente | N83: 2900000 | O83: 18116 | P83: A-2-0-4-4-1 | Q83: DESIERTO | R83: DESIERTO | V83: DESIERTO | Y83: =X83-W83 -> 0 | Z83: SUMINISTRO | AA83: COMBUSTIBLES | AB83: REGIONAL ANTIOQUIA | AC83: Bahía Solano | AD83: DESIERTO | AO83: =+AM83+AN83 -> 0 | AP83: NO REQUIERE | AQ83: NA | AR83: NA | AS83: NA | AT83: NA | AV83: 42735 | AW83: =AV83-AU83 -> 42735 | AZ83: =LOOKUP(AY83,'SUPERVISIONES 2015'!$A$3:$B$1279,'SUPERVISIONES 2015'!$B$3:$B$1279) -> #N/A | BA83: MIGRACION COLOMBIA pagará al CONTRATISTA el valor del contrato en desembolsos mensuales de conformidad con los vales canjeables por combustible emitidos mensualmente | BT83: =+AN83 -> 0 | BU83: =+BD83+BJ83+BP83+BT83 -> 0 | BV83: =+AO83+BU83 -> 0 | DC83: =+DA83 -> 0 | DD83: =+CS83 -> 0
A84: =V84 -> DESIERTO | B84: CAROLINA | C84: 2016623141100002E | D84: 13 | E84: 42425 | F84: MÍNIMA CUANTÍA | G84: MÍNIMA CUANTÍA | H84: REGIONAL ORINOQUÍA | I84: CFSM ARAUCA | J84: Contratar el suministro de combustibles (Gasolina Corriente y ACPM diésel corriente) para el parque automotor y las plantas eléctricas asignados a la Regional Orinoquia de la Unidad Administrativa Especial Migración Colombia, en las Sedes localizadas en la Carrera 21 No.17-73 de la Ciudad de Arauca y Puesto de Control Migratorio Terrestre José Antonio Páez de Arauca. | K84: 81 | L84: 15101505 15101506 | M84: Disel Gasolina Corriente | N84: 2800000 | O84: 18016 | P84: A-2-0-4-4-1 | Q84: DESIERTO | R84: DESIERTO | V84: DESIERTO | Y84: =X84-W84 -> 0 | Z84: SUMINISTRO | AA84: COMBUSTIBLES | AB84: REGIONAL ORINOQUIA | AC84: Arauca - PCMT José Antonio Paez | AD84: DESIERTO | AO84: =+AM84+AN84 -> 0 | AP84: NO REQUIERE | AQ84: NA | AR84: NA | AS84: NA | AT84: NA | AW84: =AV84-AU84 -> 0 | AY84: MIGUEL ANGEL LUNA CASTRO | AZ84: =LOOKUP(AY84,'SUPERVISIONES 2015'!$A$3:$B$1279,'SUPERVISIONES 2015'!$B$3:$B$1279) -> 17586972 | BA84: MIGRACION COLOMBIA pagará al CONTRATISTA el valor del contrato en desembolsos mensuales de conformidad con los suministros de combustible efectivamente realizados en el mes anterior. | BT84: =+AN84 -> 0 | BU84: =+BD84+BJ84+BP84+BT84 -> 0 | BV84: =+AO84+BU84 -> 0 | DC84: =+DA84 -> 0 | DD84: =+CS84 -> 0
A85: =V85 -> 12 | B85: MA JIMENA | C85: 2016623140500088E | D85: 014 | E85: 42447 | F85: MÍNIMA CUANTÍA | G85: MÍNIMA CUANTÍA | H85: BOGOTÁ D.C | I85: OFICINA DE TECNOLOGÍA | J85: CONTRATAR EL SERVICIOS DE MANTENIMIENTO PREVENTIVO Y CORRECTIVO PARA LOS EQUIPOS DE GRAFOLOGÍA ESTÉREO MICROSCOPIOS A NIVEL NACIONAL, CON BOLSA DE REPUESTOS.- | K85: 29 | L85: 46151708 - 46151712 - 46151715 - 81101706 - 81101713 - 72151704 | M85: Mantenimiento de equipos de laboratorio | N85: 26482500 | O85: 25616 | P85: : C-223-1002-1 | Q85: CELEBRADO | R85: EN EJECUCIÓN | V85: 12 | W85: 42473 | X85: 42474 | Y85: =X85-W85 -> 1 | Z85: MANTENIMIENTO | AA85: MANTENIMIENTO DE EQUIPOS DE GRAFOLOGIA | AB85: CUNDINAMARCA | AC85: BOGOTÁ D.C. | AD85: SANITAS S.A | AE85: 860000648 | AF85: 2 | AG85: 81116 | AH85: 42473 | AI85: AHORROS | AJ85: 20080287026 | AK85: BANCOLOMBIA S.A | AM85: 17711577 | AO85: =+AM85+AN85 -> 17711577 | AP85: NO REQUIERE | AQ85: NA | AR85: NA | AS85: NA | AT85: NA | AU85: 42474 | AV85: 42735 | AW85: =AV85-AU85 -> 261 | AY85: ELVIS LEONARDO SIERRA JIMENEZ | AZ85: 79787263 | BA85: La Unidad Administrativa Especial Migración Colombia pagará al contratista el valor del contrato en tres (3) desembolsos así: • Un primer pago con corte al 31 de julio de 2016, correspondiente al 50% del valor de los mantenimientos, una vez realizado el primer mantenimiento preventivo a la totalidad de los equipos objeto del contrato y correctivos a que haya habido lugar. • Un segundo pago con corte al 31 de octubre de 2016, correspondiente al 25% del valor de los mantenimientos, una vez realizado los mantenimientos correctivos a que haya habido lugar. • Un tercero y último pago con corte al 31 de diciembre de 2016, equivalente al 25% restante del valor de los mantenimientos, una vez realizado el segundo mantenimiento preventivo a la totalidad de los equipos objeto de este contrato y los mantenimientos correctivos a que haya habido lugar. En cuanto al monto para la bolsa de repuestos se pagará al CONTRATISTA el valor de cada repuesto que el contratista utilice para la reparación de los equipos de grafología, el costo de cada repuesto se descontará del valor destinado para la bolsa de repuestos y deberá ser facturado por el contratista y avalado por el supervisor del contrato, al final del mismo. | BU85: =+BD85+BJ85+BP85+BT85 -> 0 | BV85: =+AO85+BU85 -> 17711577
A86: =V86 -> 13 | B86: CAROLINA | C86: 2016623140700012E | D86: 16 | E86: 42458 | F86: MÍNIMA CUANTÍA | G86: MÍNIMA CUANTÍA | H86: REGIONAL ORINOQUÍA | I86: CFSM ARAUCA | J86: Contratar el suministro de combustibles (Gasolina Corriente y ACPM diésel corriente) para el parque automotor y las plantas eléctricas asignados a la Regional Orinoquia de la Unidad Administrativa Especial Migración Colombia, en las Sedes localizadas en la Carrera 21 No.17-73 de la Ciudad de Arauca y Puesto de Control Migratorio Terrestre José Antonio Páez de Arauca. | K86: 81 | L86: 15101505 15101506 | M86: Disel Gasolina Corriente | N86: 2800000 | O86: 18016 | P86: A-2-0-4-4-1 | Q86: CELEBRADO | R86: EN EJECUCIÓN | V86: 13 | W86: 42475 | X86: 42478 | Y86: =X86-W86 -> 3 | Z86: SUMINISTRO | AA86: COMBUSTIBLES | AB86: REGIONAL ORINOQUIA | AC86: Arauca - PCMT José Antonio Paez | AD86: LUIS DOMINGUEZ CANTOR / ESTACIÓN TODO SERVICIOS | AE86: 8669570 | AG86: 82516 | AH86: 42475 | AI86: CORRIENTE | AJ86: 137185609 | AK86: BANCO DE BOGOTÁ S.A. | AM86: 2800000 | AO86: =+AM86+AN86 -> 2800000 | AP86: NO REQUIERE | AQ86: NA | AR86: NA | AS86: NA | AT86: NA | AU86: 42479 | AV86: 42643 | AW86: =AV86-AU86 -> 164 | AY86: MIGUEL ANGEL LUNA CASTRO | AZ86: =LOOKUP(AY86,'[3]SUPERVISIONES 2015'!$A$3:$B$1279,'[3]SUPERVISIONES 2015'!$B$3:$B$1279) -> 17586972 | BA86: MIGRACION COLOMBIA pagará al CONTRATISTA el valor del contrato en desembolsos mensuales de conformidad con los suministros de combustible efectivamente realizados en el mes anterior. | BT86: =+AN86 -> 0 | BU86: =+BD86+BJ86+BP86+BT86 -> 0 | BV86: =+AO86+BU86 -> 2800000
A87: =V87 -> DESIERTO | B87: CAROLINA | C87: 2016623140700011E | D87: 17 | E87: 42458 | F87: MÍNIMA CUANTÍA | G87: MÍNIMA CUANTÍA | H87: ANTIOQUIA | I87: CFSM BAHÍA SOLANO | J87: Contratar el suministro de combustibles (Gasolina Corriente y ACPM diésel corriente) para el parque automotor y la planta eléctrica asignados al Puesto de Control Migratorio de Bahía Solano, perteneciente a la Regional Antioquia de la Unidad Administrativa Especial Migración Colombia. | K87: 84 | L87: 15101505 15101506 | M87: Disel Gasolina Corriente | N87: 2900000 | O87: 18116 | P87: A-2-0-4-4-1 | Q87: DESIERTO | R87: DESIERTO | V87: DESIERTO | Y87: =X87-W87 -> 0 | Z87: SUMINISTRO | AA87: COMBUSTIBLES | AB87: REGIONAL ANTIOQUIA | AC87: Bahía Solano | AD87: DESIERTO | AO87: =+AM87+AN87 -> 0 | AP87: NO REQUIERE | AQ87: NA | AR87: NA | AS87: NA | AT87: NA | AV87: 42735 | AW87: =AV87-AU87 -> 42735 | AZ87: =LOOKUP(AY87,'SUPERVISIONES 2015'!$A$3:$B$1279,'SUPERVISIONES 2015'!$B$3:$B$1279) -> #N/A | BA87: MIGRACION COLOMBIA pagará al CONTRATISTA el valor del contrato en desembolsos mensuales de conformidad con los vales canjeables por combustible emitidos mensualmente | BT87: =+AN87 -> 0 | BU87: =+BD87+BJ87+BP87+BT87 -> 0 | BV87: =+AO87+BU87 -> 0
